Workbook
Name A: #REF!
Name A: #REF!
Name ARIAL: #REF!
Name ARIAL: #REF!
Name AUX_T: #REF!
Name AUX_T: #REF!
Name CeldaCodigoDestino: "'[GENERADOR DE APUS PRUEBA.xlsm]M-100'!$C$9!M-100"
Name FI: #REF!
Name FI: #REF!
Name I: #REF!
Name I: #REF!
Name M_INCREMENTO: #REF!
Name M_INCREMENTO: #REF!
Name RangoEquipo: OFFSET(#REF!,1,0,COUNTIF(#REF!,"?*"))
Name RangoMat: OFFSET(#REF!,1,0,COUNTIF(#REF!,"?*"))
Name RangoMO: OFFSET(#REF!,1,0,COUNTIF(#REF!,"?*"))
Name SMMLV: #REF!
Name SMMLV: #REF!
Name tadministracion: #REF!
Name timprevistos: #REF!
Name TITULO1: #REF!
Name TITULO2: #REF!
Name TITULO3: #REF!
Name TITULO4: #REF!
Name TITULO6: #REF!
Name TITULO7: #REF!
Name TITULO8: #REF!
Name TITULO9: #REF!
Name tutilidad: #REF!
Name U: #REF!
Name U: #REF!

Sheet PRESUPUESTO DE OBRA
E6: VERSIÓN | F6: PRELIMINAR
B7: FECHA: SEPT 2026
B8: NOMBRE DEL PROYECTO: MANTENIMIENTO Y RESTAURACIÓN FACHADAS Y REFORMA BLOQUE 13, 14 Y ZONAS VERDES ALEDAÑAS CAMPUS VALLE DEL LILI
B9: OBJETO PROYECTO: CONTRATO A TODO COSTO PARA LA REPARACIÓN, MANTENIMIENTO Y RESTAURACIÓN DE LAS FACHADAS Y REFORMA DEL BLOQUE 13 (COLISEO), BLOQUE 14 (CENTRO CULTURAL) Y ADECUACIÓN ZONAS VERDE CONJUNTA, DE LA UNIVERSIDAD LIBRE - SECCIONAL CALI | L9: LISTADO DE CAPITULOS
L10: CAPITULOS | M10: No. ACTIVIDADES
B12: PRESUPUESTO DE OBRA
B13: 1. PRELIMINARES
B14: Código | C14: Descripción | D14: U.M. | E14: Vr. Unitario | F14: Cantidad | G14: Vr. Parcial
B15: ='1.01'!$C$9 -> 1.01 | C15: ='1.01'!$C$10 -> CAMPAMENTO. ALQUILER DE CONTENEDOR PARA ALMACEN. | D15: ='1.01'!$C$11 -> MES | E15: ='1.01'!$G$38 -> 0 | F15: ='M-1.01'!$H$23 -> 6 | G15: =$F$15*$E$15 -> 0
B16: ='1.02'!$C$9 -> 1.02 | C16: ='1.02'!$C$10 -> SUMINISTRO Y OPERACIÓN DE SISTEMA Y EQUIPOS CERTIFICADOS PARA TRABAJO EN ALTURAS, INCLUYE ANDAMIOS MULTIDIRECCIONALES, ANDAMIOS COLGANTES, ARNÉS Y SISTEMA DE PROTECCIÓN CONTRA CAÍDAS. | D16: ='1.02'!$C$11 -> MES | E16: ='1.02'!$G$39 -> 0 | F16: ='M-1.02'!$H$32 -> 6 | G16: =$F$16*$E$16 -> 0
B17: ='1.03'!$C$9 -> 1.03 | C17: ='1.03'!$C$10 -> SUMINISTRO E INSTALACIÓN DE SISTEMA DE LÍNEA DE VIDA HORIZONTAL TEMPORAL PARA TRABAJO SEGURO EN CUBIERTA DE COLISEO | D17: ='1.03'!$C$11 -> ML | E17: ='1.03'!$G$41 -> 0 | F17: ='M-1.03'!$H$22 -> 36 | G17: =$F$17*$E$17 -> 0
B18: ='1.04'!$C$9 -> 1.04 | C18: ='1.04'!$C$10 -> LIMPIEZA GENERAL DE OBRA | D18: ='1.04'!$C$11 -> M2 | E18: ='1.04'!$G$38 -> 0 | F18: ='M-1.04'!$H$22 -> 2924 | G18: =$F$18*$E$18 -> 0
B19: ='1.05'!$C$9 -> 1.05 | C19: ='1.05'!$C$10 -> LOCALIZACIÓN Y REPLANTEO PARQUES Y ZONAS VERDES | D19: ='1.05'!$C$11 -> M2 | E19: ='1.05'!$G$44 -> 0 | F19: ='M-1.05'!$H$22 -> 1723.83 | G19: =$F$19*$E$19 -> 0
B20: ='1.06'!$C$9 -> 1.06 | C20: ='1.06'!$C$10 -> CERRAMIENTO PROVISIONAL EN POLIPROPILENO VERDE H= 2.10 M. INCLUYE MANTENIMIENTO DURANTE TODO EL PERIODO DE LA OBRA. | D20: ='1.06'!$C$11 -> ML | E20: ='1.06'!$G$42 -> 0 | F20: ='M-1.06'!$H$25 -> 210 | G20: =$F$20*$E$20 -> 0
B21: SUBTOTAL PRELIMINARES | G21: =SUM($G$15:$G$20) -> 0
B22: 2. RETIROS Y DEMOLICIONES
B23: Código | C23: Descripción | D23: U.M. | E23: Vr. Unitario | F23: Cantidad | G23: Vr. Parcial
B24: ='2.01'!$C$9 -> 2.01 | C24: ='2.01'!$C$10 -> DEMOLICIONES DE REPELLO Y PINUTRA EXISTENTE EN FACHADAS. LIMPIEZA DE LA SUPERFICIE HASTA QUEDAR APTA PARA APLICAR REPELLO NUEVO. | D24: ='2.01'!$C$11 -> M2 | E24: ='2.01'!$G$39 -> 0 | F24: ='M-2.01'!$H$23 -> 1650 | G24: =$F$24*$E$24 -> 0
B25: ='2.02'!$C$9 -> 2.02 | C25: ='2.02'!$C$10 -> RETIRO DE ESCOMBROS INCLUYE ACARREO INTERNO, CARGUE MANUAL, Y DISPOSICIÓN FINAL A 25KM A PUNTO AMBIENTAL AUTORIZADO. VOLUMEN SUELTO MEDIDO EN VOLQUETA | D25: ='2.02'!$C$11 -> M3 | E25: ='2.02'!$G$39 -> 0 | F25: ='M-2.02'!$H$24 -> 89.1 | G25: =$F$25*$E$25 -> 0
B26: ='2.03'!$C$9 -> 2.03 | C26: ='2.03'!$C$10 -> DEMOLICIÓN DE MUROS PARA INSTALACIÓN DE VENTANAS Y BLOQUES CALADOS EN FACHADA EN BLOQUE 13 | D26: ='2.03'!$C$11 -> M2 | E26: ='2.03'!$G$38 -> 0 | F26: ='M-2.03'!$H$32 -> 298.98 | G26: =$F$26*$E$26 -> 0
B27: ='2.04'!$C$9 -> 2.04 | C27: ='2.04'!$C$10 -> DESMONTE BARANDA TUBULAR | D27: ='2.04'!$C$11 -> ML | E27: ='2.04'!$G$40 -> 0 | F27: ='M-2.04'!$H$22 -> 30 | G27: =$F$27*$E$27 -> 0
B28: ='2.05'!$C$9 -> 2.05 | C28: ='2.05'!$C$10 -> EXCAVACIÓN MANUAL HASTA NIVEL DE SUBRASANTE, INCLUYE CARGUE EN VOLQUETA | D28: ='2.05'!$C$11 -> M3 | E28: ='2.05'!$G$39 -> 0 | F28: ='M-2.05'!$H$21 -> 131.4 | G28: =$F$28*$E$28 -> 0
B29: ='2.06'!$C$9 -> 2.06 | C29: ='2.06'!$C$10 -> RELLENO CON MATERIAL IMPORTADO TIPO ROCA MUERTA, INCLUYE TRANSPORTE HASTA LA OBRA, COMPACTACIÓN MECÁNICA. | D29: ='2.06'!$C$11 -> M3 | E29: ='2.06'!$G$40 -> 0 | F29: ='M-2.06'!$H$22 -> 35.21 | G29: =$F$29*$E$29 -> 0
B30: ='2.07'!$C$9 -> 2.07 | C30: ='2.07'!$C$10 -> DEMOLICIÓN DE PISOS Y DE PISO EN GRANITO NATURAL PARA EXTERIOR EN ÁREA DE BLOQUE 14 | D30: ='2.07'!$C$11 -> M2 | E30: ='2.07'!$G$39 -> 0 | F30: ='M-2.07'!$H$21 -> 160 | G30: =$F$30*$E$30 -> 0
B31: SUBTOTAL RETIROS Y DEMOLICIONES | G31: =SUM($G$24:$G$30) -> 0
B32: 3. REPELLOS E IMPERMEABILIZACIONES
B33: Código | C33: Descripción | D33: U.M. | E33: Vr. Unitario | F33: Cantidad | G33: Vr. Parcial
B34: ='3.01'!$C$9 -> 3.01 | C34: ='3.01'!$C$10 -> SUMINISTRO E INSTALACIÓN DE IMPERMEBIALIZACIÓN CON LECHADA DE CEMENTO CON SIKALATEX O SIMILAR | D34: ='3.01'!$C$11 -> M2 | E34: ='3.01'!$G$39 -> 0 | F34: ='M-3.01'!$H$31 -> 240 | G34: =$F$34*$E$34 -> 0
B35: ='3.02'!$C$9 -> 3.02 | C35: ='3.02'!$C$10 -> SUMINISTRO E INSTALACIÓN DE REPELLO. INCLUYE MORTERO 1:3 IMPERMEABLIZADO CON TOXEMENT 1A O SIMILAR | D35: ='3.02'!$C$11 -> M2 | E35: ='3.02'!$G$39 -> 0 | F35: ='M-3.02'!$H$32 -> 1914 | G35: =$F$35*$E$35 -> 0
B36: ='3.03'!$C$9 -> 3.03 | C36: ='3.03'!$C$10 -> SUMINISTRO E INSTALACIÓN DE REPELLO PARA CARTERAS. INCLUYE MORTERO 1:3 IMPERMEABLIZADO CON TOXEMENT 1A O SIMILAR | D36: ='3.03'!$C$11 -> ML | E36: ='3.03'!$G$39 -> 0 | F36: ='M-3.03'!$H$27 -> 92 | G36: =$F$36*$E$36 -> 0
B37: SUBTOTAL REPELLOS E IMPERMEABILIZACIONES | G37: =SUM($G$34:$G$36) -> 0
B38: 4. ACABADOS DE FACHADA
B39: Código | C39: Descripción | D39: U.M. | E39: Vr. Unitario | F39: Cantidad | G39: Vr. Parcial
B40: ='4.01'!$C$9 -> 4.01 | C40: ='4.01'!$C$10 -> SUMINISTRO Y APLICACION GRANIPLAST ALTA CALIDAD COLOR BLANCO Y GRIS | D40: ='4.01'!$C$11 -> M2 | E40: ='4.01'!$G$38 -> 0 | F40: ='M-4.01'!$H$22 -> 1950 | G40: =$F$40*$E$40 -> 0
B41: ='4.02'!$C$9 -> 4.02 | C41: ='4.02'!$C$10 -> SUMINISTRO Y APLICACION GRANIPLAST ALTA CALIDAD PARA CARTERAS COLOR BLANCO Y GRIS | D41: ='4.02'!$C$11 -> ML | E41: ='4.02'!$G$38 -> 0 | F41: ='M-4.02'!$H$27 -> 64 | G41: =$F$41*$E$41 -> 0
B42: ='4.03'!$C$9 -> 4.03 | C42: ='4.03'!$C$10 -> DILATACIONES EN FACHADA PARA LOSAS DE ENTREPISO, VIGAS Y COLUMNAS | D42: ='4.03'!$C$11 -> ML | E42: ='4.03'!$G$39 -> 0 | F42: ='M-4.03'!$H$22 -> 420 | G42: =$F$42*$E$42 -> 0
B43: ='4.04'!$C$9 -> 4.04 | C43: ='4.04'!$C$10 -> RECONSTRUCCIÓN DE ZÓCALO O MEDICA CAÑA EN FACHADAS CON MORTERO Y SIKALATEX O SMILIAR | D43: ='4.04'!$C$11 -> ML | E43: ='4.04'!$G$39 -> 0 | F43: ='M-4.04'!$H$27 -> 1190 | G43: =$F$43*$E$43 -> 0
B44: ='4.05'!$C$9 -> 4.05 | C44: ='4.05'!$C$10 -> SUMINISTRO E INSTALACIÓN DE BLOQUES CALADOS EN FACHADA BLOQUE 13 PARA VENTILACIÓN | D44: ='4.05'!$C$11 -> M2 | E44: ='4.05'!$G$40 -> 0 | F44: ='M-4.05'!$H$25 -> 180 | G44: =$F$44*$E$44 -> 0
B45: ='4.06'!$C$9 -> 4.06 | C45: ='4.06'!$C$10 -> SUMINISTRO Y PINTURA TIPO CORAZA BLANCA PARA CALADOS EN FACHADA. INCLUYE LIMPIEZA DE LOS ELEMENTOS Y DOS MANOS DE PINUTRA. | D45: ='4.06'!$C$11 -> M2 | E45: ='4.06'!$G$39 -> 0 | F45: ='M-4.06'!$H$24 -> 153 | G45: =$F$45*$E$45 -> 0
B46: ='4.07'!$C$9 -> 4.07 | C46: ='4.07'!$C$10 -> SUMINISTRO E INSTALACIÓN DE BLOQUES EN FACHADA BLOQUE 14 PARA CERRAR PUERTAS DE ACCESO. | D46: ='4.07'!$C$11 -> M2 | E46: ='4.07'!$G$40 -> 0 | F46: ='M-4.07'!$H$23 -> 2.6 | G46: =$F$46*$E$46 -> 0
B47: ='4.08'!$C$9 -> 4.08 | C47: ='4.08'!$C$10 -> CANALIZACIÓN DE CABLEADO SISTEMA DE VIDEO VIGILANCIA. SUMINISTRO EN INSTALACIÓN DE DUCTERIA CONDUIT 1/2", RANURA MURO O VIGA, REPARACIÓN. | D47: ='4.08'!$C$11 -> ML | E47: ='4.08'!$G$39 -> 0 | F47: ='M-4.08'!$H$22 -> 36 | G47: =$F$47*$E$47 -> 0
B48: SUBTOTAL ACABADOS DE FACHADA | G48: =SUM($G$40:$G$47) -> 0
B49: 5. CUBIERTA
B50: Código | C50: Descripción | D50: U.M. | E50: Vr. Unitario | F50: Cantidad | G50: Vr. Parcial
B51: ='5.01'!$C$9 -> 5.01 | C51: ='5.01'!$C$10 -> SUMINISTRO E INSTLACIÓN DE ALFAJÍAS EN ALUMINIO DE 26cm DE ANCHO COLOR NATURAL CALIBRE 16, CON GOTERO Y PUNTOS DE ANCLAJE. | D51: ='5.01'!$C$11 -> ML | E51: ='5.01'!$G$41 -> 0 | F51: ='M-5.01'!$H$27 -> 260 | G51: =$F$51*$E$51 -> 0
B52: ='5.02'!$C$9 -> 5.02 | C52: ='5.02'!$C$10 -> SUMINISTRO E INSTALACIÓN DE PINTURA CON ALUMINIO BITUMINOSO A DOS MANOS PARA IMPERMEABILIZACIÓN DE TERRAZA. INCLUYE LIMPIEZA DE LA SUPERFICIE | D52: ='5.02'!$C$11 -> M2 | E52: ='5.02'!$G$40 -> 0 | F52: ='M-5.02'!$H$22 -> 1062 | G52: =$F$52*$E$52 -> 0
B53: ='5.03'!$C$9 -> 5.03 | C53: ='5.03'!$C$10 -> DESMONTAJE Y REINSTALACIÓN DEL SISTEMA DE PROTECCIÓN CONTRA RAYOS (PARARRAYOS), INCLUYENDO CABLES, VARILLAS, SOPORTES Y ACCESORIOS EXISTENTES, ASÍ COMO EL SUMINISTRO E INSTALACIÓN DE NUEVOS SOPORTES PLÁSTICOS PARA SU FIJACIÓN EN TERRAZA. | D53: ='5.03'!$C$11 -> GB | E53: ='5.03'!$G$39 -> 0 | F53: ='M-5.03'!$H$21 -> 2 | G53: =$F$53*$E$53 -> 0
B54: ='5.04'!$C$9 -> 5.04 | C54: ='5.04'!$C$10 -> MANTENIMIENTO CORRECTIVO DE CUBIERTA metálicas del tipoTechmet, INCLUYE REPARACIÓN Y SELLADO DE PUNTOS DE FILTRACIÓN | D54: ='5.04'!$C$11 -> M2 | E54: ='5.04'!$G$41 -> 0 | F54: ='M-5.04'!$H$21 -> 1052.53 | G54: =$F$54*$E$54 -> 0
B55: ='5.05'!$C$9 -> 5.05 | C55: ='5.05'!$C$10 -> SUMINISTRO E INSTALACIÓN DE TUBERIA PARA BAJANTES EN BLOQUE 14 | D55: ='5.05'!$C$11 -> UND | E55: ='5.05'!$G$41 -> 0 | F55: ='M-5.05'!$H$21 -> 4 | G55: =$F$55*$E$55 -> 0
B56: ='5.06'!$C$9 -> 5.06 | C56: ='5.06'!$C$10 -> MANTENIMIENTO DE ELEMENTOS METALICOS Y LIMPIEZA DE LA CUBIERTA PARASOL CONJUNTO A PISCINA | D56: ='5.06'!$C$11 -> GB | E56: ='5.06'!$G$40 -> 0 | F56: ='M-5.06'!$H$19 -> 1 | G56: =$F$56*$E$56 -> 0
B57: SUBTOTAL CUBIERTA | G57: =SUM($G$51:$G$56) -> 0
B58: 6. CIMENTACIÓN, ESTRUCTURA MÉTALICA Y ENTREPISO
B59: Código | C59: Descripción | D59: U.M. | E59: Vr. Unitario | F59: Cantidad | G59: Vr. Parcial
B60: ='6.01'!$C$9 -> 6.01 | C60: ='6.01'!$C$10 -> EXCAVACIÓN MANUAL PARA ZAPATAS NUEVAS SOBRE ZAPATAS EXISTENTES, INCLUYE RETIRO DE MATERIAL | D60: ='6.01'!$C$11 -> M3 | E60: ='6.01'!$G$38 -> 0 | F60: ='M-6.01'!$H$20 -> 27 | G60: =$F$60*$E$60 -> 0
B61: ='6.02'!$C$9 -> 6.02 | C61: ='6.02'!$C$10 -> ABUJARDADO ZAPATAS EXISTENTES PARA ADHESION CONCRETOS | D61: ='6.02'!$C$11 -> M2 | E61: ='6.02'!$G$38 -> 0 | F61: ='M-6.02'!$H$20 -> 14 | G61: =$F$61*$E$61 -> 0
B62: ='6.03'!$C$9 -> 6.03 | C62: ='6.03'!$C$10 -> ANCLAJE EPOXICO CONECTORES ZAPATA VIEJA - ZAPATA NUEVA | D62: ='6.03'!$C$11 -> UND | E62: ='6.03'!$G$39 -> 0 | F62: ='M-6.03'!$H$22 -> 220 | G62: =$F$62*$E$62 -> 0
B63: ='6.04'!$C$9 -> 6.04 | C63: ='6.04'!$C$10 -> SUMINISTRO E INSTALACIÓN DE ACERO DE REFUERZO PARA REFORZAMIENTO DE ZAPATAS EXISTENTES Y PEDESTALES | D63: ='6.04'!$C$11 -> KG | E63: ='6.04'!$G$39 -> 0 | F63: ='M-6.04'!$H$22 -> 750 | G63: =$F$63*$E$63 -> 0
B64: ='6.06'!$C$9 -> 6.06 | C64: ='6.06'!$C$10 -> SUMINISTRO Y VACIADO DE CONCRETO DE 21 MPA PARA REFORZAMIENTO DE ZAPATAS EXISTENTES (SOBREZAPATAS) Y PEDESTALES | D64: ='6.06'!$C$11 -> M3 | E64: ='6.06'!$G$41 -> 0 | F64: ='M-6.06'!$H$21 -> 7.2 | G64: =$F$64*$E$64 -> 0
B65: ='6.10'!$C$9 -> 6.10 | C65: ='6.10'!$C$10 -> RELLENO Y COMPACTACIÓN DE MATERIAL SELECCIONADO EN EXCAVACIONES INTERVENIDAS | D65: ='6.10'!$C$11 -> M3 | E65: ='6.10'!$G$41 -> 0 | F65: ='M-6.10'!$H$20 -> 20 | G65: =$F$65*$E$65 -> 0
B66: ='6.11'!$C$9 -> 6.11 | C66: ='6.11'!$C$10 -> SUMINISTRO, FABRICACIÓN E INSTALACIÓN DE COLUMNAS EN PERFIL METÁLICO ESTRUCTURAL (IPE, HEB O SIMILAR SEGÚN DISEÑO), INCLUYE CORTE, SOLDADURA, PINTURA ANTICORROSIVA Y TRANSPORTE A OBRA | D66: ='6.11'!$C$11 -> KG | E66: ='6.11'!$G$47 -> 0 | F66: ='M-6.11'!$H$20 -> 3500 | G66: =$F$66*$E$66 -> 0
B67: ='6.12'!$C$9 -> 6.12 | C67: ='6.12'!$C$10 -> SUMINISTRO, FABRICACIÓN E INSTALACIÓN DE VIGAS, CORREAS METÁLICAS, INCLUYE CORTE, SOLDADURA, CONEXIONES, PLATINAS DE UNIÓN, RIGIDIZADORES Y ELEMENTOS DE EMPALME ENTRE PERFILES METÁLICOS. PINTURA ANTICORROSIVA Y TRANSPORTE A OBRA | D67: ='6.12'!$C$11 -> KG | E67: ='6.12'!$G$47 -> 0 | F67: ='M-6.12'!$H$21 -> 7000 | G67: =$F$67*$E$67 -> 0
B68: ='6.13'!$C$9 -> 6.13 | C68: ='6.13'!$C$10 -> SUMINISTRO E INSTALACIÓN DE STEEL DECK (LÁMINA COLABORANTE) + MALLA ELECTROSOLDADA SEGÚN DISEÑO ESTRUCTURAL, SUMINISTRO Y VACIADO DE CONCRETO DE 21 MPA PARA LOSA NUEVA, INCLUYE VIBRADO Y CURADO | D68: ='6.13'!$C$11 -> M2 | E68: ='6.13'!$G$49 -> 0 | F68: ='M-6.13'!$H$19 -> 110 | G68: =$F$68*$E$68 -> 0
B69: SUBTOTAL CIMENTACIÓN, ESTRUCTURA MÉTALICA Y ENTREPISO | G69: =SUM($G$60:$G$68) -> 0
B70: 7. ACABADO DE PISOS INTERNOS TORRE 13
B71: Código | C71: Descripción | D71: U.M. | E71: Vr. Unitario | F71: Cantidad | G71: Vr. Parcial
B72: ='7.01'!$C$9 -> 7.01 | C72: ='7.01'!$C$10 -> SUMINISTRO E INSTALACION PISO NEOPRENO 61X61 NEGRO AREA GIMNASIO | D72: ='7.01'!$C$11 -> M2 | E72: ='7.01'!$G$39 -> 0 | F72: ='M-7.01'!$H$19 -> 107 | G72: =$F$72*$E$72 -> 0
B73: ='7.02'!$C$9 -> 7.02 | C73: ='7.02'!$C$10 -> SUMINISTRO E INSTALACION PISO LAMINADO WATER RESIST 8 MM BREMEN CAJA 1.97 M2 HOLZTEK ZONA RECREACION ACTIVA PISO 1 | D73: ='7.02'!$C$11 -> M2 | E73: ='7.02'!$G$39 -> 0 | F73: ='M-7.02'!$H$19 -> 143.07 | G73: =$F$73*$E$73 -> 0
B74: ='7.03'!$C$9 -> 7.03 | C74: ='7.03'!$C$10 -> RECUBRIMIENTO ACRÍLICO DEPORTIVO ANTIDESLIZANTE PARA CANCHA MÚLTIPLE, BASE AGUA, CON AGREGADO MINERAL/CUARZO DE GRANULOMETRÍA CONTROLADA, MARCA PINTUCO PARA CANCHAS O SIMILAR | D74: ='7.03'!$C$11 -> M2 | E74: ='7.03'!$G$39 -> 0 | F74: ='M-7.03'!$H$19 -> 630 | G74: =$F$74*$E$74 -> 0
B75: SUBTOTAL ACABADO DE PISOS INTERNOS TORRE 13 | G75: =SUM($G$72:$G$74) -> 0
B76: 8. MUROS PINTURAS, LIVIANOS Y CIELOS INTERNOS TORRE 13
B77: Código | C77: Descripción | D77: U.M. | E77: Vr. Unitario | F77: Cantidad | G77: Vr. Parcial
B78: ='8.01'!$C$9 -> 8.01 | C78: ='8.01'!$C$10 -> PINTURA LAVABLE TIPO 1 PREMIUM PARA MUROS INTERIORES DEL COLISEO, A DOS MANOS, INCLUYE PREPARACIÓN DE SUPERFICIE | D78: ='8.01'!$C$11 -> M2 | E78: ='8.01'!$G$39 -> 0 | F78: ='M-8.01'!$H$19 -> 1400 | G78: =$F$78*$E$78 -> 0
B79: ='8.02'!$C$9 -> 8.02 | C79: ='8.02'!$C$10 -> INSTALACIÓN DE MURO EN BOARD ST 12MM DOBLE CARA, INCLUYE ESTRUCTURA, INSTALACIÓN LAMINAS, MASILLA Y PINTURA 3 MANOS VINILO TIPO 1. | D79: ='8.02'!$C$11 -> M2 | E79: ='8.02'!$G$44 -> 0 | F79: ='M-8.02'!$H$21 -> 180 | G79: =$F$79*$E$79 -> 0
B80: ='8.03'!$C$9 -> 8.03 | C80: ='8.03'!$C$10 -> INSTALACIÓN DE MURO EN BOARD ST 12MM UNA CARA, INCLUYE ESTRUCTURA, INSTALACIÓN LAMINAS, MASILLA Y PINTURA 3 MANOS VINILO TIPO 1. | D80: ='8.03'!$C$11 -> M2 | E80: ='8.03'!$G$43 -> 0 | F80: ='M-8.03'!$H$18 -> 60 | G80: =$F$80*$E$80 -> 0
B81: ='8.04'!$C$9 -> 8.04 | C81: ='8.04'!$C$10 -> APLIQUE SOBRE PARED DEKOWALL MADECENTRO | D81: ='8.04'!$C$11 -> M2 | E81: ='8.04'!$G$40 -> 0 | F81: ='M-8.04'!$H$19 -> 60 | G81: =$F$81*$E$81 -> 0
B82: ='8.05'!$C$9 -> 8.05 | C82: ='8.05'!$C$10 -> CIELO RASO PLACA SUPERBOARD 6 MM INC PINTURA | D82: ='8.05'!$C$11 -> M2 | E82: ='8.05'!$G$60 -> 0 | F82: ='M-8.05'!$H$21 -> 125 | G82: =$F$82*$E$82 -> 0
B83: ='8.06'!$C$9 -> 8.06 | C83: ='8.06'!$C$10 -> REPINTE GABINETE RED CONTRA INCENDIIOS COLOR ROJO | D83: ='8.06'!$C$11 -> UND | E83: ='8.06'!$G$42 -> 0 | F83: ='M-8.06'!$H$19 -> 1 | G83: =$F$83*$E$83 -> 0
B84: SUBTOTAL MUROS PINTURAS, LIVIANOS Y CIELOS INTERNOS TORRE 13 | G84: =SUM($G$78:$G$83) -> 0
B85: 9. CARPINTERIA ALUMINIO Y METALICA TORRE 13
B86: Código | C86: Descripción | D86: U.M. | E86: Vr. Unitario | F86: Cantidad | G86: Vr. Parcial
B87: ='9.01'!$C$9 -> 9.01 | C87: ='9.01'!$C$10 -> SUMINISTRO E INSTALACIÓN VENTANA ALUMINIO CORRREDIZO, CON VIDRIO 4 MM. BLOQUE 13 | D87: ='9.01'!$C$11 -> M2 | E87: ='9.01'!$G$38 -> 0 | F87: ='M-9.01'!$H$20 -> 60 | G87: =$F$87*$E$87 -> 0
B88: ='9.02'!$C$9 -> 9.02 | C88: ='9.02'!$C$10 -> SUMINISTRO E INSTALACION PUERTA P01 Y P02. BLOQUE 13 | D88: ='9.02'!$C$11 -> M2 | E88: ='9.02'!$G$38 -> 0 | F88: ='M-9.02'!$H$21 -> 11.64 | G88: =$F$88*$E$88 -> 0
B89: ='9.03'!$C$9 -> 9.03 | C89: ='9.03'!$C$10 -> SUMINISTRO E INSTALACION PUERTA-VENTANA PV01 (1,80*2,30). BLOQUE 13 | D89: ='9.03'!$C$11 -> M2 | E89: ='9.03'!$G$38 -> 0 | F89: ='M-9.03'!$H$20 -> 8.28 | G89: =$F$89*$E$89 -> 0
B90: ='9.05'!$C$9 -> 9.05 | C90: ='9.05'!$C$10 -> RETIRO DE PUERTAS BLOQUE 14 | D90: ='9.05'!$C$11 -> UND | E90: ='9.05'!$G$38 -> 0 | F90: ='M-9.05'!$H$20 -> 2 | G90: =$F$90*$E$90 -> 0
B91: SUBTOTAL CARPINTERIA ALUMINIO Y METALICA TORRE 13 | G91: =SUM($G$87:$G$90) -> 0
B92: 10. REDES ELECTRICAS Y TELECOMUNICACIONES TORRE 13
B93: Código | C93: Descripción | D93: U.M. | E93: Vr. Unitario | F93: Cantidad | G93: Vr. Parcial
B94: ='10.01'!$C$9 -> 10.01 | C94: ='10.01'!$C$10 -> DISEÑO ELECTRICO Y TELECOMUNICACIONES | D94: ='10.01'!$C$11 -> GB | E94: ='10.01'!$G$38 -> 0 | F94: ='M-10.01'!$H$32 -> 1 | G94: =$F$94*$E$94 -> 0
B95: 10.02 | C95: SUMINISTRO E INSTALACION REDES ELECTRICAS | D95: GB | E95: ='10.01'!$G$38 -> 0 | F95: 1 | G95: =F95*E95 -> 0
B96: 10.03 | C96: SUMINISTRO E INSTALACION DE ILUMINACION | D96: GB | E96: ='10.01'!$G$38 -> 0 | F96: 1 | G96: =F96*E96 -> 0
B97: 10.04 | C97: SUMINISTRO E INSTALACION DE DATOS | D97: GB | E97: ='10.01'!$G$38 -> 0 | F97: 1 | G97: =F97*E97 -> 0
B98: SUBTOTAL REDES ELECTRICAS Y TELECOMUNICACIONES TORRE 13 | G98: =SUM($G$94:$G$97) -> 0
B99: 11. PISOS EXTERNOS Y EQUIPAMIENTO BLOQUE 14
B100: Código | C100: Descripción | D100: U.M. | E100: Vr. Unitario | F100: Cantidad | G100: Vr. Parcial
B101: ='11.01'!$C$9 -> 11.01 | C101: ='11.01'!$C$10 -> PISO EN ADOQUINES 20x10x6 CM COLOR AMARILLO, INCLUYE SUMINISTRO HASTA LA OBRA, INSTALACIÓN, SELLE CON ARENA Y TERMINADO | D101: ='11.01'!$C$11 -> M2 | E101: ='11.01'!$G$40 -> 0 | F101: ='M-11.01'!$H$20 -> 125 | G101: =$F$101*$E$101 -> 0
B102: ='11.02'!$C$9 -> 11.02 | C102: ='11.02'!$C$10 -> PISO EN ADOQUINES 20x10x6 CM COLOR ROJO, INCLUYE SUMINISTRO HASTA LA OBRA, INSTALACIÓN, SELLE CON ARENA Y TERMINADO | D102: ='11.02'!$C$11 -> M2 | E102: ='11.02'!$G$40 -> 0 | F102: ='M-11.02'!$H$19 -> 130 | G102: =$F$102*$E$102 -> 0
B103: ='11.03'!$C$9 -> 11.03 | C103: ='11.03'!$C$10 -> MORTERO DE PEGA PARA CAMA DE ADOQUINES, INCLUYE MATERIALES Y MANO DE OBRA. 4CM CON MORTERO 1:3 | D103: ='11.03'!$C$11 -> M2 | E103: ='11.03'!$G$39 -> 0 | F103: ='M-11.03'!$H$19 -> 255 | G103: =$F$103*$E$103 -> 0
B104: ='11.04'!$C$9 -> 11.04 | C104: ='11.04'!$C$10 -> BORDILLO EN CONCRETO DE 15x25 FUNDIDO EN SITIO. INCLUYE MATERIALES PARA EL CONCRETO DE 3000 PSI, ACERO DE REFUERZO, 4 LINEAS DE 3/8" Y 4 FLEJES DE 3/8" | D104: ='11.04'!$C$11 -> ML | E104: ='11.04'!$G$42 -> 0 | F104: ='M-11.04'!$H$19 -> 210 | G104: =$F$104*$E$104 -> 0
B105: ='11.05'!$C$9 -> 11.05 | C105: ='11.05'!$C$10 -> SUMINISTRO E INSTALACIÓN DE PISO EN GRANITO NATURAL PARA EXTERIOR, FORMATO Y COLOR SEGÚN DISEÑO, ACABADO FLAMEADO O FLAMEADO + CEPILLADO ANTIDESLIZANTE, INCLUYE MORTERO/ADHESIVO DE PEGA, NIVELACIÓN, ALINEACIÓN, CORTES, AJUSTES, EMBOQUILLADO DE JUNTAS, SELLADO CUANDO APLIQUE, MANO DE OBRA, HERRAMIENTA, EQUIPO, TRANSPORTE, DESPERDICIOS Y LIMPIEZA FINAL. | D105: ='11.05'!$C$11 -> M2 | E105: ='11.05'!$G$42 -> 0 | F105: ='M-11.05'!$H$19 -> 185 | G105: =$F$105*$E$105 -> 0
B106: ='11.06'!$C$9 -> 11.06 | C106: ='11.06'!$C$10 -> SUMINISTRO Y CONSTRUCCIÓN DE MURO DE CONTENCIÓN EN CONCRETO REFORZADO E = 35 CM | D106: ='11.06'!$C$11 -> M3 | E106: ='11.06'!$G$41 -> 0 | F106: ='M-11.06'!$H$19 -> 10.5 | G106: =$F$106*$E$106 -> 0
...

Sheet INSUMOS PROYECTO
B6: Materiales | G6: Equipos | L6: Mano de obra | Q6: Transporte
B7: Descripción | C7: U.M. | D7: Vr. Unitario | E7: Cantidad | F7: Vr. Parcial | G7: Descripción | H7: U.M. | I7: Vr. Unitario | J7: Cantidad | K7: Vr. Parcial | L7: Descripción | M7: U.M. | N7: Vr. Unitario | O7: Cantidad | P7: Vr. Parcial | Q7: Descripción | R7: U.M. | S7: Vr. Unitario | T7: Cantidad | U7: Vr. Parcial
B8: ='1.03'!$C$15 -> Cable de acero galvanizado 1/8" | C8: ='1.03'!$D$15 -> ML | D8: ='1.03'!$E$15 -> 0 | E8: =('1.03'!$F$15*'M-1.03'!$H$22) -> 37.8 | F8: =$D$8*$E$8 -> 0 | G8: ='1.01'!$C$21 -> ALQUILER DE CONTENEDOR ESTÁNDAR DE 20 PIES | H8: ='1.01'!$D$21 -> MES | I8: ='1.01'!$E$21 -> 0 | J8: =('1.01'!$F$21*'M-1.01'!$H$23) -> 6 | K8: =$I$8*$J$8 -> 0 | L8: ='1.03'!$C$30 -> Técnico Instalador + Porfesional | M8: ='1.03'!$D$30 -> DIA | N8: ='1.03'!$E$30 -> 0 | O8: =('1.03'!$F$30*'M-1.03'!$H$22) -> 2.88 | P8: =$N$8*$O$8 -> 0 | Q8: ='2.01'!$C$34 -> HERRAMIENTA Y EQUIPO MENOR | R8: ='2.01'!$D$34 -> % | S8: ='2.01'!$E$34 -> 0 | T8: =('2.01'!$F$34*'M-2.01'!$H$23)+('2.02'!$F$33*'M-2.02'!$H$24)+('3.01'!$F$34*'M-3.01'!$H$31)+('3.02'!$F$34*'M-3.02'!$H$32)+('3.03'!$F$34*'M-3.03'!$H$27) -> 119.553 | U8: =$S$8*$T$8 -> 0
B9: ='1.03'!$C$16 -> Kit de anclajes extremos y tensor | C9: ='1.03'!$D$16 -> UND | D9: ='1.03'!$E$16 -> 0 | E9: =('1.03'!$F$16*'M-1.03'!$H$22) -> 1.08 | F9: =$D$9*$E$9 -> 0 | G9: ='1.02'!$C$21 -> ALQUILER DE ANDAMIOS CERTIFICADOS PARA TRABAJO EN ALTURA | H9: ='1.02'!$D$21 -> MES | I9: ='1.02'!$E$21 -> 0 | J9: =('1.02'!$F$21*'M-1.02'!$H$32) -> 6 | K9: =$I$9*$J$9 -> 0 | L9: ='1.04'!$C$27 -> AYUDANTE OBRA | M9: ='1.04'!$D$27 -> HR | N9: ='1.04'!$E$27 -> 0 | O9: =('1.04'!$F$27*'M-1.04'!$H$22)+('2.01'!$F$28*'M-2.01'!$H$23)+('2.02'!$F$27*'M-2.02'!$H$24)+('2.03'!$F$27*'M-2.03'!$H$32)+('2.04'!$F$29*'M-2.04'!$H$22)+('2.05'!$F$28*'M-2.05'!$H$21)+('2.06'!$F$29*'M-2.06'!$H$22)+('2.07'!$F$28*'M-2.07'!$H$21)+('5.02'!$F$29*'M-5.02'!$H$22)+('6.01'!$F$27*'M-6.01'!$H$20)+('6.02'!$F$27*'M-6.02'!$H$20)+('6.10'!$F$30*'M-6.10'!$H$20) -> 3478.888 | P9: =$N$9*$O$9 -> 0 | Q9: ='2.02'!$C$34 -> VIAJE VOLQUETA A 25 KM | R9: ='2.02'!$D$34 -> M3/KM | S9: ='2.02'!$E$34 -> 0 | T9: =('2.02'!$F$34*'M-2.02'!$H$24) -> 2227.5 | U9: =$S$9*$T$9 -> 0
B10: ='1.03'!$C$17 -> Absorbedor de energía | C10: ='1.03'!$D$17 -> UND | D10: ='1.03'!$E$17 -> 0 | E10: =('1.03'!$F$17*'M-1.03'!$H$22) -> 1.08 | F10: =$D$10*$E$10 -> 0 | G10: ='1.02'!$C$22 -> EQUIPO PARA TRABAJO EN ALTURA | H10: ='1.02'!$D$22 -> MES | I10: ='1.02'!$E$22 -> 0 | J10: =('1.02'!$F$22*'M-1.02'!$H$32) -> 6 | K10: =$I$10*$J$10 -> 0 | L10: ='1.05'!$C$32 -> CUADRILLA DE CONSTRUCCIÓN TIPO 1 (1 OFICIAL + 1 AYUDANTE) | M10: ='1.05'!$D$32 -> HC | N10: ='1.05'!$E$32 -> 0 | O10: =('1.05'!$F$32*'M-1.05'!$H$22)+('1.06'!$F$31*'M-1.06'!$H$25)+('3.01'!$F$28*'M-3.01'!$H$31)+('3.02'!$F$28*'M-3.02'!$H$32)+('3.03'!$F$28*'M-3.03'!$H$27)+('4.05'!$F$29*'M-4.05'!$H$25)+('4.07'!$F$29*'M-4.07'!$H$23)+('5.01'!$F$30*'M-5.01'!$H$27)+('5.04'!$F$30*'M-5.04'!$H$21)+('6.03'!$F$28*'M-6.03'!$H$22)+('6.04'!$F$28*'M-6.04'!$H$22)+('6.06'!$F$30*'M-6.06'!$H$21)+('7.01'!$F$28*'M-7.01'!$H$19)+('7.02'!$F$28*'M-7.02'!$H$19)+('9.01'!$F$27*'M-9.01'!$H$20)+('9.02'!$F$27*'M-9.02'!$H$21)+('9.03'!$F$27*'M-9.03'!$H$20)+('9.05'!$F$27*'M-9.05'!$H$20)+('11.01'!$F$29*'M-11.01'!$H$20)+('11.02'!$F$29*'M-11.02'!$H$19)+('11.03'!$F$28*'M-11.03'!$H$19)+('12.01'!$F$28*'M-12.01'!$H$21) -> 3425.7905 | P10: =$N$10*$O$10 -> 0 | Q10: Total Transporte | U10: =SUM($U$8:$U$9) -> 0
B11: ='1.03'!$C$18 -> Sistema de anclaje a cubierta (bases, pernos) | C11: ='1.03'!$D$18 -> UND | D11: ='1.03'!$E$18 -> 0 | E11: =('1.03'!$F$18*'M-1.03'!$H$22) -> 1.08 | F11: =$D$11*$E$11 -> 0 | G11: ='1.05'!$C$26 -> EQUIPO DE TOPOGRAFIA CALIBRADO | H11: ='1.05'!$D$26 -> GB | I11: ='1.05'!$E$26 -> 0 | J11: =('1.05'!$F$26*'M-1.05'!$H$22) -> 34.4766 | K11: =$I$11*$J$11 -> 0 | L11: ='1.05'!$C$33 -> M.O. TOPOGRAFIA 1 CADENERO + 1 TOPOG. | M11: ='1.05'!$D$33 -> DIA | N11: ='1.05'!$E$33 -> 0 | O11: =('1.05'!$F$33*'M-1.05'!$H$22) -> 34.4766 | P11: =$N$11*$O$11 -> 0
B12: ='1.05'!$C$15 -> LISTON OTOBO 2" X 2" X 300 CM | C12: ='1.05'!$D$15 -> UND | D12: ='1.05'!$E$15 -> 0 | E12: =('1.05'!$F$15*'M-1.05'!$H$22) -> 51.7149 | F12: =$D$12*$E$12 -> 0 | G12: ='2.01'!$C$21 -> MARTILLO DEMOLEDOR ELÉCTRICO | H12: ='2.01'!$D$21 -> DIA | I12: ='2.01'!$E$21 -> 0 | J12: =('2.01'!$F$21*'M-2.01'!$H$23)+('2.07'!$F$22*'M-2.07'!$H$21) -> 161.5 | K12: =$I$12*$J$12 -> 0 | L12: ='4.01'!$C$27 -> CUADRILLA PINTURA TIPO 1 (1 OFICIAL PINTOR + 1 AYUDANTES PINTOR) | M12: ='4.01'!$D$27 -> HC | N12: ='4.01'!$E$27 -> 0 | O12: =('4.01'!$F$27*'M-4.01'!$H$22)+('4.02'!$F$27*'M-4.02'!$H$27)+('4.03'!$F$28*'M-4.03'!$H$22)+('4.04'!$F$28*'M-4.04'!$H$27)+('4.06'!$F$28*'M-4.06'!$H$24)+('5.02'!$F$28*'M-5.02'!$H$22)+('5.06'!$F$29*'M-5.06'!$H$19)+('7.03'!$F$28*'M-7.03'!$H$19)+('8.01'!$F$28*'M-8.01'!$H$19)+('8.02'!$F$33*'M-8.02'!$H$21)+('8.03'!$F$32*'M-8.03'!$H$18)+('8.05'!$F$50*'M-8.05'!$H$21)+('8.06'!$F$31*'M-8.06'!$H$19) -> 3744.14 | P12: =$N$12*$O$12 -> 0
B13: ='1.05'!$C$16 -> PUNTILLA CON CABEZA 2" | C13: ='1.05'!$D$16 -> LB | D13: ='1.05'!$E$16 -> 0 | E13: =('1.05'!$F$16*'M-1.05'!$H$22) -> 17.2383 | F13: =$D$13*$E$13 -> 0 | G13: ='2.04'!$C$23 -> EQUIPO DE OXICORTE Y SOLDADURA | H13: ='2.04'!$D$23 -> HR | I13: ='2.04'!$E$23 -> 0 | J13: =('2.04'!$F$23*'M-2.04'!$H$22) -> 24 | K13: =$I$13*$J$13 -> 0 | L13: ='5.03'!$C$28 -> CUADRILLA DE CONSTRUCCIÓN TIPO 4 (1 OFICIAL + 4 AYUDANTES) | M13: ='5.03'!$D$28 -> HC | N13: ='5.03'!$E$28 -> 0 | O13: =('5.03'!$F$28*'M-5.03'!$H$21)+('6.13'!$F$37*'M-6.13'!$H$19)+('11.06'!$F$30*'M-11.06'!$H$19)+('11.07'!$F$30*'M-11.07'!$H$19)+('11.09'!$F$30*'M-11.09'!$H$19)+('11.11'!$F$31*'M-11.11'!$H$20) -> 345.9105 | P13: =$N$13*$O$13 -> 0
B14: ='1.05'!$C$17 -> PIOLA GRUESA 50 METROS | C14: ='1.05'!$D$17 -> ROLLO | D14: ='1.05'!$E$17 -> 0 | E14: =('1.05'!$F$17*'M-1.05'!$H$22) -> 17.2383 | F14: =$D$14*$E$14 -> 0 | G14: ='2.06'!$C$23 -> EQUIPO DE COMPACTACIÓN TIPO RANA O SALTARIN | H14: ='2.06'!$D$23 -> HR | I14: ='2.06'!$E$23 -> 0 | J14: =('2.06'!$F$23*'M-2.06'!$H$22) -> 17.605 | K14: =$I$14*$J$14 -> 0 | L14: ='5.05'!$C$30 -> M.O. HIDROSANIT. 2 AYUDANTES + 1 OFICIAL | M14: ='5.05'!$D$30 -> HR | N14: ='5.05'!$E$30 -> 0 | O14: =('5.05'!$F$30*'M-5.05'!$H$21) -> 0.8 | P14: =$N$14*$O$14 -> 0
B15: ='1.05'!$C$18 -> PINTURA EN ACEITE | C15: ='1.05'!$D$18 -> GL | D15: ='1.05'!$E$18 -> 0 | E15: =('1.05'!$F$18*'M-1.05'!$H$22)+('5.06'!$F$15*'M-5.06'!$H$19) -> 4.44766 | F15: =$D$15*$E$15 -> 0 | G15: ='4.03'!$C$22 -> PULIDORA CON DISCO DE CORTE | H15: ='4.03'!$D$22 -> DIA | I15: ='4.03'!$E$22 -> 0 | J15: =('4.03'!$F$22*'M-4.03'!$H$22) -> 12.6 | K15: =$I$15*$J$15 -> 0 | L15: ='6.11'!$C$35 -> CUADRILLA SOLDADURA | M15: ='6.11'!$D$35 -> HR | N15: ='6.11'!$E$35 -> 0 | O15: =('6.11'!$F$35*'M-6.11'!$H$20)+('6.12'!$F$35*'M-6.12'!$H$21)+('11.09'!$F$31*'M-11.09'!$H$19)+('11.11'!$F$32*'M-11.11'!$H$20) -> 2766.68 | P15: =$N$15*$O$15 -> 0
B16: ='1.06'!$C$15 -> GUADUA [TACO] 2.50-3M | C16: ='1.06'!$D$15 -> UND | D16: ='1.06'!$E$15 -> 0 | E16: =('1.06'!$F$15*'M-1.06'!$H$25) -> 63 | F16: =$D$16*$E$16 -> 0 | G16: ='4.06'!$C$22 -> HIDROLAVADORA CHORRO PRESION-AUTONOMA | H16: ='4.06'!$D$22 -> DIA | I16: ='4.06'!$E$22 -> 0 | J16: =('4.06'!$F$22*'M-4.06'!$H$24)+('5.04'!$F$24*'M-5.04'!$H$21) -> 2.71706 | K16: =$I$16*$J$16 -> 0 | L16: ='6.11'!$C$36 -> CUADRILLA PINTURA | M16: ='6.11'!$D$36 -> HR | N16: ='6.11'!$E$36 -> 0 | O16: =('6.11'!$F$36*'M-6.11'!$H$20)+('6.12'!$F$36*'M-6.12'!$H$21) -> 105 | P16: =$N$16*$O$16 -> 0
B17: ='1.06'!$C$16 -> PUNTILLA CON CABEZA 2" | C17: ='1.06'!$D$16 -> 0 | D17: ='1.06'!$E$16 -> 0 | E17: =('1.06'!$F$16*'M-1.06'!$H$25) -> 42 | F17: =$D$17*$E$17 -> 0 | G17: ='4.08'!$C$22 -> HERRAMIENTA Y EQUIPO MENOR | H17: ='4.08'!$D$22 -> % | I17: ='4.08'!$E$22 -> 0 | J17: =('4.08'!$F$22*'M-4.08'!$H$22) -> 1.08 | K17: =$I$17*$J$17 -> 0 | L17: ='8.02'!$C$32 -> CUADRILLA DRY WALL TIPO 1 (1 OFICIAL DRYWALL + 1 AYUDANTES DRYWALL) | M17: ='8.02'!$D$32 -> HC | N17: ='8.02'!$E$32 -> 0 | O17: =('8.02'!$F$32*'M-8.02'!$H$21)+('8.03'!$F$31*'M-8.03'!$H$18)+('8.04'!$F$29*'M-8.04'!$H$19)+('8.05'!$F$49*'M-8.05'!$H$21) -> 536.5 | P17: =$N$17*$O$17 -> 0
B18: ='1.06'!$C$17 -> ALAMBRE GALVANIZADO CALIBRE 18 | C18: ='1.06'!$D$17 -> 0 | D18: ='1.06'!$E$17 -> 0 | E18: =('1.06'!$F$17*'M-1.06'!$H$25) -> 63 | F18: =$D$18*$E$18 -> 0 | G18: ='5.06'!$C$23 -> COMPRESOR Y PISTOLA | H18: ='5.06'!$D$23 -> DIA | I18: ='5.06'!$E$23 -> 0 | J18: =('5.06'!$F$23*'M-5.06'!$H$19) -> 1 | K18: =$I$18*$J$18 -> 0 | L18: ='11.04'!$C$31 -> CUADRILLA DE CONSTRUCCIÓN TIPO 3 (1 OFICIAL + 3 AYUDANTES) | M18: ='11.04'!$D$31 -> HC | N18: ='11.04'!$E$31 -> 0 | O18: =('11.04'!$F$31*'M-11.04'!$H$19)+('11.05'!$F$31*'M-11.05'!$H$19)+('11.08'!$F$31*'M-11.08'!$H$19) -> 457.5 | P18: =$N$18*$O$18 -> 0
B19: ='1.06'!$C$18 -> MALLA FIBRA TEJIDA H=2.10M | C19: ='1.06'!$D$18 -> 0 | D19: ='1.06'!$E$18 -> 0 | E19: =('1.06'!$F$18*'M-1.06'!$H$25) -> 336 | F19: =$D$19*$E$19 -> 0 | G19: ='6.06'!$C$23 -> FORMALETA | H19: ='6.06'!$D$23 -> UND | I19: ='6.06'!$E$23 -> 0 | J19: =('6.06'!$F$23*'M-6.06'!$H$21)+('11.06'!$F$22*'M-11.06'!$H$19)+('11.07'!$F$22*'M-11.07'!$H$19)+('11.09'!$F$23*'M-11.09'!$H$19)+('11.11'!$F$24*'M-11.11'!$H$20) -> 337.08 | K19: =$I$19*$J$19 -> 0 | L19: Total Mano de Obra | P19: =SUM($P$8:$P$18) -> 0
B20: ='2.02'!$C$15 -> REMISIÓN O BOLETA CERTIFICADO DEL BOTADERO | C20: ='2.02'!$D$15 -> M3 | D20: ='2.02'!$E$15 -> 0 | E20: =('2.02'!$F$15*'M-2.02'!$H$24) -> 89.1 | F20: =$D$20*$E$20 -> 0 | G20: ='6.06'!$C$24 -> VIBRADOR ELECTRICO | H20: ='6.06'!$D$24 -> DIA | I20: ='6.06'!$E$24 -> 0 | J20: =('6.06'!$F$24*'M-6.06'!$H$21) -> 0.864 | K20: =$I$20*$J$20 -> 0
B21: ='2.06'!$C$15 -> ROCAMUERTA | C21: ='2.06'!$D$15 -> M3 | D21: ='2.06'!$E$15 -> 0 | E21: =('2.06'!$F$15*'M-2.06'!$H$22) -> 45.773 | F21: =$D$21*$E$21 -> 0 | G21: ='6.11'!$C$26 -> EQUIPO DE SOLDADURA | H21: ='6.11'!$D$26 -> DIA | I21: ='6.11'!$E$26 -> 0 | J21: =('6.11'!$F$26*'M-6.11'!$H$20)+('6.12'!$F$26*'M-6.12'!$H$21) -> 42 | K21: =$I$21*$J$21 -> 0
B22: ='3.01'!$C$15 -> CEMENTO | C22: ='3.01'!$D$15 -> KG | D22: ='3.01'!$E$15 -> 0 | E22: =('3.01'!$F$15*'M-3.01'!$H$31) -> 672 | F22: =$D$22*$E$22 -> 0 | G22: ='6.11'!$C$27 -> PULIDORA ELÉCTRICA, CARETA CON VISOR, EXTENSIÓN ELÉCTRICA | H22: ='6.11'!$D$27 -> Un | I22: ='6.11'!$E$27 -> 0 | J22: =('6.11'!$F$27*'M-6.11'!$H$20)+('6.12'!$F$27*'M-6.12'!$H$21) -> 2.1 | K22: =$I$22*$J$22 -> 0
B23: ='3.01'!$C$16 -> SIKALATEX | C23: ='3.01'!$D$16 -> KG | D23: ='3.01'!$E$16 -> 0 | E23: =('3.01'!$F$16*'M-3.01'!$H$31)+('4.04'!$F$15*'M-4.04'!$H$27) -> 26.3 | F23: =$D$23*$E$23 -> 0 | G23: ='6.11'!$C$28 -> MALACATE TIRFOR 1,600 KG CON CABLE DE ACERO | H23: ='6.11'!$D$28 -> Un | I23: ='6.11'!$E$28 -> 0 | J23: =('6.11'!$F$28*'M-6.11'!$H$20)+('6.12'!$F$28*'M-6.12'!$H$21) -> 2.1 | K23: =$I$23*$J$23 -> 0
B24: ='3.02'!$C$15 -> MORTERO 1:3 | C24: ='3.02'!$D$15 -> M3 | D24: ='3.02'!$E$15 -> 0 | E24: =('3.02'!$F$15*'M-3.02'!$H$32)+('3.03'!$F$15*'M-3.03'!$H$27)+('4.04'!$F$16*'M-4.04'!$H$27)+('5.01'!$F$16*'M-5.01'!$H$27) -> 79.6532 | F24: =$D$24*$E$24 -> 0 | G24: ='6.12'!$C$29 -> ANDAMIOS PARA SOPORTE | H24: ='6.12'!$D$29 -> DIA | I24: ='6.12'!$E$29 -> 0 | J24: =('6.12'!$F$29*'M-6.12'!$H$21) -> 420 | K24: =$I$24*$J$24 -> 0
B25: ='3.02'!$C$16 -> TOXEMENT 1A | C25: ='3.02'!$D$16 -> KG | D25: ='3.02'!$E$16 -> 0 | E25: =('3.02'!$F$16*'M-3.02'!$H$32)+('3.03'!$F$16*'M-3.03'!$H$27) -> 5.9672727 | F25: =$D$25*$E$25 -> 0 | G25: ='6.13'!$C$28 -> TACO METÁLICO DE 2.00 A 3.30 M | H25: ='6.13'!$D$28 -> DIA | I25: ='6.13'!$E$28 -> 0 | J25: =('6.13'!$F$28*'M-6.13'!$H$19) -> 440 | K25: =$I$25*$J$25 -> 0
B26: ='4.01'!$C$15 -> GRANIPLAST | C26: ='4.01'!$D$15 -> KG | D26: ='4.01'!$E$15 -> 0 | E26: =('4.01'!$F$15*'M-4.01'!$H$22)+('4.02'!$F$15*'M-4.02'!$H$27) -> 7953.6 | F26: =$D$26*$E$26 -> 0 | G26: ='6.13'!$C$29 -> TIJERA TACO METÁLICO | H26: ='6.13'!$D$29 -> DIA | I26: ='6.13'!$E$29 -> 0 | J26: =('6.13'!$F$29*'M-6.13'!$H$19) -> 146.3 | K26: =$I$26*$J$26 -> 0
B27: ='4.05'!$C$15 -> CALADO CEMENTO 20X20X12 | C27: ='4.05'!$D$15 -> UND | D27: ='4.05'!$E$15 -> 0 | E27: =('4.05'!$F$15*'M-4.05'!$H$25) -> 4500 | F27: =$D$27*$E$27 -> 0 | G27: ='6.13'!$C$30 -> VIBRADOR ELÉCTRICO PARA CONCRETO | H27: ='6.13'!$D$30 -> DIA | I27: ='6.13'!$E$30 -> 0 | J27: =('6.13'!$F$30*'M-6.13'!$H$19) -> 6.875 | K27: =$I$27*$J$27 -> 0
B28: ='4.05'!$C$16 -> MORTERO DE PEGA PARA BLOQUE | C28: ='4.05'!$D$16 -> M3 | D28: ='4.05'!$E$16 -> 0 | E28: =('4.05'!$F$16*'M-4.05'!$H$25)+('4.07'!$F$16*'M-4.07'!$H$23)+('4.08'!$F$16*'M-4.08'!$H$22)+('11.03'!$F$15*'M-11.03'!$H$19) -> 17.1792 | F28: =$D$28*$E$28 -> 0 | G28: ='6.13'!$C$31 -> SERVICIO DE BOMBA CONCRETO PREMEZCLADO | H28: ='6.13'!$D$31 -> M3 | I28: ='6.13'!$E$31 -> 0 | J28: =('6.13'!$F$31*'M-6.13'!$H$19)+('11.06'!$F$24*'M-11.06'!$H$19)+('11.07'!$F$24*'M-11.07'!$H$19) -> 36.03 | K28: =$I$28*$J$28 -> 0
B29: ='4.06'!$C$15 -> PINTURA PARA EXTERIOR BLANCA KORAZA | C29: ='4.06'!$D$15 -> GL | D29: ='4.06'!$E$15 -> 0 | E29: =('4.06'!$F$15*'M-4.06'!$H$24) -> 5.355 | F29: =$D$29*$E$29 -> 0 | G29: ='8.05'!$C$37 -> TIRO PISTOLA NEUMATICA HITELL | H29: ='8.05'!$D$37 -> UN | I29: ='8.05'!$E$37 -> 0 | J29: =('8.05'!$F$37*'M-8.05'!$H$21) -> 750 | K29: =$I$29*$J$29 -> 0
B30: ='4.07'!$C$15 -> BLOQUE CONCRETO 10X19X39 | C30: ='4.07'!$D$15 -> UND | D30: ='4.07'!$E$15 -> 0 | E30: =('4.07'!$F$15*'M-4.07'!$H$23) -> 26 | F30: =$D$30*$E$30 -> 0 | G30: ='8.05'!$C$38 -> ANDAMIO TUBULAR | H30: ='8.05'!$D$38 -> DIA | I30: ='8.05'!$E$38 -> 0 | J30: =('8.05'!$F$38*'M-8.05'!$H$21) -> 262.5 | K30: =$I$30*$J$30 -> 0
B31: ='4.08'!$C$15 -> TUBO CONDUIT DE 1/2" PVC | C31: ='4.08'!$D$15 -> ML | D31: ='4.08'!$E$15 -> 0 | E31: =('4.08'!$F$15*'M-4.08'!$H$22) -> 37.8 | F31: =$D$31*$E$31 -> 0 | G31: ='8.05'!$C$39 -> CAMILLA EN MADERA PLANCHON | H31: ='8.05'!$D$39 -> DIA | I31: ='8.05'!$E$39 -> 0 | J31: =('8.05'!$F$39*'M-8.05'!$H$21)+('8.05'!$F$42*'M-8.05'!$H$21) -> 45 | K31: =$I$31*$J$31 -> 0
B32: ='5.01'!$C$15 -> ALFAJÍA FABRICADA EN LAMINA DE ACERO INOX CAL 16 DE 22cm ANCHO CON PESTAÑAS DE 4 CM. | C32: ='5.01'!$D$15 -> ML | D32: ='5.01'!$E$15 -> 0 | E32: =('5.01'!$F$15*'M-5.01'!$H$27) -> 117 | F32: =$D$32*$E$32 -> 0 | G32: ='8.05'!$C$40 -> PISTOLA DE FIJACION D X 35 | H32: ='8.05'!$D$40 -> HR | I32: ='8.05'!$E$40 -> 0 | J32: =('8.05'!$F$40*'M-8.05'!$H$21)+('8.05'!$F$43*'M-8.05'!$H$21) -> 111.1 | K32: =$I$32*$J$32 -> 0
B33: ='5.01'!$C$17 -> CHAZO PLASTICO 1/4" | C33: ='5.01'!$D$17 -> UND | D33: ='5.01'!$E$17 -> 0 | E33: =('5.01'!$F$17*'M-5.01'!$H$27) -> 1040 | F33: =$D$33*$E$33 -> 0 | G33: ='11.01'!$C$22 -> COMPACTADOR MANÚAL TIPO PLANCHA VIBRATORÍA | H33: ='11.01'!$D$22 -> HR | I33: ='11.01'!$E$22 -> 0 | J33: =('11.01'!$F$22*'M-11.01'!$H$20)+('11.02'!$F$22*'M-11.02'!$H$19) -> 25.5 | K33: =$I$33*$J$33 -> 0
B34: ='5.01'!$C$18 -> TORNILLO LAM. AVELL. 8 X 2" | C34: ='5.01'!$D$18 -> UND | D34: ='5.01'!$E$18 -> 0 | E34: =('5.01'!$F$18*'M-5.01'!$H$27) -> 1040 | F34: =$D$34*$E$34 -> 0 | G34: ='11.04'!$C$25 -> FORMALETA METALICA SARDINEL (ML) | H34: ='11.04'!$D$25 -> DIA | I34: ='11.04'!$E$25 -> 0 | J34: =('11.04'!$F$25*'M-11.04'!$H$19)+('11.08'!$F$25*'M-11.08'!$H$19) -> 162 | K34: =$I$34*$J$34 -> 0
B35: ='5.02'!$C$15 -> PINTURA BITUMINOSA DE ALUMINIO | C35: ='5.02'!$D$15 -> GAL | D35: ='5.02'!$E$15 -> 0 | E35: =('5.02'!$F$15*'M-5.02'!$H$22) -> 74.34 | F35: =$D$35*$E$35 -> 0 | G35: Total Equipos | K35: =SUM($K$8:$K$34) -> 0
B36: ='5.02'!$C$16 -> RODILLO FELPA | C36: ='5.02'!$D$16 -> UND | D36: ='5.02'!$E$16 -> 0 | E36: =('5.02'!$F$16*'M-5.02'!$H$22) -> 53.1 | F36: =$D$36*$E$36 -> 0 | G36: HERRAMIENTA Y EQUIPO MENOR (3% M.O.) | H36: % | I36: =P19 -> 0 | J36: 0.03 | K36: =J36*I36 -> 0
B37: ='5.03'!$C$15 -> SOPORTES PLASTICOS | C37: ='5.03'!$D$15 -> GB | D37: ='5.03'!$E$15 -> 0 | E37: =('5.03'!$F$15*'M-5.03'!$H$21) -> 2 | F37: =$D$37*$E$37 -> 0
B38: ='5.04'!$C$15 -> SELLADOR DE POLIURETANO (SIKAFLEX 11 FC O SIMILAR) | C38: ='5.04'!$D$15 -> UND | D38: ='5.04'!$E$15 -> 0 | E38: =('5.04'!$F$15*'M-5.04'!$H$21) -> 15.78795 | F38: =$D$38*$E$38 -> 0
B39: ='5.04'!$C$16 -> CINTA IMPERMEABLE AUTOADHESIVA ALUMINIZADA (10 CM) | C39: ='5.04'!$D$16 -> UND | D39: ='5.04'!$E$16 -> 0 | E39: =('5.04'!$F$16*'M-5.04'!$H$21) -> 21.0506 | F39: =$D$39*$E$39 -> 0
B40: ='5.04'!$C$17 -> TORNILLO AUTOPERFORANTE CON ARANDELA DE NEOPRENO | C40: ='5.04'!$D$17 -> UND | D40: ='5.04'!$E$17 -> 0 | E40: =('5.04'!$F$17*'M-5.04'!$H$21) -> 52.6265 | F40: =$D$40*$E$40 -> 0
B41: ='5.05'!$C$15 -> SOLDADURA PVC 1/4 GLN | C41: ='5.05'!$D$15 -> UND | D41: ='5.05'!$E$15 -> 0 | E41: =('5.05'!$F$15*'M-5.05'!$H$21) -> 0.024 | F41: =$D$41*$E$41 -> 0
B42: ='5.05'!$C$16 -> TUBO SANITARIO PVC 4" | C42: ='5.05'!$D$16 -> M | D42: ='5.05'!$E$16 -> 0 | E42: =('5.05'!$F$16*'M-5.05'!$H$21) -> 4.08 | F42: =$D$42*$E$42 -> 0
B43: ='5.05'!$C$17 -> LIMPIADOR PVC 1/4 GLN (760 GRMS) | C43: ='5.05'!$D$17 -> UND | D43: ='5.05'!$E$17 -> 0 | E43: =('5.05'!$F$17*'M-5.05'!$H$21) -> 0.024 | F43: =$D$43*$E$43 -> 0
B44: ='5.05'!$C$18 -> UNIÓN SANITARIA 4" | C44: ='5.05'!$D$18 -> UND | D44: ='5.05'!$E$18 -> 0 | E44: =('5.05'!$F$18*'M-5.05'!$H$21) -> 3.2 | F44: =$D$44*$E$44 -> 0
B45: ='5.06'!$C$16 -> SOLVENTE | C45: ='5.06'!$D$16 -> GL | D45: ='5.06'!$E$16 -> 0 | E45: =('5.06'!$F$16*'M-5.06'!$H$19) -> 0.01 | F45: =$D$45*$E$45 -> 0
B46: ='6.03'!$C$15 -> ADHES. ANCL. ESTR. 600ML TIPO ANCHORFIX 3001 | C46: ='6.03'!$D$15 -> UND | D46: ='6.03'!$E$15 -> 0 | E46: =('6.03'!$F$15*'M-6.03'!$H$22) -> 17.6 | F46: =$D$46*$E$46 -> 0
B47: ='6.03'!$C$16 -> ACERO DE REFUERZO PDR-60, FY: 4200 KG/CM2 | C47: ='6.03'!$D$16 -> KG | D47: ='6.03'!$E$16 -> 0 | E47: =('6.03'!$F$16*'M-6.03'!$H$22)+('6.04'!$F$16*'M-6.04'!$H$22) -> 1102.5 | F47: =$D$47*$E$47 -> 0
B48: ='6.04'!$C$15 -> ALAMBRE NEGRO PARA AMARRE CALIBRE 18 | C48: ='6.04'!$D$15 -> KG | D48: ='6.04'!$E$15 -> 0 | E48: =('6.04'!$F$15*'M-6.04'!$H$22) -> 231.75 | F48: =$D$48*$E$48 -> 0
B49: ='6.06'!$C$15 -> CONCRETO 21 MPA | C49: ='6.06'!$D$15 -> KG | D49: ='6.06'!$E$15 -> 0 | E49: =('6.06'!$F$15*'M-6.06'!$H$21)+('11.04'!$F$15*'M-11.04'!$H$19)+('11.08'!$F$15*'M-11.08'!$H$19)+('11.09'!$F$17*'M-11.09'!$H$19) -> 38.2155 | F49: =$D$49*$E$49 -> 0
B50: ='6.06'!$C$16 -> SEPAROL N (DESFORMALETEANTE PARA FÁCIL DESENCOFRE DE CONCRETO) | C50: ='6.06'!$D$16 -> KG | D50: ='6.06'!$E$16 -> 0 | E50: =('6.06'!$F$16*'M-6.06'!$H$21) -> 0.0288 | F50: =$D$50*$E$50 -> 0
B51: ='6.11'!$C$15 -> SOLDADURA ELÉCTRICA | C51: ='6.11'!$D$15 -> KG | D51: ='6.11'!$E$15 -> 0 | E51: =('6.11'!$F$15*'M-6.11'!$H$20)+('6.12'!$F$15*'M-6.12'!$H$21) -> 210 | F51: =$D$51*$E$51 -> 0
B52: ='6.11'!$C$16 -> DISOLVENTE | C52: ='6.11'!$D$16 -> GAL | D52: ='6.11'!$E$16 -> 0 | E52: =('6.11'!$F$16*'M-6.11'!$H$20)+('6.12'!$F$16*'M-6.12'!$H$21) -> 10.5 | F52: =$D$52*$E$52 -> 0
B53: ='6.11'!$C$17 -> PINTURA ANTICORROSIVA ALQUÍDICA | C53: ='6.11'!$D$17 -> GAL | D53: ='6.11'!$E$17 -> 0 | E53: =('6.11'!$F$17*'M-6.11'!$H$20)+('6.12'!$F$17*'M-6.12'!$H$21) -> 63 | F53: =$D$53*$E$53 -> 0
B54: ='6.11'!$C$18 -> PINTURA ESMALTE PINTULUX | C54: ='6.11'!$D$18 -> GAL | D54: ='6.11'!$E$18 -> 0 | E54: =('6.11'!$F$18*'M-6.11'!$H$20)+('6.12'!$F$18*'M-6.12'!$H$21) -> 94.5 | F54: =$D$54*$E$54 -> 0
B55: ='6.11'!$C$19 -> Perfil HEA100 acero A36/A572 Gr50 | C55: ='6.11'!$D$19 -> KG | D55: ='6.11'!$E$19 -> 0 | E55: =('6.11'!$F$19*'M-6.11'!$H$20)+('6.12'!$F$19*'M-6.12'!$H$21) -> 10815 | F55: =$D$55*$E$55 -> 0
B56: ='6.13'!$C$15 -> DECK STEEL 3" GRADO 40 CAL. 22 | C56: ='6.13'!$D$15 -> M2 | D56: ='6.13'!$E$15 -> 0 | E56: =('6.13'!$F$15*'M-6.13'!$H$19) -> 115.5 | F56: =$D$56*$E$56 -> 0
B57: ='6.13'!$C$16 -> CONECTOR PARA DECK STEEL | C57: ='6.13'!$D$16 -> UND | D57: ='6.13'!$E$16 -> 0 | E57: =('6.13'!$F$16*'M-6.13'!$H$19) -> 440 | F57: =$D$57*$E$57 -> 0
B58: ='6.13'!$C$17 -> CONCRETO 20.7 MPA (PREMEZCLADO) | C58: ='6.13'!$D$17 -> M3 | D58: ='6.13'!$E$17 -> 0 | E58: =('6.13'!$F$17*'M-6.13'!$H$19)+('11.06'!$F$15*'M-11.06'!$H$19)+('11.07'!$F$15*'M-11.07'!$H$19) -> 24.781 | F58: =$D$58*$E$58 -> 0
B59: ='6.13'!$C$18 -> ANTISOL BLANCO (CURADOR PARA CONCRETO Y MORTERO BASE AGUA) | C59: ='6.13'!$D$18 -> KG | D59: ='6.13'!$E$18 -> 0 | E59: =('6.13'!$F$18*'M-6.13'!$H$19) -> 6.6 | F59: =$D$59*$E$59 -> 0
B60: ='6.13'!$C$19 -> MALLA ELECTROSOLDADA 4.0 MM 15X15 CM | C60: ='6.13'!$D$19 -> m2 | D60: ='6.13'!$E$19 -> 0 | E60: =('6.13'!$F$19*'M-6.13'!$H$19) -> 113.3 | F60: =$D$60*$E$60 -> 0
B61: ='6.13'!$C$20 -> ALAMBRE NEGRO CAL. 18 | C61: ='6.13'!$D$20 -> Kg | D61: ='6.13'!$E$20 -> 0 | E61: =('6.13'!$F$20*'M-6.13'!$H$19) -> 3.52 | F61: =$D$61*$E$61 -> 0
B62: ='6.13'!$C$21 -> DISTANCIADOR DE CONCRETO | C62: ='6.13'!$D$21 -> Un | D62: ='6.13'!$E$21 -> 0 | E62: =('6.13'!$F$21*'M-6.13'!$H$19) -> 660 | F62: =$D$62*$E$62 -> 0
B63: ='7.01'!$C$15 -> LOSETA DE CAUCHO | C63: ='7.01'!$D$15 -> M2 | D63: ='7.01'!$E$15 -> 0 | E63: =('7.01'!$F$15*'M-7.01'!$H$19) -> 112.35 | F63: =$D$63*$E$63 -> 0
B64: ='7.01'!$C$16 -> ADHESIVO - PEGANTE ACRÍLICO PARA CAUCHO | C64: ='7.01'!$D$16 -> KG | D64: ='7.01'!$E$16 -> 0 | E64: =('7.01'!$F$16*'M-7.01'!$H$19)+('8.04'!$F$16*'M-8.04'!$H$19) -> 89.75 | F64: =$D$64*$E$64 -> 0
B65: ='7.02'!$C$15 -> PISO LAMINADO WATER RESIST 8 MM MUNSTE CAJA 1.97 M2 HOLZTEK | C65: ='7.02'!$D$15 -> M2 | D65: ='7.02'!$E$15 -> 0 | E65: =('7.02'!$F$15*'M-7.02'!$H$19) -> 150.2235 | F65: =$D$65*$E$65 -> 0
B66: ='7.02'!$C$16 -> ESPUMA NIVELADORA POLIETILENO 2MM | C66: ='7.02'!$D$16 -> KG | D66: ='7.02'!$E$16 -> 0 | E66: =('7.02'!$F$16*'M-7.02'!$H$19) -> 35.7675 | F66: =$D$66*$E$66 -> 0
B67: ='7.03'!$C$15 -> RECUBRIMIENTO ACRÍLICO PINTURA PARA CANCHAS Y PISOS PINTUCO (BASE ACCENT) | C67: ='7.03'!$D$15 -> GL | D67: ='7.03'!$E$15 -> 0 | E67: =('7.03'!$F$15*'M-7.03'!$H$19) -> 44.982 | F67: =$D$67*$E$67 -> 0
B68: ='8.01'!$C$15 -> VINILO TIPO 1 PREMIUM LAVABLE | C68: ='8.01'!$D$15 -> GL | D68: ='8.01'!$E$15 -> 0 | E68: =('8.01'!$F$15*'M-8.01'!$H$19) -> 147 | F68: =$D$68*$E$68 -> 0
B69: ='8.02'!$C$15 -> LÁMINA YESO ST 12.7MM BOARD ST 1.22X2.44M | C69: ='8.02'!$D$15 -> UND | D69: ='8.02'!$E$15 -> 0 | E69: =('8.02'!$F$15*'M-8.02'!$H$21)+('8.03'!$F$15*'M-8.03'!$H$18) -> 138.6 | F69: =$D$69*$E$69 -> 0
B70: ='8.02'!$C$16 -> ESTRUCTURA METÁLICA;CANAL + PARANTE GALVANIZADO | C70: ='8.02'!$D$16 -> M2 | D70: ='8.02'!$E$16 -> 0 | E70: =('8.02'!$F$16*'M-8.02'!$H$21)+('8.03'!$F$16*'M-8.03'!$H$18) -> 252 | F70: =$D$70*$E$70 -> 0
B71: ='8.02'!$C$17 -> TORNILLOS AUTOPERFORANTES 8X1 Y 6X1 | C71: ='8.02'!$D$17 -> GB | D71: ='8.02'!$E$17 -> 0 | E71: =('8.02'!$F$17*'M-8.02'!$H$21)+('8.03'!$F$17*'M-8.03'!$H$18)+('8.04'!$F$17*'M-8.04'!$H$19) -> 300 | F71: =$D$71*$E$71 -> 0
B72: ='8.02'!$C$18 -> MASILLA DRYWALL MASILLA PARA JUNTAS | C72: ='8.02'!$D$18 -> KG | D72: ='8.02'!$E$18 -> 0 | E72: =('8.02'!$F$18*'M-8.02'!$H$21)+('8.03'!$F$18*'M-8.03'!$H$18) -> 240 | F72: =$D$72*$E$72 -> 0
B73: ='8.02'!$C$19 -> PINTURA VINILO TIPO 1 | C73: ='8.02'!$D$19 -> GL | D73: ='8.02'!$E$19 -> 0 | E73: =('8.02'!$F$19*'M-8.02'!$H$21)+('8.03'!$F$19*'M-8.03'!$H$18) -> 31.5 | F73: =$D$73*$E$73 -> 0
B74: ='8.04'!$C$15 -> PANEL DEKOWALL | C74: ='8.04'!$D$15 -> UND | D74: ='8.04'!$E$15 -> 0 | E74: =('8.04'!$F$15*'M-8.04'!$H$19) -> 30 | F74: =$D$74*$E$74 -> 0
B75: ='8.05'!$C$15 -> PLACA SUPER BOARD FIBRO CEMENTO (1.22 X 2.44) 6MM | C75: ='8.05'!$D$15 -> UN | D75: ='8.05'!$E$15 -> 0 | E75: =('8.05'!$F$15*'M-8.05'!$H$21) -> 42.5 | F75: =$D$75*$E$75 -> 0
B76: ='8.05'!$C$16 -> ALAMBRE GALVANIZADO CAL 10 | C76: ='8.05'!$D$16 -> KG | D76: ='8.05'!$E$16 -> 0 | E76: =('8.05'!$F$16*'M-8.05'!$H$21) -> 5 | F76: =$D$76*$E$76 -> 0
B77: ='8.05'!$C$17 -> ALAMBRE GALVANIZADO CAL 8 | C77: ='8.05'!$D$17 -> KG | D77: ='8.05'!$E$17 -> 0 | E77: =('8.05'!$F$17*'M-8.05'!$H$21)+('8.05'!$F$25*'M-8.05'!$H$21) -> 10 | F77: =$D$77*$E$77 -> 0
B78: ='8.05'!$C$18 -> PINTURA VINILO TIPO 1 LAVABLE | C78: ='8.05'!$D$18 -> GAL | D78: ='8.05'!$E$18 -> 0 | E78: =('8.05'!$F$18*'M-8.05'!$H$21)+('8.05'!$F$26*'M-8.05'!$H$21) -> 10 | F78: =$D$78*$E$78 -> 0
B79: ='8.05'!$C$19 -> CINTA PAPEL TOPEX 30 MTS ANCHO 50 MM | C79: ='8.05'!$D$19 -> UN | D79: ='8.05'!$E$19 -> 0 | E79: =('8.05'!$F$19*'M-8.05'!$H$21)+('8.05'!$F$27*'M-8.05'!$H$21) -> 42.5 | F79: =$D$79*$E$79 -> 0
B80: ='8.05'!$C$20 -> MASILLA PARA GYPLAC SUPERMASTICO (5GL) | C80: ='8.05'!$D$20 -> GAL | D80: ='8.05'!$E$20 -> 0 | E80: =('8.05'!$F$20*'M-8.05'!$H$21)+('8.05'!$F$28*'M-8.05'!$H$21) -> 42.5 | F80: =$D$80*$E$80 -> 0
B81: ='8.05'!$C$21 -> TORNILLO 7 * 7/16 CORTO GYPLAC PZ | C81: ='8.05'!$D$21 -> UN | D81: ='8.05'!$E$21 -> 0 | E81: =('8.05'!$F$21*'M-8.05'!$H$21)+('8.05'!$F$29*'M-8.05'!$H$21) -> 825 | F81: =$D$81*$E$81 -> 0
B82: ='8.05'!$C$22 -> TORNILLO STANDAR 6 * 1 LARGO GYPLAC | C82: ='8.05'!$D$22 -> UN | D82: ='8.05'!$E$22 -> 0 | E82: =('8.05'!$F$22*'M-8.05'!$H$21)+('8.05'!$F$30*'M-8.05'!$H$21) -> 2500 | F82: =$D$82*$E$82 -> 0
B83: ='8.05'!$C$23 -> VIGUETA CIELO RASO T. DRYWAY 41.3 MM 2.44 M | C83: ='8.05'!$D$23 -> UN | D83: ='8.05'!$E$23 -> 0 | E83: =('8.05'!$F$23*'M-8.05'!$H$21)+('8.05'!$F$31*'M-8.05'!$H$21) -> 82.5 | F83: =$D$83*$E$83 -> 0
B84: ='8.05'!$C$24 -> ANGULO 3/4" X 1/16" ANOL AA-59 L= MT | C84: ='8.05'!$D$24 -> UN | D84: ='8.05'!$E$24 -> 0 | E84: =('8.05'!$F$24*'M-8.05'!$H$21)+('8.05'!$F$32*'M-8.05'!$H$21) -> 167.5 | F84: =$D$84*$E$84 -> 0
B85: ='8.06'!$C$15 -> PINTURA ESMALTE EPÓXICO ROJO | C85: ='8.06'!$D$15 -> UND | D85: ='8.06'!$E$15 -> 0 | E85: =('8.06'!$F$15*'M-8.06'!$H$19) -> 0.5 | F85: =$D$85*$E$85 -> 0
B86: ='8.06'!$C$16 -> LIJA PARA METAL GRANO 120-220 | C86: ='8.06'!$D$16 -> UND | D86: ='8.06'!$E$16 -> 0 | E86: =('8.06'!$F$16*'M-8.06'!$H$19) -> 5 | F86: =$D$86*$E$86 -> 0
B87: ='9.01'!$C$15 -> VENTANA ALUMINIO CORREDIZA TRAFICO PESADO ANOLOK INCLUYE VIDRIO | C87: ='9.01'!$D$15 -> M2 | D87: ='9.01'!$E$15 -> 0 | E87: =('9.01'!$F$15*'M-9.01'!$H$20) -> 60 | F87: =$D$87*$E$87 -> 0
B88: ='9.02'!$C$15 -> PUERTA ALUMINIO SISTEMA CORREDIZA ANALOCK INCLUYE VIDRIO 4 MM | C88: ='9.02'!$D$15 -> M2 | D88: ='9.02'!$E$15 -> 0 | E88: =('9.02'!$F$15*'M-9.02'!$H$21) -> 11.64 | F88: =$D$88*$E$88 -> 0
B89: ='9.03'!$C$15 -> PUERTA EN VIDRIO TEMPLADO DE 10 MM, CERRADURA. MANIJA Y PVO | C89: ='9.03'!$D$15 -> M2 | D89: ='9.03'!$E$15 -> 0 | E89: =('9.03'!$F$15*'M-9.03'!$H$20) -> 8.28 | F89: =$D$89*$E$89 -> 0
B90: ='10.01'!$C$15 -> DISEÑO ELECTRICO Y TELECOMUNICACIONES | C90: ='10.01'!$D$15 -> GB | D90: ='10.01'!$E$15 -> 0 | E90: =('10.01'!$F$15*'M-10.01'!$H$32) -> 1 | F90: =$D$90*$E$90 -> 0
B91: ='11.01'!$C$15 -> ADOQUIN CONCRETO COLOR AMARILLO TRAFICO LIVIANO (20X10X6 CM) | C91: ='11.01'!$D$15 -> UN | D91: ='11.01'!$E$15 -> 0 | E91: =('11.01'!$F$15*'M-11.01'!$H$20) -> 6500 | F91: =$D$91*$E$91 -> 0
B92: ='11.01'!$C$16 -> ARENA DE RIO | C92: ='11.01'!$D$16 -> M3 | D92: ='11.01'!$E$16 -> 0 | E92: =('11.01'!$F$16*'M-11.01'!$H$20)+('11.02'!$F$16*'M-11.02'!$H$19) -> 2.55 | F92: =$D$92*$E$92 -> 0
B93: ='11.02'!$C$15 -> ADOQUIN CONCRETO COLOR ROJOTRAFICO LIVIANO (20X10X6 CM) | C93: ='11.02'!$D$15 -> UN | D93: ='11.02'!$E$15 -> 0 | E93: =('11.02'!$F$15*'M-11.02'!$H$19) -> 6760 | F93: =$D$93*$E$93 -> 0
B94: ='11.03'!$C$16 -> SUPERPLASTIFICANTES O FLUIDIFICANTES | C94: ='11.03'!$D$16 -> KG | D94: ='11.03'!$E$16 -> 0 | E94: =('11.03'!$F$16*'M-11.03'!$H$19)+('11.04'!$F$16*'M-11.04'!$H$19)+('11.08'!$F$16*'M-11.08'!$H$19) -> 5.55 | F94: =$D$94*$E$94 -> 0
B95: ='11.04'!$C$17 -> ACERO DE REFUERZO FY 4200 KG/CM2. 1/4" - 3/8" BARRA CORRUGADA NTC2289/G60 | C95: ='11.04'!$D$17 -> KG | D95: ='11.04'!$E$17 -> 0 | E95: =('11.04'!$F$17*'M-11.04'!$H$19)+('11.08'!$F$17*'M-11.08'!$H$19) -> 1057.056 | F95: =$D$95*$E$95 -> 0
B96: ='11.05'!$C$15 -> GRANO DE PIEDRA NATURAL | C96: ='11.05'!$D$15 -> KG | D96: ='11.05'!$E$15 -> 0 | E96: =('11.05'!$F$15*'M-11.05'!$H$19) -> 8325 | F96: =$D$96*$E$96 -> 0
B97: ='11.05'!$C$16 -> CEMENTO GRIS | C97: ='11.05'!$D$16 -> KG | D97: ='11.05'!$E$16 -> 0 | E97: =('11.05'!$F$16*'M-11.05'!$H$19) -> 3885 | F97: =$D$97*$E$97 -> 0
B98: ='11.05'!$C$17 -> MARMOLINA BLANCA | C98: ='11.05'!$D$17 -> KG | D98: ='11.05'!$E$17 -> 0 | E98: =('11.05'!$F$17*'M-11.05'!$H$19) -> 3330 | F98: =$D$98*$E$98 -> 0
B99: ='11.05'!$C$18 -> SELLADOR POLIMÉRICO PIEDRA - MÁRMOL - GRANITO 600 ML | C99: ='11.05'!$D$18 -> UND | D99: ='11.05'!$E$18 -> 0 | E99: =('11.05'!$F$18*'M-11.05'!$H$19) -> 18.5 | F99: =$D$99*$E$99 -> 0
B100: ='11.05'!$C$19 -> ARENA LAVADA DE RIO | C100: ='11.05'!$D$19 -> M3 | D100: ='11.05'!$E$19 -> 0 | E100: =('11.05'!$F$19*'M-11.05'!$H$19) -> 5.55 | F100: =$D$100*$E$100 -> 0
B101: ='11.09'!$C$15 -> REJILLA METÁLICA DE GRATING GALVANIZADO TIPO T 30MM | C101: ='11.09'!$D$15 -> UND | D101: ='11.09'!$E$15 -> 0 | E101: =('11.09'!$F$15*'M-11.09'!$H$19) -> 169.7535 | F101: =$D$101*$E$101 -> 0
B102: ='11.09'!$C$16 -> ESTRUCTURA DE SOPORTE;PERFILES METÁLICOS, SOLDADURA, MONTAJE | C102: ='11.09'!$D$16 -> KG | D102: ='11.09'!$E$16 -> 0 | E102: =('11.09'!$F$16*'M-11.09'!$H$19)+('11.11'!$F$15*'M-11.11'!$H$20) -> 3313.4 | F102: =$D$102*$E$102 -> 0
B103: ='11.11'!$C$16 -> DISOLVENTE PARA PINTURA (TINNER) | C103: ='11.11'!$D$16 -> GLN | D103: ='11.11'!$E$16 -> 0 | E103: =('11.11'!$F$16*'M-11.11'!$H$20) -> 2 | F103: =$D$103*$E$103 -> 0
B104: ='11.11'!$C$17 -> ANTICORROSIVO NEGRO | C104: ='11.11'!$D$17 -> GLN | D104: ='11.11'!$E$17 -> 0 | E104: =('11.11'!$F$17*'M-11.11'!$H$20) -> 1 | F104: =$D$104*$E$104 -> 0
B105: ='11.11'!$C$18 -> SOLDADURA 7018 X 1/8" | C105: ='11.11'!$D$18 -> KG | D105: ='11.11'!$E$18 -> 0 | E105: =('11.11'!$F$18*'M-11.11'!$H$20) -> 10 | F105: =$D$105*$E$105 -> 0
...

Sheet AIU%
G2: COSTOS INDIRECTOS
B3: NOMBRE DEL PROYECTO: MANTENIMIENTO Y RESTAURACIÓN FACHADAS Y REFORMA BLOQUE 13, 14 Y ZONAS VERDES ALEDAÑAS CAMPUS VALLE DEL LILI | H3: VERSIÓN
H4: PRELIMINAR
B5: OBJETO PROYECTO: CONTRATO A TODO COSTO PARA LA REPARACIÓN, MANTENIMIENTO Y RESTAURACIÓN DE LAS FACHADAS Y REFORMA DEL BLOQUE 13 (COLISEO), BLOQUE 14 (CENTRO CULTURAL) Y ADECUACIÓN ZONAS VERDE CONJUNTA, DE LA UNIVERSIDAD LIBRE - SECCIONAL CALI
B7: VALOR COSTO DIRECTO | E7: ='PRESUPUESTO DE OBRA'!G119 -> 0 | I7: % ADMIN TEORICO | J7: 0.1561
B8: VALOR COSTO TOTAL APROX. | E8: =E7*(1+J7+I50+I52*1.19) -> 0 | I8: % ADMIN OBTENIDO | J8: =I48 -> #DIV/0!
B9: DURACION OBRA EN MESES | E9: 6
B10: % ANTICIPO A SOLICITAR | E10: 0.4
B12: COSTOS ADMINISTRATIVOS | E12: VALOR MENSUAL | F12: %OCUP MES | G12: MESES DEDIC. | H12: VALOR PARCIAL | I12: %S/COSTOS DIRECTOS | J12: VALOR EN PESOS
B13: PERSONAL TECNICO Y ADM: (Incl.Pres.Soc) | E13: =SUM(E15:E18) -> 15000000 | H13: =SUM(H15:H17) -> 90000000 | I13: =H13/$E$7 -> #DIV/0! | J13: =SUM(J14:J18) -> 97500000
B14: DIRECTOR DE OBRA | E14: 12500000 | F14: 0.1 | G14: =E$9 -> 6 | H14: =E14*G14*(F14) -> 7500000 | I14: =H14/$E$7 -> #DIV/0! | J14: =E14*F14*(G14) -> 7500000
B15: INGENIERO / ARQUITECTO DE OBRA | E15: 6500000 | F15: 1 | G15: =E$9 -> 6 | H15: =E15*G15*(F15) -> 39000000 | I15: =H15/$E$7 -> #DIV/0! | J15: =E15*F15*(G15) -> 39000000
B16: MAESTRO DE OBRA | E16: 4500000 | F16: 1 | G16: =E$9 -> 6 | H16: =E16*G16*(F16) -> 27000000 | I16: =H16/$E$7 -> #DIV/0! | J16: =E16*F16*(G16) -> 27000000
B17: PROFESIONAL SISO | E17: 4000000 | F17: 1 | G17: =E$9 -> 6 | H17: =E17*G17*(F17) -> 24000000 | I17: =H17/$E$7 -> #DIV/0! | J17: =E17*F17*(G17) -> 24000000
B19: OFICINA, PAPELERIA Y OTROS: | E19: =SUM(E20:E26) -> 5440000 | F19: %Utiliz | G19: Meses | H19: =SUM(H20:H26) -> 31740000 | I19: =SUM(I20:I26) -> #DIV/0! | J19: =SUM(J20:J26) -> 31740000
B20: COSTO OFICINA | E20: 300000 | F20: 0.5 | G20: =E$9 -> 6 | H20: =E20*G20*(F20) -> 900000 | I20: =H20/$E$7 -> #DIV/0! | J20: =E20*F20*(G20) -> 900000
B21: COMPUTADORES | E21: 400000 | F21: 1 | G21: =E$9 -> 6 | H21: =E21*G21*(F21) -> 2400000 | I21: =H21/$E$7 -> #DIV/0! | J21: =E21*F21*(G21) -> 2400000
B22: COSTO PAPELERIA, FOTOCOPIAS,ETC | E22: 1500000 | F22: 1 | G22: =E$9 -> 6 | H22: =E22*G22*(F22) -> 9000000 | I22: =H22/$E$7 -> #DIV/0! | J22: =E22*F22*(G22) -> 9000000
B23: DOTACIÓN | E23: 2000000 | F23: 1 | G23: =E$9 -> 6 | H23: =E23*G23*(F23) -> 12000000 | I23: =H23/$E$7 -> #DIV/0! | J23: =E23*F23*(G23) -> 12000000
B24: BAÑO PORTATIL Y MANTENIMIENTO MENSUAL | E24: 400000 | F24: 1 | G24: =E$9 -> 6 | H24: =E24*G24*(F24) -> 2400000 | I24: =H24/$E$7 -> #DIV/0! | J24: =E24*F24*(G24) -> 2400000
B25: LABORATORIO DE GEOTECNIA | E25: 840000 | F25: 1 | G25: =E$9 -> 6 | H25: =E25*G25*(F25) -> 5040000 | I25: =H25/$E$7 -> #DIV/0! | J25: =E25*F25*(G25) -> 5040000
B27: LEGALIZACION DE CONTRATOS (Pólizas): | E27: % Requerido | F27: Durac+ (Meses) | G27: %Prima | H27: 4115322 | I27: =SUM(I28:I35) -> #DIV/0! | J27: =SUM(J28:J35) -> 0
B28: POLIZA DE CUMPLIMIENTO | E28: 0.3 | F28: 4 | G28: 0.0018 | H28: =$E$8*E28*G28 -> 0 | I28: =H28/$E$7 -> #DIV/0! | J28: =H28 -> 0
B29: POLIZA DE MANEJO DE ANTICIPO | E29: 1 | F29: 2 | G29: 0.0006 | H29: =E8*E10*G29 -> 0 | I29: =H29/$E$7 -> #DIV/0! | J29: =H29 -> 0
B30: POLIZA R. CIVIL EXTRACONTRACTUAL | E30: 0.3 | F30: 4 | G30: 0.008 | H30: =$E$8*E30*G30 -> 0 | I30: =H30/$E$7 -> #DIV/0! | J30: =H30 -> 0
B31: POLIZA DE ESTABILIDAD | E31: 0.2 | F31: 36 | G31: 0.018 | H31: =$E$8*E31*G31 -> 0 | I31: =H31/$E$7 -> #DIV/0! | J31: =H31 -> 0
B32: POLIZA DE SALARIO Y P. SOCIALES | E32: 0.1 | F32: 36 | G32: 0.01 | H32: =$E$8*E32*G32 -> 0 | I32: =H32/$E$7 -> #DIV/0! | J32: =H32 -> 0
J33: -
J34: -
B36: LEGALIZACION DEL CONTRATO (Otros) | H36: 0 | I36: 0 | J36: 0
H38: - | J38: -
B40: DESCUENTO SOBRE EL CONTRATO | E40: =SUM(E41:E45) -> 0.024 | F40: Vr. Ttl contrato | H40: =SUM(H41:H45) -> 0 | I40: =SUM(I41:I45) -> #DIV/0! | J40: =SUM(J41:J45) -> 0
B41: Reteica 2% | E41: 0 | F41: =$E$8 -> 0 | H41: =E41*F41 -> 0 | I41: =H41/$E$7 -> #DIV/0! | J41: =H41 -> 0
B42: Fondo de Innovación para la Competitividad (FIC) | E42: 0 | F42: =$E$8 -> 0 | H42: =E42*F42 -> 0 | I42: =H42/$E$7 -> #DIV/0! | J42: =H42 -> 0
B43: retención en la fuente 2% | E43: 0.02 | F43: =$E$8 -> 0 | H43: =E43*F43 -> 0 | I43: =H43/$E$7 -> #DIV/0! | J43: =H43 -> 0
B44: Gravamen Movimientos Financieros (4x1000) | E44: 0.004 | F44: =$E$8 -> 0 | H44: =E44*F44 -> 0 | I44: =H44/$E$7 -> #DIV/0! | J44: =H44 -> 0
B46: TOTAL COSTOS ADMINISTRATIVOS (SUMA) | J46: =J13+J19+J27+J36+J40 -> 129240000
B47: ADMINISTRACION
B48: TOTAL COSTOS ADMINISTRATIVOS | I48: =ROUND(J48/E7,4) -> #DIV/0! | J48: =J46 -> 129240000
B49: IMPREVISTOS:
B50: RESERVAS DEL PROPONENTE PARA IMPREVISTO | I50: 0 | J50: =E$7*I50 -> 0
B51: UTILIDAD
B52: RESERVA DEL PROPONENTE PARA EL CALCULO DE SU UTILIDAD | I52: 0.05 | J52: =E$7*I52 -> 0
B53: IVA SOBRE UTILIDAD
B54: RESERVA DEL PROPONENTE PARA EL CALCULO DE SU UTILIDAD | I54: 0.19 | J54: =J52*I54 -> 0
B56: COSTO TOTAL DE AIU | I56: =J56/E7 -> #DIV/0! | J56: =SUM(J48:J54) -> 129240000
C59: Firma: ______________________________
C60: Nombre:
C61: Cargo:

Sheet 1.01
B4: ANALISIS DE PRECIOS UNITARIOS
B6: Nombre del Proyecto | C6: MANTENIMIENTO Y RESTAURACIÓN FACHADAS Y REFORMA BLOQUE 13, 14 Y ZONAS VERDES ALEDAÑAS CAMPUS VALLE DEL LILI | D6: Fecha | E6: SEPT 2026 | F6: Versión | G6: PRELIMINAR
B7: Objeto Proyecto | C7: CONTRATO A TODO COSTO PARA LA REPARACIÓN, MANTENIMIENTO Y RESTAURACIÓN DE LAS FACHADAS Y REFORMA DEL BLOQUE 13 (COLISEO), BLOQUE 14 (CENTRO CULTURAL) Y ADECUACIÓN ZONAS VERDE CONJUNTA, DE LA UNIVERSIDAD LIBRE - SECCIONAL CALI | D7: No. de Contrato | E7: 001
B8: Contratista | C8: POR DEFINIR | D8: Capítulo | E8: 1. PRELIMINARES
B9: Código | C9: 1.01
B10: Actividad | C10: CAMPAMENTO. ALQUILER DE CONTENEDOR PARA ALMACEN.
B11: Unidad Medida | C11: MES
B13: Materiales
B14: Código | C14: Descripción | D14: U.M. | E14: Vr. Unitario | F14: Cantidad | G14: Vr. Parcial
G15: =F15*E15 -> 0
G16: =F16*E16 -> 0
B17: Total Materiales | G17: =SUM(G15:G16) -> 0
B19: Equipos
B20: Código | C20: Descripción | D20: U.M. | E20: Vr. Unitario | F20: Cantidad | G20: Vr. Parcial
C21: ALQUILER DE CONTENEDOR ESTÁNDAR DE 20 PIES | D21: MES | F21: 1 | G21: =F21*E21 -> 0
G22: =F22*E22 -> 0
B23: Total Equipos | G23: =SUM(G21:G22) -> 0
B25: Mano de Obra
B26: Código | C26: Descripción | D26: U.M. | E26: Vr. Unitario | F26: Cantidad | G26: Vr. Parcial
G27: =F27*E27 -> 0
G28: =F28*E28 -> 0
B29: Total Mano de Obra | G29: =SUM(G27:G28) -> 0
B31: Transporte
B32: Código | C32: Descripción | D32: U.M. | E32: Vr. Unitario | F32: Cantidad | G32: Vr. Parcial
G33: =F33*E33 -> 0
G34: =F34*E34 -> 0
B35: Total Transporte | G35: =SUM(G33:G34) -> 0
B37: Total Costos Directo | G37: =G35+G29+G23+G17 -> 0
B38: Factor Incremento | F38: 1 | G38: =G37*F38 -> 0
B39: Administracion | F39: 0.1561 | G39: =F39*G38 -> 0
B40: Imprevistos | F40: 0 | G40: =F40*G38 -> 0
B41: Utilidad | F41: 0.05 | G41: =F41*G38 -> 0
B42: IVA Sobre la Utilidad | F42: 0.19 | G42: =F42*G41 -> 0
B44: TOTAL | G44: =G42+G41+G40+G39+G38 -> 0

Sheet M-1.01
B4: MEMORIA DE CANTIDAD
B6: Nombre del Proyecto | C6: MANTENIMIENTO Y RESTAURACIÓN FACHADAS Y REFORMA BLOQUE 13, 14 Y ZONAS VERDES ALEDAÑAS CAMPUS VALLE DEL LILI | E6: Fecha | F6: SEPT 2026 | G6: Versión | H6: PRELIMINAR
B7: Objeto Proyecto | C7: CONTRATO A TODO COSTO PARA LA REPARACIÓN, MANTENIMIENTO Y RESTAURACIÓN DE LAS FACHADAS Y REFORMA DEL BLOQUE 13 (COLISEO), BLOQUE 14 (CENTRO CULTURAL) Y ADECUACIÓN ZONAS VERDE CONJUNTA, DE LA UNIVERSIDAD LIBRE - SECCIONAL CALI | E7: Capítulo | F7: ='1.01'!E8 -> 1. PRELIMINARES
B8: Contratista | C8: POR DEFINIR
B9: Código | C9: ="M-" & '1.01'!C9 -> M-1.01
B10: Actividad | C10: ='1.01'!C10 -> CAMPAMENTO. ALQUILER DE CONTENEDOR PARA ALMACEN.
B11: Unidad Medida | C11: ='1.01'!C11 -> MES
B13: DESCRIPCIÓN | C13: DIMENSIONES
C14: LONGITUD m | D14: ANCHO m | E14: ALTURA m | F14: =C11 -> MES | G14: N° DE UNIDADES | H14: SUBTOTAL
B15: COTENEDOR 20 PIES | F15: ='AIU%'!E9 -> 6 | G15: 1 | H15: =F15*G15 -> 6
B22: SUBTOTAL | H22: =SUM(H15:H21) -> 6
B23: TOTAL | H23: =H22 -> 6
B26: REGISTRO FOTOGRÁFICO DE OBRA
B27: INSERTAR FOTO

Sheet 1.02
B4: ANALISIS DE PRECIOS UNITARIOS
B6: Nombre del Proyecto | C6: MANTENIMIENTO Y RESTAURACIÓN FACHADAS Y REFORMA BLOQUE 13, 14 Y ZONAS VERDES ALEDAÑAS CAMPUS VALLE DEL LILI | D6: Fecha | E6: SEPT 2026 | F6: Versión | G6: PRELIMINAR
B7: Objeto Proyecto | C7: CONTRATO A TODO COSTO PARA LA REPARACIÓN, MANTENIMIENTO Y RESTAURACIÓN DE LAS FACHADAS Y REFORMA DEL BLOQUE 13 (COLISEO), BLOQUE 14 (CENTRO CULTURAL) Y ADECUACIÓN ZONAS VERDE CONJUNTA, DE LA UNIVERSIDAD LIBRE - SECCIONAL CALI | D7: No. de Contrato | E7: 001
B8: Contratista | C8: POR DEFINIR | D8: Capítulo | E8: 1. PRELIMINARES
B9: Código | C9: 1.02
B10: Actividad | C10: SUMINISTRO Y OPERACIÓN DE SISTEMA Y EQUIPOS CERTIFICADOS PARA TRABAJO EN ALTURAS, INCLUYE ANDAMIOS MULTIDIRECCIONALES, ANDAMIOS COLGANTES, ARNÉS Y SISTEMA DE PROTECCIÓN CONTRA CAÍDAS.
B11: Unidad Medida | C11: MES
B13: Materiales
B14: Código | C14: Descripción | D14: U.M. | E14: Vr. Unitario | F14: Cantidad | G14: Vr. Parcial
G15: =F15*E15 -> 0
G16: =F16*E16 -> 0
B17: Total Materiales | G17: =SUM(G15:G16) -> 0
B19: Equipos
B20: Código | C20: Descripción | D20: U.M. | E20: Vr. Unitario | F20: Cantidad | G20: Vr. Parcial
C21: ALQUILER DE ANDAMIOS CERTIFICADOS PARA TRABAJO EN ALTURA | D21: MES | F21: 1 | G21: =F21*E21 -> 0
C22: EQUIPO PARA TRABAJO EN ALTURA | D22: MES | F22: 1 | G22: =F22*E22 -> 0
G23: =F23*E23 -> 0
B24: Total Equipos | G24: =SUM(G21:G23) -> 0
B26: Mano de Obra
B27: Código | C27: Descripción | D27: U.M. | E27: Vr. Unitario | F27: Cantidad | G27: Vr. Parcial
G28: =F28*E28 -> 0
G29: =F29*E29 -> 0
B30: Total Mano de Obra | G30: =SUM(G28:G29) -> 0
B32: Transporte
B33: Código | C33: Descripción | D33: U.M. | E33: Vr. Unitario | F33: Cantidad | G33: Vr. Parcial
G34: =F34*E34 -> 0
G35: =F35*E35 -> 0
B36: Total Transporte | G36: =SUM(G34:G35) -> 0
B38: Total Costos Directo | G38: =G36+G30+G24+G17 -> 0
B39: Factor Incremento | F39: 1 | G39: =G38*F39 -> 0
B40: Administracion | F40: 0.1561 | G40: =F40*G39 -> 0
B41: Imprevistos | F41: 0 | G41: =F41*G39 -> 0
B42: Utilidad | F42: 0.05 | G42: =F42*G39 -> 0
B43: IVA Sobre la Utilidad | F43: 0.19 | G43: =F43*G42 -> 0
B45: TOTAL | G45: =G43+G42+G41+G40+G39 -> 0

Sheet M-1.02
B4: MEMORIA DE CANTIDAD
B6: Nombre del Proyecto | C6: MANTENIMIENTO Y RESTAURACIÓN FACHADAS Y REFORMA BLOQUE 13, 14 Y ZONAS VERDES ALEDAÑAS CAMPUS VALLE DEL LILI | E6: Fecha | F6: SEPT 2026 | G6: Versión | H6: PRELIMINAR
B7: Objeto Proyecto | C7: CONTRATO A TODO COSTO PARA LA REPARACIÓN, MANTENIMIENTO Y RESTAURACIÓN DE LAS FACHADAS Y REFORMA DEL BLOQUE 13 (COLISEO), BLOQUE 14 (CENTRO CULTURAL) Y ADECUACIÓN ZONAS VERDE CONJUNTA, DE LA UNIVERSIDAD LIBRE - SECCIONAL CALI | E7: Capítulo | F7: ='1.02'!E8 -> 1. PRELIMINARES
B8: Contratista | C8: POR DEFINIR
B9: Código | C9: ="M-" & '1.02'!C9 -> M-1.02
B10: Actividad | C10: ='1.02'!C10 -> SUMINISTRO Y OPERACIÓN DE SISTEMA Y EQUIPOS CERTIFICADOS PARA TRABAJO EN ALTURAS, INCLUYE ANDAMIOS MULTIDIRECCIONALES, ANDAMIOS COLGANTES, ARNÉS Y SISTEMA DE PROTECCIÓN CONTRA CAÍDAS.
B11: Unidad Medida | C11: ='1.02'!C11 -> MES
B13: DESCRIPCIÓN | C13: DIMENSIONES
C14: LONGITUD m | D14: ANCHO m | E14: ALTURA m | F14: =C11 -> MES | G14: N° DE UNIDADES | H14: SUBTOTAL
B15: EQUIPO | F15: ='AIU%'!E9 -> 6 | G15: 1 | H15: =F15*G15 -> 6
B31: SUBTOTAL | H31: =SUM(H15:H30) -> 6
B32: TOTAL | H32: =H31 -> 6
B35: REGISTRO FOTOGRÁFICO DE OBRA
B36: INSERTAR FOTO

Sheet 1.03
B4: ANALISIS DE PRECIOS UNITARIOS
B6: Nombre del Proyecto | C6: MANTENIMIENTO Y RESTAURACIÓN FACHADAS Y REFORMA BLOQUE 13, 14 Y ZONAS VERDES ALEDAÑAS CAMPUS VALLE DEL LILI | D6: Fecha | E6: SEPT 2026 | F6: Versión | G6: PRELIMINAR
B7: Objeto Proyecto | C7: CONTRATO A TODO COSTO PARA LA REPARACIÓN, MANTENIMIENTO Y RESTAURACIÓN DE LAS FACHADAS Y REFORMA DEL BLOQUE 13 (COLISEO), BLOQUE 14 (CENTRO CULTURAL) Y ADECUACIÓN ZONAS VERDE CONJUNTA, DE LA UNIVERSIDAD LIBRE - SECCIONAL CALI | D7: No. de Contrato | E7: 001
B8: Contratista | C8: POR DEFINIR | D8: Capítulo | E8: 1. PRELIMINARES
B9: Código | C9: 1.03
B10: Actividad | C10: SUMINISTRO E INSTALACIÓN DE SISTEMA DE LÍNEA DE VIDA HORIZONTAL TEMPORAL PARA TRABAJO SEGURO EN CUBIERTA DE COLISEO
B11: Unidad Medida | C11: ML
B13: Materiales
B14: Código | C14: Descripción | D14: U.M. | E14: Vr. Unitario | F14: Cantidad | G14: Vr. Parcial
C15: Cable de acero galvanizado 1/8" | D15: ML | F15: 1.05 | G15: =F15*E15 -> 0
C16: Kit de anclajes extremos y tensor | D16: UND | F16: 0.03 | G16: =F16*E16 -> 0
C17: Absorbedor de energía | D17: UND | F17: 0.03 | G17: =F17*E17 -> 0
C18: Sistema de anclaje a cubierta (bases, pernos) | D18: UND | F18: 0.03 | G18: =F18*E18 -> 0
G19: =F19*E19 -> 0
B20: Total Materiales | G20: =SUM(G15:G19) -> 0
B22: Equipos
B23: Código | C23: Descripción | D23: U.M. | E23: Vr. Unitario | F23: Cantidad | G23: Vr. Parcial
B24: ABC001 | C24: HERRAMIENTA Y EQUIPO MENOR | D24: % | F24: 0.03 | G24: =F24*E24 -> 0
G25: =F25*E25 -> 0
B26: Total Equipos | G26: =SUM(G24:G25) -> 0
B28: Mano de Obra
B29: Código | C29: Descripción | D29: U.M. | E29: Vr. Unitario | F29: Cantidad | G29: Vr. Parcial
C30: Técnico Instalador + Porfesional | D30: DIA | F30: 0.08 | G30: =F30*E30 -> 0
G31: =F31*E31 -> 0
B32: Total Mano de Obra | G32: =SUM(G30:G31) -> 0
B34: Transporte
B35: Código | C35: Descripción | D35: U.M. | E35: Vr. Unitario | F35: Cantidad | G35: Vr. Parcial
G37: =F37*E37 -> 0
B38: Total Transporte | G38: =SUM(G36:G37) -> 0
B40: Total Costos Directo | G40: =ROUND(G38+G32+G26+G20,0) -> 0
B41: Factor Incremento | F41: 1 | G41: =G40*F41 -> 0
B42: Administracion | F42: 0.1561 | G42: =F42*G41 -> 0
B43: Imprevistos | F43: 0 | G43: =F43*G41 -> 0
B44: Utilidad | F44: 0.05 | G44: =F44*G41 -> 0
B45: IVA Sobre la Utilidad | F45: 0.19 | G45: =F45*G44 -> 0
B47: TOTAL | G47: =G45+G44+G43+G42+G41 -> 0

Sheet M-1.03
B4: MEMORIA DE CANTIDAD
B6: Nombre del Proyecto | C6: MANTENIMIENTO Y RESTAURACIÓN FACHADAS Y REFORMA BLOQUE 13, 14 Y ZONAS VERDES ALEDAÑAS CAMPUS VALLE DEL LILI | E6: Fecha | F6: SEPT 2026 | G6: Versión | H6: PRELIMINAR
B7: Objeto Proyecto | C7: CONTRATO A TODO COSTO PARA LA REPARACIÓN, MANTENIMIENTO Y RESTAURACIÓN DE LAS FACHADAS Y REFORMA DEL BLOQUE 13 (COLISEO), BLOQUE 14 (CENTRO CULTURAL) Y ADECUACIÓN ZONAS VERDE CONJUNTA, DE LA UNIVERSIDAD LIBRE - SECCIONAL CALI | E7: Capítulo | F7: ='1.03'!E8 -> 1. PRELIMINARES
B8: Contratista | C8: POR DEFINIR
B9: Código | C9: ="M-" & '1.03'!C9 -> M-1.03
B10: Actividad | C10: ='1.03'!C10 -> SUMINISTRO E INSTALACIÓN DE SISTEMA DE LÍNEA DE VIDA HORIZONTAL TEMPORAL PARA TRABAJO SEGURO EN CUBIERTA DE COLISEO
B11: Unidad Medida | C11: ='1.03'!C11 -> ML
B13: DESCRIPCIÓN | C13: DIMENSIONES
C14: LONGITUD m | D14: ANCHO m | E14: ALTURA m | F14: =C11 -> ML | G14: N° DE UNIDADES | H14: SUBTOTAL
B15: ANCHO COLISEO | C15: 36 | F15: =ROUND(IF(C15=0,1,C15)*IF(D15=0,1,D15)*IF(E15=0,1,E15),2) -> 36 | G15: 1 | H15: =F15*G15 -> 36
B21: SUBTOTAL | H21: =SUM(H15:H20) -> 36
B22: TOTAL | H22: =H21 -> 36
B25: REGISTRO FOTOGRÁFICO DE OBRA

Sheet 1.04
B4: ANALISIS DE PRECIOS UNITARIOS
B6: Nombre del Proyecto | C6: MANTENIMIENTO Y RESTAURACIÓN FACHADAS Y REFORMA BLOQUE 13, 14 Y ZONAS VERDES ALEDAÑAS CAMPUS VALLE DEL LILI | D6: Fecha | E6: SEPT 2026 | F6: Versión | G6: PRELIMINAR
B7: Objeto Proyecto | C7: CONTRATO A TODO COSTO PARA LA REPARACIÓN, MANTENIMIENTO Y RESTAURACIÓN DE LAS FACHADAS Y REFORMA DEL BLOQUE 13 (COLISEO), BLOQUE 14 (CENTRO CULTURAL) Y ADECUACIÓN ZONAS VERDE CONJUNTA, DE LA UNIVERSIDAD LIBRE - SECCIONAL CALI | D7: No. de Contrato | E7: 001
B8: Contratista | C8: POR DEFINIR | D8: Capítulo | E8: 1. PRELIMINARES
B9: Código | C9: 1.04
B10: Actividad | C10: LIMPIEZA GENERAL DE OBRA
B11: Unidad Medida | C11: M2
B13: Materiales
B14: Código | C14: Descripción | D14: U.M. | E14: Vr. Unitario | F14: Cantidad | G14: Vr. Parcial
G15: =F15*E15 -> 0
G16: =F16*E16 -> 0
B17: Total Materiales | G17: =SUM(G15:G16) -> 0
B19: Equipos
B20: Código | C20: Descripción | D20: U.M. | E20: Vr. Unitario | F20: Cantidad | G20: Vr. Parcial
B21: ABC001 | C21: HERRAMIENTA Y EQUIPO MENOR | D21: % | F21: 0.03 | G21: =F21*E21 -> 0
G22: =F22*E22 -> 0
B23: Total Equipos | G23: =SUM(G21:G22) -> 0
B25: Mano de Obra
B26: Código | C26: Descripción | D26: U.M. | E26: Vr. Unitario | F26: Cantidad | G26: Vr. Parcial
C27: AYUDANTE OBRA | D27: HR | F27: 0.2 | G27: =F27*E27 -> 0
G28: =F28*E28 -> 0
B29: Total Mano de Obra | G29: =SUM(G27:G28) -> 0
B31: Transporte
B32: Código | C32: Descripción | D32: U.M. | E32: Vr. Unitario | F32: Cantidad | G32: Vr. Parcial
G34: =F34*E34 -> 0
B35: Total Transporte | G35: =SUM(G33:G34) -> 0
B37: Total Costos Directo | G37: =ROUND(G35+G29+G23+G17,0) -> 0
B38: Factor Incremento | F38: 1 | G38: =G37*F38 -> 0
B39: Administracion | F39: 0.1561 | G39: =F39*G38 -> 0
B40: Imprevistos | F40: 0 | G40: =F40*G38 -> 0
B41: Utilidad | F41: 0.05 | G41: =F41*G38 -> 0
B42: IVA Sobre la Utilidad | F42: 0.19 | G42: =F42*G41 -> 0
B44: TOTAL | G44: =G42+G41+G40+G39+G38 -> 0

Sheet M-1.04
B4: MEMORIA DE CANTIDAD
B6: Nombre del Proyecto | C6: MANTENIMIENTO Y RESTAURACIÓN FACHADAS Y REFORMA BLOQUE 13, 14 Y ZONAS VERDES ALEDAÑAS CAMPUS VALLE DEL LILI | E6: Fecha | F6: SEPT 2026 | G6: Versión | H6: PRELIMINAR
B7: Objeto Proyecto | C7: CONTRATO A TODO COSTO PARA LA REPARACIÓN, MANTENIMIENTO Y RESTAURACIÓN DE LAS FACHADAS Y REFORMA DEL BLOQUE 13 (COLISEO), BLOQUE 14 (CENTRO CULTURAL) Y ADECUACIÓN ZONAS VERDE CONJUNTA, DE LA UNIVERSIDAD LIBRE - SECCIONAL CALI | E7: Capítulo | F7: ='1.04'!E8 -> 1. PRELIMINARES
B8: Contratista | C8: POR DEFINIR
B9: Código | C9: ="M-" & '1.04'!C9 -> M-1.04
B10: Actividad | C10: ='1.04'!C10 -> LIMPIEZA GENERAL DE OBRA
B11: Unidad Medida | C11: ='1.04'!C11 -> M2
B13: DESCRIPCIÓN | C13: DIMENSIONES
C14: LONGITUD m | D14: ANCHO m | E14: ALTURA m | F14: =C11 -> M2 | G14: N° DE UNIDADES | H14: SUBTOTAL
B15: ÁREA INTERVENSIÓN COLISEO | F15: 1200 | G15: 1 | H15: =F15*G15 -> 1200
B16: ÁREA ZONA VERDE | F16: 1724 | G16: 1 | H16: =F16*G16 -> 1724
B21: SUBTOTAL | H21: =SUM(H15:H20) -> 2924
B22: TOTAL | H22: =H21 -> 2924
B25: REGISTRO FOTOGRÁFICO DE OBRA

Sheet 1.05
B4: ANALISIS DE PRECIOS UNITARIOS
B6: Nombre del Proyecto | C6: MANTENIMIENTO Y RESTAURACIÓN FACHADAS Y REFORMA BLOQUE 13, 14 Y ZONAS VERDES ALEDAÑAS CAMPUS VALLE DEL LILI | D6: Fecha | E6: SEPT 2026 | F6: Versión | G6: PRELIMINAR
B7: Objeto Proyecto | C7: CONTRATO A TODO COSTO PARA LA REPARACIÓN, MANTENIMIENTO Y RESTAURACIÓN DE LAS FACHADAS Y REFORMA DEL BLOQUE 13 (COLISEO), BLOQUE 14 (CENTRO CULTURAL) Y ADECUACIÓN ZONAS VERDE CONJUNTA, DE LA UNIVERSIDAD LIBRE - SECCIONAL CALI | D7: No. de Contrato | E7: 001
B8: Contratista | C8: POR DEFINIR | D8: Capítulo | E8: 1. PRELIMINARES
B9: Código | C9: 1.05
B10: Actividad | C10: LOCALIZACIÓN Y REPLANTEO PARQUES Y ZONAS VERDES
B11: Unidad Medida | C11: M2
B13: Materiales
B14: Código | C14: Descripción | D14: U.M. | E14: Vr. Unitario | F14: Cantidad | G14: Vr. Parcial
C15: LISTON OTOBO 2" X 2" X 300 CM | D15: UND | F15: 0.03 | G15: =F15*E15 -> 0
C16: PUNTILLA CON CABEZA 2" | D16: LB | F16: 0.01 | G16: =F16*E16 -> 0
C17: PIOLA GRUESA 50 METROS | D17: ROLLO | F17: 0.01 | G17: =F17*E17 -> 0
C18: PINTURA EN ACEITE | D18: GL | F18: 0.002 | G18: =F18*E18 -> 0
G19: =F19*E19 -> 0
G20: =F20*E20 -> 0
B21: Total Materiales | G21: =SUM(G15:G20) -> 0
B23: Equipos
B24: Código | C24: Descripción | D24: U.M. | E24: Vr. Unitario | F24: Cantidad | G24: Vr. Parcial
B25: ABC001 | C25: HERRAMIENTA Y EQUIPO MENOR | D25: % | F25: 0.03 | G25: =F25*E25 -> 0
C26: EQUIPO DE TOPOGRAFIA CALIBRADO | D26: GB | F26: 0.02 | G26: =F26*E26 -> 0
G27: =F27*E27 -> 0
B28: Total Equipos | G28: =SUM(G25:G27) -> 0
B30: Mano de Obra
B31: Código | C31: Descripción | D31: U.M. | E31: Vr. Unitario | F31: Cantidad | G31: Vr. Parcial
C32: CUADRILLA DE CONSTRUCCIÓN TIPO 1 (1 OFICIAL + 1 AYUDANTE) | D32: HC | F32: 0.3 | G32: =F32*E32 -> 0
C33: M.O. TOPOGRAFIA 1 CADENERO + 1 TOPOG. | D33: DIA | F33: 0.02 | G33: =F33*E33 -> 0
G34: =F34*E34 -> 0
B35: Total Mano de Obra | G35: =SUM(G32:G34) -> 0
B37: Transporte
B38: Código | C38: Descripción | D38: U.M. | E38: Vr. Unitario | F38: Cantidad | G38: Vr. Parcial
G40: =F40*E40 -> 0
B41: Total Transporte | G41: =SUM(G39:G40) -> 0
B43: Total Costos Directo | G43: =ROUND(G41+G35+G28+G21,0) -> 0
B44: Factor Incremento | F44: 1 | G44: =G43*F44 -> 0
B45: Administracion | F45: 0.1561 | G45: =F45*G44 -> 0
B46: Imprevistos | F46: 0 | G46: =F46*G44 -> 0
B47: Utilidad | F47: 0.05 | G47: =F47*G44 -> 0
B48: IVA Sobre la Utilidad | F48: 0.19 | G48: =F48*G47 -> 0
B50: TOTAL | G50: =G48+G47+G46+G45+G44 -> 0

Sheet M-1.05
B4: MEMORIA DE CANTIDAD
B6: Nombre del Proyecto | C6: MANTENIMIENTO Y RESTAURACIÓN FACHADAS Y REFORMA BLOQUE 13, 14 Y ZONAS VERDES ALEDAÑAS CAMPUS VALLE DEL LILI | E6: Fecha | F6: SEPT 2026 | G6: Versión | H6: PRELIMINAR
B7: Objeto Proyecto | C7: CONTRATO A TODO COSTO PARA LA REPARACIÓN, MANTENIMIENTO Y RESTAURACIÓN DE LAS FACHADAS Y REFORMA DEL BLOQUE 13 (COLISEO), BLOQUE 14 (CENTRO CULTURAL) Y ADECUACIÓN ZONAS VERDE CONJUNTA, DE LA UNIVERSIDAD LIBRE - SECCIONAL CALI | E7: Capítulo | F7: ='1.05'!E8 -> 1. PRELIMINARES
B8: Contratista | C8: POR DEFINIR
B9: Código | C9: ="M-" & '1.05'!C9 -> M-1.05
B10: Actividad | C10: ='1.05'!C10 -> LOCALIZACIÓN Y REPLANTEO PARQUES Y ZONAS VERDES
B11: Unidad Medida | C11: ='1.05'!C11 -> M2
B13: DESCRIPCIÓN | C13: DIMENSIONES
C14: LONGITUD m | D14: ANCHO m | E14: ALTURA m | F14: =C11 -> M2 | G14: N° DE UNIDADES | H14: SUBTOTAL
B15: ÁREA ZONA VERDE | F15: 1723.83 | G15: 1 | H15: =F15*G15 -> 1723.83
B21: SUBTOTAL | H21: =SUM(H15:H20) -> 1723.83
B22: TOTAL | H22: =H21 -> 1723.83
B25: REGISTRO FOTOGRÁFICO DE OBRA

Sheet 1.06
B4: ANALISIS DE PRECIOS UNITARIOS
B6: Nombre del Proyecto | C6: MANTENIMIENTO Y RESTAURACIÓN FACHADAS Y REFORMA BLOQUE 13, 14 Y ZONAS VERDES ALEDAÑAS CAMPUS VALLE DEL LILI | D6: Fecha | E6: SEPT 2026 | F6: Versión | G6: PRELIMINAR
B7: Objeto Proyecto | C7: CONTRATO A TODO COSTO PARA LA REPARACIÓN, MANTENIMIENTO Y RESTAURACIÓN DE LAS FACHADAS Y REFORMA DEL BLOQUE 13 (COLISEO), BLOQUE 14 (CENTRO CULTURAL) Y ADECUACIÓN ZONAS VERDE CONJUNTA, DE LA UNIVERSIDAD LIBRE - SECCIONAL CALI | D7: No. de Contrato | E7: 001
B8: Contratista | C8: POR DEFINIR | D8: Capítulo | E8: 1. PRELIMINARES
B9: Código | C9: 1.06
B10: Actividad | C10: CERRAMIENTO PROVISIONAL EN POLIPROPILENO VERDE H= 2.10 M. INCLUYE MANTENIMIENTO DURANTE TODO EL PERIODO DE LA OBRA.
B11: Unidad Medida | C11: ML
B13: Materiales
B14: Código | C14: Descripción | D14: U.M. | E14: Vr. Unitario | F14: Cantidad | G14: Vr. Parcial
C15: GUADUA [TACO] 2.50-3M | D15: UND | F15: 0.3 | G15: =F15*E15 -> 0
C16: PUNTILLA CON CABEZA 2" | F16: 0.2 | G16: =F16*E16 -> 0
C17: ALAMBRE GALVANIZADO CALIBRE 18 | F17: 0.3 | G17: =F17*E17 -> 0
C18: MALLA FIBRA TEJIDA H=2.10M | F18: 1.6 | G18: =F18*E18 -> 0
G19: =F19*E19 -> 0
G20: =F20*E20 -> 0
B21: Total Materiales | G21: =SUM(G15:G20) -> 0
B23: Equipos
B24: Código | C24: Descripción | D24: U.M. | E24: Vr. Unitario | F24: Cantidad | G24: Vr. Parcial
B25: ABC001 | C25: HERRAMIENTA Y EQUIPO MENOR | D25: % | F25: 0.03 | G25: =F25*E25 -> 0
G26: =F26*E26 -> 0
B27: Total Equipos | G27: =SUM(G25:G26) -> 0
B29: Mano de Obra
B30: Código | C30: Descripción | D30: U.M. | E30: Vr. Unitario | F30: Cantidad | G30: Vr. Parcial
C31: CUADRILLA DE CONSTRUCCIÓN TIPO 1 (1 OFICIAL + 1 AYUDANTE) | D31: HC | F31: 0.3 | G31: =F31*E31 -> 0
G32: =F32*E32 -> 0
B33: Total Mano de Obra | G33: =SUM(G31:G32) -> 0
B35: Transporte
B36: Código | C36: Descripción | D36: U.M. | E36: Vr. Unitario | F36: Cantidad | G36: Vr. Parcial
G38: =F38*E38 -> 0
B39: Total Transporte | G39: =SUM(G37:G38) -> 0
B41: Total Costos Directo | G41: =ROUND(G39+G33+G27+G21,0) -> 0
B42: Factor Incremento | F42: 1 | G42: =G41*F42 -> 0
B43: Administracion | F43: 0.1561 | G43: =F43*G42 -> 0
B44: Imprevistos | F44: 0 | G44: =F44*G42 -> 0
B45: Utilidad | F45: 0.05 | G45: =F45*G42 -> 0
B46: IVA Sobre la Utilidad | F46: 0.19 | G46: =F46*G45 -> 0
B48: TOTAL | G48: =G46+G45+G44+G43+G42 -> 0

Sheet M-1.06
B4: MEMORIA DE CANTIDAD
B6: Nombre del Proyecto | C6: MANTENIMIENTO Y RESTAURACIÓN FACHADAS Y REFORMA BLOQUE 13, 14 Y ZONAS VERDES ALEDAÑAS CAMPUS VALLE DEL LILI | E6: Fecha | F6: SEPT 2026 | G6: Versión | H6: PRELIMINAR
B7: Objeto Proyecto | C7: CONTRATO A TODO COSTO PARA LA REPARACIÓN, MANTENIMIENTO Y RESTAURACIÓN DE LAS FACHADAS Y REFORMA DEL BLOQUE 13 (COLISEO), BLOQUE 14 (CENTRO CULTURAL) Y ADECUACIÓN ZONAS VERDE CONJUNTA, DE LA UNIVERSIDAD LIBRE - SECCIONAL CALI | E7: Capítulo | F7: ='1.06'!E8 -> 1. PRELIMINARES
B8: Contratista | C8: POR DEFINIR
B9: Código | C9: ="M-" & '1.06'!C9 -> M-1.06
B10: Actividad | C10: ='1.06'!C10 -> CERRAMIENTO PROVISIONAL EN POLIPROPILENO VERDE H= 2.10 M. INCLUYE MANTENIMIENTO DURANTE TODO EL PERIODO DE LA OBRA.
B11: Unidad Medida | C11: ='1.06'!C11 -> ML
B13: DESCRIPCIÓN | C13: DIMENSIONES
C14: LONGITUD m | D14: ANCHO m | E14: ALTURA m | F14: =C11 -> ML | G14: N° DE UNIDADES | H14: SUBTOTAL
B15: CERRAMIENTO PERIMETRAL | F15: 210 | G15: 1 | H15: =F15*G15 -> 210
B24: SUBTOTAL | H24: =SUM(H15:H23) -> 210
B25: TOTAL | H25: =H24 -> 210
B28: REGISTRO FOTOGRÁFICO DE OBRA

Sheet 2.01
B4: ANALISIS DE PRECIOS UNITARIOS
B6: Nombre del Proyecto | C6: MANTENIMIENTO Y RESTAURACIÓN FACHADAS Y REFORMA BLOQUE 13, 14 Y ZONAS VERDES ALEDAÑAS CAMPUS VALLE DEL LILI | D6: Fecha | E6: SEPT 2026 | F6: Versión | G6: PRELIMINAR
B7: Objeto Proyecto | C7: CONTRATO A TODO COSTO PARA LA REPARACIÓN, MANTENIMIENTO Y RESTAURACIÓN DE LAS FACHADAS Y REFORMA DEL BLOQUE 13 (COLISEO), BLOQUE 14 (CENTRO CULTURAL) Y ADECUACIÓN ZONAS VERDE CONJUNTA, DE LA UNIVERSIDAD LIBRE - SECCIONAL CALI | D7: No. de Contrato | E7: 001
B8: Contratista | C8: POR DEFINIR | D8: Capítulo | E8: 2. RETIROS Y DEMOLICIONES
B9: Código | C9: 2.01
B10: Actividad | C10: DEMOLICIONES DE REPELLO Y PINUTRA EXISTENTE EN FACHADAS. LIMPIEZA DE LA SUPERFICIE HASTA QUEDAR APTA PARA APLICAR REPELLO NUEVO.
B11: Unidad Medida | C11: M2
B13: Materiales
B14: Código | C14: Descripción | D14: U.M. | E14: Vr. Unitario | F14: Cantidad | G14: Vr. Parcial
G15: =F15*E15 -> 0
G16: =F16*E16 -> 0
B17: Total Materiales | G17: =SUM(G15:G16) -> 0
B19: Equipos
B20: Código | C20: Descripción | D20: U.M. | E20: Vr. Unitario | F20: Cantidad | G20: Vr. Parcial
C21: MARTILLO DEMOLEDOR ELÉCTRICO | D21: DIA | F21: 0.07 | G21: =F21*E21 -> 0
G22: =F22*E22 -> 0
G23: =F23*E23 -> 0
B24: Total Equipos | G24: =SUM(G21:G23) -> 0
B26: Mano de Obra
B27: Código | C27: Descripción | D27: U.M. | E27: Vr. Unitario | F27: Cantidad | G27: Vr. Parcial
B28: C0201001 | C28: AYUDANTE OBRA | D28: HR | F28: 1 | G28: =F28*E28 -> 0
G29: =F29*E29 -> 0
B30: Total Mano de Obra | G30: =SUM(G28:G29) -> 0
B32: Transporte
B33: Código | C33: Descripción | D33: U.M. | E33: Vr. Unitario | F33: Cantidad | G33: Vr. Parcial
B34: ABC001 | C34: HERRAMIENTA Y EQUIPO MENOR | D34: % | F34: 0.03 | G34: =F34*E34 -> 0
G35: =F35*E35 -> 0
B36: Total Transporte | G36: =SUM(G34:G35) -> 0
B38: Total Costos Directo | G38: =INT(G36+G30+G24+G17) -> 0
B39: Factor Incremento | F39: 1 | G39: =G38*F39 -> 0
B40: Administracion | F40: 0.1561 | G40: =F40*G39 -> 0
B41: Imprevistos | F41: 0 | G41: =F41*G39 -> 0
B42: Utilidad | F42: 0.05 | G42: =F42*G39 -> 0
B43: IVA Sobre la Utilidad | F43: 0.19 | G43: =F43*G42 -> 0
B45: TOTAL | G45: =G43+G42+G41+G40+G39 -> 0

Sheet M-2.01
B4: MEMORIA DE CANTIDAD
B6: Nombre del Proyecto | C6: MANTENIMIENTO Y RESTAURACIÓN FACHADAS Y REFORMA BLOQUE 13, 14 Y ZONAS VERDES ALEDAÑAS CAMPUS VALLE DEL LILI | E6: Fecha | F6: SEPT 2026 | G6: Versión | H6: PRELIMINAR
B7: Objeto Proyecto | C7: CONTRATO A TODO COSTO PARA LA REPARACIÓN, MANTENIMIENTO Y RESTAURACIÓN DE LAS FACHADAS Y REFORMA DEL BLOQUE 13 (COLISEO), BLOQUE 14 (CENTRO CULTURAL) Y ADECUACIÓN ZONAS VERDE CONJUNTA, DE LA UNIVERSIDAD LIBRE - SECCIONAL CALI | E7: Capítulo | F7: ='2.01'!E8 -> 2. RETIROS Y DEMOLICIONES
B8: Contratista | C8: POR DEFINIR
B9: Código | C9: ="M-" & '2.01'!C9 -> M-2.01
B10: Actividad | C10: ='2.01'!C10 -> DEMOLICIONES DE REPELLO Y PINUTRA EXISTENTE EN FACHADAS. LIMPIEZA DE LA SUPERFICIE HASTA QUEDAR APTA PARA APLICAR REPELLO NUEVO.
B11: Unidad Medida | C11: ='2.01'!C11 -> M2
B13: DESCRIPCIÓN | C13: DIMENSIONES
C14: LONGITUD m | D14: ANCHO m | E14: ALTURA m | F14: =C11 -> M2 | G14: N° DE UNIDADES | H14: SUBTOTAL
B15: TORRE 13
F16: 1446 | G16: 1 | H16: =F16*G16 -> 1446
F17: =ROUND(IF(C17=0,1,C17)*IF(D17=0,1,D17)*IF(E17=0,1,E17),2) -> 1 | H17: =F17*G17 -> 0
B18: TORRE 14
C19: 15 | E19: 3.4 | F19: =ROUND(IF(C19=0,1,C19)*IF(D19=0,1,D19)*IF(E19=0,1,E19),2) -> 51 | G19: 4 | H19: =F19*G19 -> 204
B22: SUBTOTAL | H22: =ROUND(SUM(H15:H21),2) -> 1650
B23: TOTAL | H23: =H22 -> 1650
B26: REGISTRO FOTOGRÁFICO DE OBRA
B27: INSERTAR FOTO

Sheet 2.02
B4: ANÁLISIS DE PRECIOS UNITARIOS
B6: Nombre del Proyecto | C6: MANTENIMIENTO Y RESTAURACIÓN FACHADAS Y REFORMA BLOQUE 13, 14 Y ZONAS VERDES ALEDAÑAS CAMPUS VALLE DEL LILI | D6: Fecha | E6: SEPT 2026 | F6: Versión | G6: PRELIMINAR
B7: Objeto Proyecto | C7: CONTRATO A TODO COSTO PARA LA REPARACIÓN, MANTENIMIENTO Y RESTAURACIÓN DE LAS FACHADAS Y REFORMA DEL BLOQUE 13 (COLISEO), BLOQUE 14 (CENTRO CULTURAL) Y ADECUACIÓN ZONAS VERDE CONJUNTA, DE LA UNIVERSIDAD LIBRE - SECCIONAL CALI | D7: No. de Contrato | E7: 001
B8: Contratista | C8: POR DEFINIR | D8: Capítulo | E8: 2. RETIROS Y DEMOLICIONES
B9: Código | C9: 2.02
B10: Actividad | C10: RETIRO DE ESCOMBROS INCLUYE ACARREO INTERNO, CARGUE MANUAL, Y DISPOSICIÓN FINAL A 25KM A PUNTO AMBIENTAL AUTORIZADO. VOLUMEN SUELTO MEDIDO EN VOLQUETA
B11: Unidad Medida | C11: M3
B13: Materiales
B14: Código | C14: Descripción | D14: U.M. | E14: Vr. Unitario | F14: Cantidad | G14: Vr. Parcial
C15: REMISIÓN O BOLETA CERTIFICADO DEL BOTADERO | D15: M3 | F15: 1 | G15: =F15*E15 -> 0
G16: =F16*E16 -> 0
B17: Total Materiales | G17: =SUM(G15:G16) -> 0
B19: Equipos
B20: Código | C20: Descripción | D20: U.M. | E20: Vr. Unitario | F20: Cantidad | G20: Vr. Parcial
G22: =F22*E22 -> 0
B23: Total Equipos | G23: =SUM(G21:G22) -> 0
B25: Mano de Obra
B26: Código | C26: Descripción | D26: U.M. | E26: Vr. Unitario | F26: Cantidad | G26: Vr. Parcial
B27: C0201001 | C27: AYUDANTE OBRA | D27: HR | F27: 2 | G27: =F27*E27 -> 0
G28: =F28*E28 -> 0
B29: Total Mano de Obra | G29: =SUM(G27:G28) -> 0
B31: Transporte
B32: Código | C32: Descripción | D32: U.M. | E32: Vr. Unitario | F32: Cantidad | G32: Vr. Parcial
B33: ABC001 | C33: HERRAMIENTA Y EQUIPO MENOR | D33: % | E33: =$G$29 -> 0 | F33: 0.03 | G33: =F33*E33 -> 0
C34: VIAJE VOLQUETA A 25 KM | D34: M3/KM | F34: 25 | G34: =F34*E34 -> 0
G35: =F35*E35 -> 0
B36: Total Transporte | G36: =SUM(G33:G35) -> 0
B38: Total Costos Directo | G38: =INT(G36+G29+G23+G17) -> 0
B39: Factor Incremento | F39: 1 | G39: =G38*F39 -> 0
B40: Administración | F40: 0.1561 | G40: =F40*G39 -> 0
B41: Imprevistos | F41: 0 | G41: =F41*G39 -> 0
B42: Utilidad | F42: 0.05 | G42: =F42*G39 -> 0
B43: IVA Sobre la Utilidad | F43: 0.19 | G43: =F43*G42 -> 0
B45: TOTAL | G45: =G43+G42+G41+G40+G39 -> 0

Sheet M-2.02
B4: MEMORIA DE CANTIDAD
B6: Nombre del Proyecto | C6: MANTENIMIENTO Y RESTAURACIÓN FACHADAS Y REFORMA BLOQUE 13, 14 Y ZONAS VERDES ALEDAÑAS CAMPUS VALLE DEL LILI | E6: Fecha | F6: SEPT 2026 | G6: Versión | H6: PRELIMINAR
B7: Objeto Proyecto | C7: CONTRATO A TODO COSTO PARA LA REPARACIÓN, MANTENIMIENTO Y RESTAURACIÓN DE LAS FACHADAS Y REFORMA DEL BLOQUE 13 (COLISEO), BLOQUE 14 (CENTRO CULTURAL) Y ADECUACIÓN ZONAS VERDE CONJUNTA, DE LA UNIVERSIDAD LIBRE - SECCIONAL CALI | E7: Capítulo | F7: ='2.02'!E8 -> 2. RETIROS Y DEMOLICIONES
B8: Contratista | C8: POR DEFINIR
B9: Código | C9: ="M-" & '2.02'!C9 -> M-2.02
B10: Actividad | C10: ='2.02'!C10 -> RETIRO DE ESCOMBROS INCLUYE ACARREO INTERNO, CARGUE MANUAL, Y DISPOSICIÓN FINAL A 25KM A PUNTO AMBIENTAL AUTORIZADO. VOLUMEN SUELTO MEDIDO EN VOLQUETA
B11: Unidad Medida | C11: ='2.02'!C11 -> M3
B13: DESCRIPCIÓN | C13: DIMENSIONES
C14: ÁREA m | D14: ESPESOR m | E14: ALTURA m | F14: =C11 -> M3 | G14: EXPANSIÓN | H14: SUBTOTAL
B15: VOLUMEN DE REPELLO A RETIRAR | C15: ='M-2.01'!H22 -> 1650 | D15: 0.04 | F15: =ROUND(IF(C15=0,1,C15)*IF(D15=0,1,D15)*IF(E15=0,1,E15),2) -> 66 | G15: 1.35 | H15: =F15*G15 -> 89.1
B23: SUBTOTAL | H23: =ROUND(SUM(H15:H22),2) -> 89.1
B24: TOTAL | H24: =H23 -> 89.1
B27: REGISTRO FOTOGRÁFICO DE OBRA

Sheet 2.03
B4: ANALISIS DE PRECIOS UNITARIOS
B6: Nombre del Proyecto | C6: MANTENIMIENTO Y RESTAURACIÓN FACHADAS Y REFORMA BLOQUE 13, 14 Y ZONAS VERDES ALEDAÑAS CAMPUS VALLE DEL LILI | D6: Fecha | E6: SEPT 2026 | F6: Versión | G6: PRELIMINAR
B7: Objeto Proyecto | C7: CONTRATO A TODO COSTO PARA LA REPARACIÓN, MANTENIMIENTO Y RESTAURACIÓN DE LAS FACHADAS Y REFORMA DEL BLOQUE 13 (COLISEO), BLOQUE 14 (CENTRO CULTURAL) Y ADECUACIÓN ZONAS VERDE CONJUNTA, DE LA UNIVERSIDAD LIBRE - SECCIONAL CALI | D7: No. de Contrato | E7: 001
B8: Contratista | C8: POR DEFINIR | D8: Capítulo | E8: 2. RETIROS Y DEMOLICIONES
B9: Código | C9: 2.03
B10: Actividad | C10: DEMOLICIÓN DE MUROS PARA INSTALACIÓN DE VENTANAS Y BLOQUES CALADOS EN FACHADA EN BLOQUE 13
B11: Unidad Medida | C11: M2
B13: Materiales
B14: Código | C14: Descripción | D14: U.M. | E14: Vr. Unitario | F14: Cantidad | G14: Vr. Parcial
G15: =F15*E15 -> 0
G16: =F16*E16 -> 0
B17: Total Materiales | G17: =SUM(G15:G16) -> 0
B19: Equipos
B20: Código | C20: Descripción | D20: U.M. | E20: Vr. Unitario | F20: Cantidad | G20: Vr. Parcial
B21: ABC001 | C21: HERRAMIENTA Y EQUIPO MENOR | D21: % | F21: 0.03 | G21: =F21*E21 -> 0
G22: =F22*E22 -> 0
B23: Total Equipos | G23: =SUM(G21:G22) -> 0
B25: Mano de Obra
B26: Código | C26: Descripción | D26: U.M. | E26: Vr. Unitario | F26: Cantidad | G26: Vr. Parcial
C27: AYUDANTE OBRA | D27: HR | F27: 0.8 | G27: =F27*E27 -> 0
G28: =F28*E28 -> 0
B29: Total Mano de Obra | G29: =SUM(G27:G28) -> 0
B31: Transporte
B32: Código | C32: Descripción | D32: U.M. | E32: Vr. Unitario | F32: Cantidad | G32: Vr. Parcial
G34: =F34*E34 -> 0
B35: Total Transporte | G35: =SUM(G33:G34) -> 0
B37: Total Costos Directo | G37: =ROUND(G35+G29+G23+G17,0) -> 0
B38: Factor Incremento | F38: 1 | G38: =G37*F38 -> 0
B39: Administracion | F39: 0.1561 | G39: =F39*G38 -> 0
B40: Imprevistos | F40: 0 | G40: =F40*G38 -> 0
B41: Utilidad | F41: 0.05 | G41: =F41*G38 -> 0
B42: IVA Sobre la Utilidad | F42: 0.19 | G42: =F42*G41 -> 0
B44: TOTAL | G44: =G42+G41+G40+G39+G38 -> 0

Sheet M-2.03
B4: MEMORIA DE CANTIDAD
B6: Nombre del Proyecto | C6: MANTENIMIENTO Y RESTAURACIÓN FACHADAS Y REFORMA BLOQUE 13, 14 Y ZONAS VERDES ALEDAÑAS CAMPUS VALLE DEL LILI | E6: Fecha | F6: SEPT 2026 | G6: Versión | H6: PRELIMINAR
B7: Objeto Proyecto | C7: CONTRATO A TODO COSTO PARA LA REPARACIÓN, MANTENIMIENTO Y RESTAURACIÓN DE LAS FACHADAS Y REFORMA DEL BLOQUE 13 (COLISEO), BLOQUE 14 (CENTRO CULTURAL) Y ADECUACIÓN ZONAS VERDE CONJUNTA, DE LA UNIVERSIDAD LIBRE - SECCIONAL CALI | E7: Capítulo | F7: ='2.03'!E8 -> 2. RETIROS Y DEMOLICIONES
B8: Contratista | C8: POR DEFINIR
B9: Código | C9: ="M-" & '2.03'!C9 -> M-2.03
B10: Actividad | C10: ='2.03'!C10 -> DEMOLICIÓN DE MUROS PARA INSTALACIÓN DE VENTANAS Y BLOQUES CALADOS EN FACHADA EN BLOQUE 13
B11: Unidad Medida | C11: ='2.03'!C11 -> M2
B13: DESCRIPCIÓN | C13: DIMENSIONES
C14: LONGITUD m | D14: ANCHO m | E14: ALTURA m | F14: =C11 -> M2 | G14: N° DE UNIDADES | H14: SUBTOTAL
B15: DEMOLICIÓN PARA VENTANAS MEZANINE | C15: 6 | E15: 4.53 | F15: =ROUND(IF(C15=0,1,C15)*IF(D15=0,1,D15)*IF(E15=0,1,E15),2) -> 27.18 | G15: 5 | H15: =F15*G15 -> 135.9
B16: DEMOLICIÓN PARA CALADOS EN COLISEO | C16: 6 | E16: =E15 -> 4.53 | F16: =ROUND(IF(C16=0,1,C16)*IF(D16=0,1,D16)*IF(E16=0,1,E16),2) -> 27.18 | G16: 6 | H16: =F16*G16 -> 163.08
B31: SUBTOTAL | H31: =SUM(H15:H30) -> 298.98
B32: TOTAL | H32: =H31 -> 298.98
B35: REGISTRO FOTOGRÁFICO DE OBRA

Sheet 2.04
B4: ANALISIS DE PRECIOS UNITARIOS
B6: Nombre del Proyecto | C6: MANTENIMIENTO Y RESTAURACIÓN FACHADAS Y REFORMA BLOQUE 13, 14 Y ZONAS VERDES ALEDAÑAS CAMPUS VALLE DEL LILI | D6: Fecha | E6: SEPT 2026 | F6: Versión | G6: PRELIMINAR
B7: Objeto Proyecto | C7: CONTRATO A TODO COSTO PARA LA REPARACIÓN, MANTENIMIENTO Y RESTAURACIÓN DE LAS FACHADAS Y REFORMA DEL BLOQUE 13 (COLISEO), BLOQUE 14 (CENTRO CULTURAL) Y ADECUACIÓN ZONAS VERDE CONJUNTA, DE LA UNIVERSIDAD LIBRE - SECCIONAL CALI | D7: No. de Contrato | E7: 001
B8: Contratista | C8: POR DEFINIR | D8: Capítulo | E8: 2. RETIROS Y DEMOLICIONES
B9: Código | C9: 2.04
B10: Actividad | C10: DESMONTE BARANDA TUBULAR
B11: Unidad Medida | C11: ML
B13: Materiales
B14: Código | C14: Descripción | D14: U.M. | E14: Vr. Unitario | F14: Cantidad | G14: Vr. Parcial
G15: =F15*E15 -> 0
G16: =F16*E16 -> 0
G17: =F17*E17 -> 0
B18: Total Materiales | G18: =SUM(G15:G17) -> 0
B20: Equipos
B21: Código | C21: Descripción | D21: U.M. | E21: Vr. Unitario | F21: Cantidad | G21: Vr. Parcial
B22: ABC001 | C22: HERRAMIENTA Y EQUIPO MENOR | D22: % | F22: 0.03 | G22: =F22*E22 -> 0
C23: EQUIPO DE OXICORTE Y SOLDADURA | D23: HR | F23: 0.8 | G23: =F23*E23 -> 0
G24: =F24*E24 -> 0
B25: Total Equipos | G25: =SUM(G22:G24) -> 0
B27: Mano de Obra
B28: Código | C28: Descripción | D28: U.M. | E28: Vr. Unitario | F28: Cantidad | G28: Vr. Parcial
C29: AYUDANTE OBRA | D29: HR | F29: 0.8 | G29: =F29*E29 -> 0
G30: =F30*E30 -> 0
B31: Total Mano de Obra | G31: =SUM(G29:G30) -> 0
B33: Transporte
B34: Código | C34: Descripción | D34: U.M. | E34: Vr. Unitario | F34: Cantidad | G34: Vr. Parcial
G36: =F36*E36 -> 0
B37: Total Transporte | G37: =SUM(G35:G36) -> 0
B39: Total Costos Directo | G39: =ROUND(G37+G31+G25+G18,0) -> 0
B40: Factor Incremento | F40: 1 | G40: =G39*F40 -> 0
B41: Administracion | F41: 0.1561 | G41: =F41*G40 -> 0
B42: Imprevistos | F42: 0 | G42: =F42*G40 -> 0
B43: Utilidad | F43: 0.05 | G43: =F43*G40 -> 0
B44: IVA Sobre la Utilidad | F44: 0.19 | G44: =F44*G43 -> 0
B46: TOTAL | G46: =G44+G43+G42+G41+G40 -> 0

Sheet M-2.04
B4: MEMORIA DE CANTIDAD
B6: Nombre del Proyecto | C6: MANTENIMIENTO Y RESTAURACIÓN FACHADAS Y REFORMA BLOQUE 13, 14 Y ZONAS VERDES ALEDAÑAS CAMPUS VALLE DEL LILI | E6: Fecha | F6: SEPT 2026 | G6: Versión | H6: PRELIMINAR
B7: Objeto Proyecto | C7: CONTRATO A TODO COSTO PARA LA REPARACIÓN, MANTENIMIENTO Y RESTAURACIÓN DE LAS FACHADAS Y REFORMA DEL BLOQUE 13 (COLISEO), BLOQUE 14 (CENTRO CULTURAL) Y ADECUACIÓN ZONAS VERDE CONJUNTA, DE LA UNIVERSIDAD LIBRE - SECCIONAL CALI | E7: Capítulo | F7: ='2.04'!E8 -> 2. RETIROS Y DEMOLICIONES
B8: Contratista | C8: POR DEFINIR
B9: Código | C9: ="M-" & '2.04'!C9 -> M-2.04
B10: Actividad | C10: ='2.04'!C10 -> DESMONTE BARANDA TUBULAR
B11: Unidad Medida | C11: ='2.04'!C11 -> ML
B13: DESCRIPCIÓN | C13: DIMENSIONES
C14: LONGITUD m | D14: ANCHO m | E14: ALTURA m | F14: =C11 -> ML | G14: N° DE UNIDADES | H14: SUBTOTAL
B15: BARANDA EN GRADERIA | C15: 30 | F15: =ROUND(IF(C15=0,1,C15)*IF(D15=0,1,D15)*IF(E15=0,1,E15),2) -> 30 | G15: 1 | H15: =F15*G15 -> 30
B21: SUBTOTAL | H21: =SUM(H15:H20) -> 30
B22: TOTAL | H22: =H21 -> 30
B25: REGISTRO FOTOGRÁFICO DE OBRA

Sheet 2.05
B4: ANALISIS DE PRECIOS UNITARIOS
B6: Nombre del Proyecto | C6: MANTENIMIENTO Y RESTAURACIÓN FACHADAS Y REFORMA BLOQUE 13, 14 Y ZONAS VERDES ALEDAÑAS CAMPUS VALLE DEL LILI | D6: Fecha | E6: SEPT 2026 | F6: Versión | G6: PRELIMINAR
B7: Objeto Proyecto | C7: CONTRATO A TODO COSTO PARA LA REPARACIÓN, MANTENIMIENTO Y RESTAURACIÓN DE LAS FACHADAS Y REFORMA DEL BLOQUE 13 (COLISEO), BLOQUE 14 (CENTRO CULTURAL) Y ADECUACIÓN ZONAS VERDE CONJUNTA, DE LA UNIVERSIDAD LIBRE - SECCIONAL CALI | D7: No. de Contrato | E7: 001
B8: Contratista | C8: POR DEFINIR | D8: Capítulo | E8: 2. RETIROS Y DEMOLICIONES
B9: Código | C9: 2.05
B10: Actividad | C10: EXCAVACIÓN MANUAL HASTA NIVEL DE SUBRASANTE, INCLUYE CARGUE EN VOLQUETA
B11: Unidad Medida | C11: M3
B13: Materiales
B14: Código | C14: Descripción | D14: U.M. | E14: Vr. Unitario | F14: Cantidad | G14: Vr. Parcial
G15: =F15*E15 -> 0
G16: =F16*E16 -> 0
G17: =F17*E17 -> 0
B18: Total Materiales | G18: =SUM(G15:G17) -> 0
B20: Equipos
B21: Código | C21: Descripción | D21: U.M. | E21: Vr. Unitario | F21: Cantidad | G21: Vr. Parcial
B22: ABC001 | C22: HERRAMIENTA Y EQUIPO MENOR | D22: % | F22: 0.03 | G22: =F22*E22 -> 0
G23: =F23*E23 -> 0
B24: Total Equipos | G24: =SUM(G22:G23) -> 0
B26: Mano de Obra
B27: Código | C27: Descripción | D27: U.M. | E27: Vr. Unitario | F27: Cantidad | G27: Vr. Parcial
C28: AYUDANTE OBRA | D28: HR | F28: 2.5 | G28: =F28*E28 -> 0
G29: =F29*E29 -> 0
B30: Total Mano de Obra | G30: =SUM(G28:G29) -> 0
B32: Transporte
B33: Código | C33: Descripción | D33: U.M. | E33: Vr. Unitario | F33: Cantidad | G33: Vr. Parcial
G35: =F35*E35 -> 0
B36: Total Transporte | G36: =SUM(G34:G35) -> 0
B38: Total Costos Directo | G38: =ROUND(G36+G30+G24+G18,0) -> 0
B39: Factor Incremento | F39: 1 | G39: =G38*F39 -> 0
B40: Administracion | F40: 0.1561 | G40: =F40*G39 -> 0
B41: Imprevistos | F41: 0 | G41: =F41*G39 -> 0
B42: Utilidad | F42: 0.05 | G42: =F42*G39 -> 0
B43: IVA Sobre la Utilidad | F43: 0.19 | G43: =F43*G42 -> 0
B45: TOTAL | G45: =G43+G42+G41+G40+G39 -> 0

Sheet M-2.05
B4: MEMORIA DE CANTIDAD
B6: Nombre del Proyecto | C6: MANTENIMIENTO Y RESTAURACIÓN FACHADAS Y REFORMA BLOQUE 13, 14 Y ZONAS VERDES ALEDAÑAS CAMPUS VALLE DEL LILI | E6: Fecha | F6: SEPT 2026 | G6: Versión | H6: PRELIMINAR
B7: Objeto Proyecto | C7: CONTRATO A TODO COSTO PARA LA REPARACIÓN, MANTENIMIENTO Y RESTAURACIÓN DE LAS FACHADAS Y REFORMA DEL BLOQUE 13 (COLISEO), BLOQUE 14 (CENTRO CULTURAL) Y ADECUACIÓN ZONAS VERDE CONJUNTA, DE LA UNIVERSIDAD LIBRE - SECCIONAL CALI | E7: Capítulo | F7: ='2.05'!E8 -> 2. RETIROS Y DEMOLICIONES
B8: Contratista | C8: POR DEFINIR
B9: Código | C9: ="M-" & '2.05'!C9 -> M-2.05
B10: Actividad | C10: ='2.05'!C10 -> EXCAVACIÓN MANUAL HASTA NIVEL DE SUBRASANTE, INCLUYE CARGUE EN VOLQUETA
B11: Unidad Medida | C11: ='2.05'!C11 -> M3
B13: DESCRIPCIÓN | C13: DIMENSIONES
C14: ÁREA m2 | D14: ANCHO m | E14: ALTURA m | F14: =C11 -> M3 | G14: N° DE UNIDADES | H14: SUBTOTAL
B15: ZONA VERDE | C15: 438 | E15: 0.3 | F15: =ROUND(IF(C15=0,1,C15)*IF(D15=0,1,D15)*IF(E15=0,1,E15),2) -> 131.4 | G15: 1 | H15: =F15*G15 -> 131.4
B20: SUBTOTAL | H20: =SUM(H15:H19) -> 131.4
B21: TOTAL | H21: =H20 -> 131.4
B24: REGISTRO FOTOGRÁFICO DE OBRA

Sheet 2.06
B4: ANALISIS DE PRECIOS UNITARIOS
B6: Nombre del Proyecto | C6: MANTENIMIENTO Y RESTAURACIÓN FACHADAS Y REFORMA BLOQUE 13, 14 Y ZONAS VERDES ALEDAÑAS CAMPUS VALLE DEL LILI | D6: Fecha | E6: SEPT 2026 | F6: Versión | G6: PRELIMINAR
B7: Objeto Proyecto | C7: CONTRATO A TODO COSTO PARA LA REPARACIÓN, MANTENIMIENTO Y RESTAURACIÓN DE LAS FACHADAS Y REFORMA DEL BLOQUE 13 (COLISEO), BLOQUE 14 (CENTRO CULTURAL) Y ADECUACIÓN ZONAS VERDE CONJUNTA, DE LA UNIVERSIDAD LIBRE - SECCIONAL CALI | D7: No. de Contrato | E7: 001
B8: Contratista | C8: POR DEFINIR | D8: Capítulo | E8: 2. RETIROS Y DEMOLICIONES
B9: Código | C9: 2.06
B10: Actividad | C10: RELLENO CON MATERIAL IMPORTADO TIPO ROCA MUERTA, INCLUYE TRANSPORTE HASTA LA OBRA, COMPACTACIÓN MECÁNICA.
B11: Unidad Medida | C11: M3
B13: Materiales
B14: Código | C14: Descripción | D14: U.M. | E14: Vr. Unitario | F14: Cantidad | G14: Vr. Parcial
C15: ROCAMUERTA | D15: M3 | F15: 1.3 | G15: =F15*E15 -> 0
G16: =F16*E16 -> 0
G17: =F17*E17 -> 0
B18: Total Materiales | G18: =SUM(G15:G17) -> 0
B20: Equipos
B21: Código | C21: Descripción | D21: U.M. | E21: Vr. Unitario | F21: Cantidad | G21: Vr. Parcial
B22: ABC001 | C22: HERRAMIENTA Y EQUIPO MENOR | D22: % | F22: 0.03 | G22: =F22*E22 -> 0
C23: EQUIPO DE COMPACTACIÓN TIPO RANA O SALTARIN | D23: HR | F23: 0.5 | G23: =F23*E23 -> 0
G24: =F24*E24 -> 0
B25: Total Equipos | G25: =SUM(G22:G24) -> 0
B27: Mano de Obra
B28: Código | C28: Descripción | D28: U.M. | E28: Vr. Unitario | F28: Cantidad | G28: Vr. Parcial
C29: AYUDANTE OBRA | D29: HR | F29: 2.4 | G29: =F29*E29 -> 0
G30: =F30*E30 -> 0
B31: Total Mano de Obra | G31: =SUM(G29:G30) -> 0
B33: Transporte
B34: Código | C34: Descripción | D34: U.M. | E34: Vr. Unitario | F34: Cantidad | G34: Vr. Parcial
G36: =F36*E36 -> 0
B37: Total Transporte | G37: =SUM(G35:G36) -> 0
B39: Total Costos Directo | G39: =ROUND(G37+G31+G25+G18,0) -> 0
B40: Factor Incremento | F40: 1 | G40: =G39*F40 -> 0
B41: Administracion | F41: 0.1561 | G41: =F41*G40 -> 0
B42: Imprevistos | F42: 0 | G42: =F42*G40 -> 0
B43: Utilidad | F43: 0.05 | G43: =F43*G40 -> 0
B44: IVA Sobre la Utilidad | F44: 0.19 | G44: =F44*G43 -> 0
B46: TOTAL | G46: =G44+G43+G42+G41+G40 -> 0

Sheet M-2.06
B4: MEMORIA DE CANTIDAD
B6: Nombre del Proyecto | C6: MANTENIMIENTO Y RESTAURACIÓN FACHADAS Y REFORMA BLOQUE 13, 14 Y ZONAS VERDES ALEDAÑAS CAMPUS VALLE DEL LILI | E6: Fecha | F6: SEPT 2026 | G6: Versión | H6: PRELIMINAR
B7: Objeto Proyecto | C7: CONTRATO A TODO COSTO PARA LA REPARACIÓN, MANTENIMIENTO Y RESTAURACIÓN DE LAS FACHADAS Y REFORMA DEL BLOQUE 13 (COLISEO), BLOQUE 14 (CENTRO CULTURAL) Y ADECUACIÓN ZONAS VERDE CONJUNTA, DE LA UNIVERSIDAD LIBRE - SECCIONAL CALI | E7: Capítulo | F7: ='2.06'!E8 -> 2. RETIROS Y DEMOLICIONES
B8: Contratista | C8: POR DEFINIR
B9: Código | C9: ="M-" & '2.06'!C9 -> M-2.06
B10: Actividad | C10: ='2.06'!C10 -> RELLENO CON MATERIAL IMPORTADO TIPO ROCA MUERTA, INCLUYE TRANSPORTE HASTA LA OBRA, COMPACTACIÓN MECÁNICA.
B11: Unidad Medida | C11: ='2.06'!C11 -> M3
B13: DESCRIPCIÓN | C13: DIMENSIONES
C14: LONGITUD m | D14: ANCHO m | E14: ALTURA m | F14: =C11 -> M3 | G14: N° DE UNIDADES | H14: SUBTOTAL
B15: ANDENES | C15: 234.7 | E15: 0.15 | F15: =ROUND(IF(C15=0,1,C15)*IF(D15=0,1,D15)*IF(E15=0,1,E15),2) -> 35.21 | G15: 1 | H15: =F15*G15 -> 35.21
B21: SUBTOTAL | H21: =SUM(H15:H20) -> 35.21
B22: TOTAL | H22: =H21 -> 35.21
B25: REGISTRO FOTOGRÁFICO DE OBRA

Sheet 2.07
B4: ANALISIS DE PRECIOS UNITARIOS
B6: Nombre del Proyecto | C6: MANTENIMIENTO Y RESTAURACIÓN FACHADAS Y REFORMA BLOQUE 13, 14 Y ZONAS VERDES ALEDAÑAS CAMPUS VALLE DEL LILI | D6: Fecha | E6: SEPT 2026 | F6: Versión | G6: PRELIMINAR
B7: Objeto Proyecto | C7: CONTRATO A TODO COSTO PARA LA REPARACIÓN, MANTENIMIENTO Y RESTAURACIÓN DE LAS FACHADAS Y REFORMA DEL BLOQUE 13 (COLISEO), BLOQUE 14 (CENTRO CULTURAL) Y ADECUACIÓN ZONAS VERDE CONJUNTA, DE LA UNIVERSIDAD LIBRE - SECCIONAL CALI | D7: No. de Contrato | E7: 001
B8: Contratista | C8: POR DEFINIR | D8: Capítulo | E8: 2. RETIROS Y DEMOLICIONES
B9: Código | C9: 2.07
B10: Actividad | C10: DEMOLICIÓN DE PISOS Y DE PISO EN GRANITO NATURAL PARA EXTERIOR EN ÁREA DE BLOQUE 14
B11: Unidad Medida | C11: M2
B13: Materiales
B14: Código | C14: Descripción | D14: U.M. | E14: Vr. Unitario | F14: Cantidad | G14: Vr. Parcial
G15: =F15*E15 -> 0
G16: =F16*E16 -> 0
B17: Total Materiales | G17: =SUM(G15:G16) -> 0
B19: Equipos
B20: Código | C20: Descripción | D20: U.M. | E20: Vr. Unitario | F20: Cantidad | G20: Vr. Parcial
B21: ABC001 | C21: HERRAMIENTA Y EQUIPO MENOR | D21: % | F21: 0.03 | G21: =F21*E21 -> 0
C22: MARTILLO DEMOLEDOR ELÉCTRICO | D22: DIA | F22: =F28 -> 0.2875 | G22: =F22*E22 -> 0
G23: =F23*E23 -> 0
B24: Total Equipos | G24: =SUM(G21:G23) -> 0
B26: Mano de Obra
B27: Código | C27: Descripción | D27: U.M. | E27: Vr. Unitario | F27: Cantidad | G27: Vr. Parcial
C28: AYUDANTE OBRA | D28: HR | F28: 0.2875 | G28: =F28*E28 -> 0
G29: =F29*E29 -> 0
B30: Total Mano de Obra | G30: =SUM(G28:G29) -> 0
B32: Transporte
B33: Código | C33: Descripción | D33: U.M. | E33: Vr. Unitario | F33: Cantidad | G33: Vr. Parcial
G35: =F35*E35 -> 0
B36: Total Transporte | G36: =SUM(G34:G35) -> 0
B38: Total Costos Directo | G38: =ROUND(G36+G30+G24+G17,0) -> 0
B39: Factor Incremento | F39: 1 | G39: =G38*F39 -> 0
B40: Administracion | F40: 0.1561 | G40: =F40*G39 -> 0
B41: Imprevistos | F41: 0 | G41: =F41*G39 -> 0
B42: Utilidad | F42: 0.05 | G42: =F42*G39 -> 0
B43: IVA Sobre la Utilidad | F43: 0.19 | G43: =F43*G42 -> 0
B45: TOTAL | G45: =G43+G42+G41+G40+G39 -> 0

Sheet M-2.07
B4: MEMORIA DE CANTIDAD
B6: Nombre del Proyecto | C6: MANTENIMIENTO Y RESTAURACIÓN FACHADAS Y REFORMA BLOQUE 13, 14 Y ZONAS VERDES ALEDAÑAS CAMPUS VALLE DEL LILI | E6: Fecha | F6: SEPT 2026 | G6: Versión | H6: PRELIMINAR
B7: Objeto Proyecto | C7: CONTRATO A TODO COSTO PARA LA REPARACIÓN, MANTENIMIENTO Y RESTAURACIÓN DE LAS FACHADAS Y REFORMA DEL BLOQUE 13 (COLISEO), BLOQUE 14 (CENTRO CULTURAL) Y ADECUACIÓN ZONAS VERDE CONJUNTA, DE LA UNIVERSIDAD LIBRE - SECCIONAL CALI | E7: Capítulo | F7: ='2.07'!E8 -> 2. RETIROS Y DEMOLICIONES
B8: Contratista | C8: POR DEFINIR
B9: Código | C9: ="M-" & '2.07'!C9 -> M-2.07
B10: Actividad | C10: ='2.07'!C10 -> DEMOLICIÓN DE PISOS Y DE PISO EN GRANITO NATURAL PARA EXTERIOR EN ÁREA DE BLOQUE 14
B11: Unidad Medida | C11: ='2.07'!C11 -> M2
B13: DESCRIPCIÓN | C13: DIMENSIONES
C14: LONGITUD m | D14: ANCHO m | E14: ALTURA m | F14: =C11 -> M2 | G14: N° DE UNIDADES | H14: SUBTOTAL
F15: 160 | G15: 1 | H15: =F15*G15 -> 160
B20: SUBTOTAL | H20: =SUM(H15:H19) -> 160
B21: TOTAL | H21: =H20 -> 160
B24: REGISTRO FOTOGRÁFICO DE OBRA

Sheet 3.01
B4: ANALISIS DE PRECIOS UNITARIOS
B6: Nombre del Proyecto | C6: MANTENIMIENTO Y RESTAURACIÓN FACHADAS Y REFORMA BLOQUE 13, 14 Y ZONAS VERDES ALEDAÑAS CAMPUS VALLE DEL LILI | D6: Fecha | E6: SEPT 2026 | F6: Versión | G6: PRELIMINAR
B7: Objeto Proyecto | C7: CONTRATO A TODO COSTO PARA LA REPARACIÓN, MANTENIMIENTO Y RESTAURACIÓN DE LAS FACHADAS Y REFORMA DEL BLOQUE 13 (COLISEO), BLOQUE 14 (CENTRO CULTURAL) Y ADECUACIÓN ZONAS VERDE CONJUNTA, DE LA UNIVERSIDAD LIBRE - SECCIONAL CALI | D7: No. de Contrato | E7: 001
B8: Contratista | C8: POR DEFINIR | D8: Capítulo | E8: 3. REPELLOS E IMPERMEABILIZACIONES
B9: Código | C9: 3.01
B10: Actividad | C10: SUMINISTRO E INSTALACIÓN DE IMPERMEBIALIZACIÓN CON LECHADA DE CEMENTO CON SIKALATEX O SIMILAR
B11: Unidad Medida | C11: M2
B13: Materiales
B14: Código | C14: Descripción | D14: U.M. | E14: Vr. Unitario | F14: Cantidad | G14: Vr. Parcial
C15: CEMENTO | D15: KG | F15: 2.8 | G15: =F15*E15 -> 0
C16: SIKALATEX | D16: KG | F16: 0.06 | G16: =F16*E16 -> 0
G17: =F17*E17 -> 0
B18: Total Materiales | G18: =SUM(G15:G17) -> 0
B20: Equipos
B21: Código | C21: Descripción | D21: U.M. | E21: Vr. Unitario | F21: Cantidad | G21: Vr. Parcial
G23: =F23*E23 -> 0
B24: Total Equipos | G24: =SUM(G22:G23) -> 0
B26: Mano de Obra
B27: Código | C27: Descripción | D27: U.M. | E27: Vr. Unitario | F27: Cantidad | G27: Vr. Parcial
B28: C1301001 | C28: CUADRILLA DE CONSTRUCCIÓN TIPO 1 (1 OFICIAL + 1 AYUDANTE) | D28: HC | F28: 0.3 | G28: =F28*E28 -> 0
G29: =F29*E29 -> 0
B30: Total Mano de Obra | G30: =SUM(G28:G29) -> 0
B32: Transporte
B33: Código | C33: Descripción | D33: U.M. | E33: Vr. Unitario | F33: Cantidad | G33: Vr. Parcial
B34: ABC001 | C34: HERRAMIENTA Y EQUIPO MENOR | D34: % | E34: =$G$30 -> 0 | F34: 0.03 | G34: =F34*E34 -> 0
G35: =F35*E35 -> 0
B36: Total Transporte | G36: =SUM(G34:G35) -> 0
B38: Total Costos Directo | G38: =ROUND(G36+G30+G24+G18,0) -> 0
B39: Factor Incremento | F39: 1 | G39: =G38*F39 -> 0
B40: Administracion | F40: 0.1561 | G40: =F40*G39 -> 0
B41: Imprevistos | F41: 0 | G41: =F41*G39 -> 0
B42: Utilidad | F42: 0.05 | G42: =F42*G39 -> 0
B43: IVA Sobre la Utilidad | F43: 0.19 | G43: =F43*G42 -> 0
B45: TOTAL | G45: =G43+G42+G41+G40+G39 -> 0

Sheet M-3.01
B4: MEMORIA DE CANTIDAD
B6: Nombre del Proyecto | C6: MANTENIMIENTO Y RESTAURACIÓN FACHADAS Y REFORMA BLOQUE 13, 14 Y ZONAS VERDES ALEDAÑAS CAMPUS VALLE DEL LILI | E6: Fecha | F6: SEPT 2026 | G6: Versión | H6: PRELIMINAR
B7: Objeto Proyecto | C7: CONTRATO A TODO COSTO PARA LA REPARACIÓN, MANTENIMIENTO Y RESTAURACIÓN DE LAS FACHADAS Y REFORMA DEL BLOQUE 13 (COLISEO), BLOQUE 14 (CENTRO CULTURAL) Y ADECUACIÓN ZONAS VERDE CONJUNTA, DE LA UNIVERSIDAD LIBRE - SECCIONAL CALI | E7: Capítulo | F7: ='3.01'!E8 -> 3. REPELLOS E IMPERMEABILIZACIONES
B8: Contratista | C8: POR DEFINIR
B9: Código | C9: ="M-" & '3.01'!C9 -> M-3.01
B10: Actividad | C10: ='3.01'!C10 -> SUMINISTRO E INSTALACIÓN DE IMPERMEBIALIZACIÓN CON LECHADA DE CEMENTO CON SIKALATEX O SIMILAR
B11: Unidad Medida | C11: ='3.01'!C11 -> M2
B13: DESCRIPCIÓN | C13: DIMENSIONES
C14: LONGITUD m | D14: ANCHO m | E14: ALTURA m | F14: =C11 -> M2 | G14: N° DE UNIDADES | H14: SUBTOTAL
B15: TORRE 13
B16: FACHADA NORTE | C16: 30 | E16: 1 | F16: =ROUND(IF(C16=0,1,C16)*IF(D16=0,1,D16)*IF(E16=0,1,E16),2) -> 30 | G16: 1 | H16: =F16*G16 -> 30
B17: FACHADA SUR | C17: 30 | E17: 1 | F17: =ROUND(IF(C17=0,1,C17)*IF(D17=0,1,D17)*IF(E17=0,1,E17),2) -> 30 | G17: 1 | H17: =F17*G17 -> 30
B18: FACHADA ORIENTAL | C18: 60 | E18: 1 | F18: =ROUND(IF(C18=0,1,C18)*IF(D18=0,1,D18)*IF(E18=0,1,E18),2) -> 60 | G18: 1 | H18: =F18*G18 -> 60
B19: TORRE 14
B20: FACHADA OCCIDENTAL | C20: 15 | E20: 2 | F20: =ROUND(IF(C20=0,1,C20)*IF(D20=0,1,D20)*IF(E20=0,1,E20),2) -> 30 | G20: 1 | H20: =F20*G20 -> 30
B21: FACHADA NORTE | C21: 15 | E21: 2 | F21: =ROUND(IF(C21=0,1,C21)*IF(D21=0,1,D21)*IF(E21=0,1,E21),2) -> 30 | G21: 1 | H21: =F21*G21 -> 30
B22: FACHADA SUR | C22: 15 | E22: 2 | F22: =ROUND(IF(C22=0,1,C22)*IF(D22=0,1,D22)*IF(E22=0,1,E22),2) -> 30 | G22: 1 | H22: =F22*G22 -> 30
B23: FACHADA ORIENTAL | C23: 15 | E23: 2 | F23: =ROUND(IF(C23=0,1,C23)*IF(D23=0,1,D23)*IF(E23=0,1,E23),2) -> 30 | G23: 1 | H23: =F23*G23 -> 30
B30: SUBTOTAL | H30: =ROUND(SUM(H15:H29),2) -> 240
B31: TOTAL | H31: =H30 -> 240
B34: REGISTRO FOTOGRÁFICO DE OBRA

Sheet 3.02
B4: ANALISIS DE PRECIOS UNITARIOS
B6: Nombre del Proyecto | C6: MANTENIMIENTO Y RESTAURACIÓN FACHADAS Y REFORMA BLOQUE 13, 14 Y ZONAS VERDES ALEDAÑAS CAMPUS VALLE DEL LILI | D6: Fecha | E6: SEPT 2026 | F6: Versión | G6: PRELIMINAR
B7: Objeto Proyecto | C7: CONTRATO A TODO COSTO PARA LA REPARACIÓN, MANTENIMIENTO Y RESTAURACIÓN DE LAS FACHADAS Y REFORMA DEL BLOQUE 13 (COLISEO), BLOQUE 14 (CENTRO CULTURAL) Y ADECUACIÓN ZONAS VERDE CONJUNTA, DE LA UNIVERSIDAD LIBRE - SECCIONAL CALI | D7: No. de Contrato | E7: 001
B8: Contratista | C8: POR DEFINIR | D8: Capítulo | E8: 3. REPELLOS E IMPERMEABILIZACIONES
B9: Código | C9: 3.02
B10: Actividad | C10: SUMINISTRO E INSTALACIÓN DE REPELLO. INCLUYE MORTERO 1:3 IMPERMEABLIZADO CON TOXEMENT 1A O SIMILAR
B11: Unidad Medida | C11: M2
B13: Materiales
B14: Código | C14: Descripción | D14: U.M. | E14: Vr. Unitario | F14: Cantidad | G14: Vr. Parcial
C15: MORTERO 1:3 | D15: M3 | F15: =1.05*0.02 -> 0.021 | G15: =F15*E15 -> 0
C16: TOXEMENT 1A | D16: KG | F16: =1/330 -> 0.003030303 | G16: =F16*E16 -> 0
G17: =F17*E17 -> 0
B18: Total Materiales | G18: =SUM(G15:G17) -> 0
B20: Equipos
B21: Código | C21: Descripción | D21: U.M. | E21: Vr. Unitario | F21: Cantidad | G21: Vr. Parcial
G23: =F23*E23 -> 0
B24: Total Equipos | G24: =SUM(G22:G23) -> 0
B26: Mano de Obra
B27: Código | C27: Descripción | D27: U.M. | E27: Vr. Unitario | F27: Cantidad | G27: Vr. Parcial
B28: C1301001 | C28: CUADRILLA DE CONSTRUCCIÓN TIPO 1 (1 OFICIAL + 1 AYUDANTE) | D28: HC | F28: 0.6 | G28: =F28*E28 -> 0
G29: =F29*E29 -> 0
B30: Total Mano de Obra | G30: =SUM(G28:G29) -> 0
B32: Transporte
B33: Código | C33: Descripción | D33: U.M. | E33: Vr. Unitario | F33: Cantidad | G33: Vr. Parcial
B34: ABC001 | C34: HERRAMIENTA Y EQUIPO MENOR | D34: % | F34: 0.03 | G34: =F34*E34 -> 0
G35: =F35*E35 -> 0
B36: Total Transporte | G36: =SUM(G34:G35) -> 0
B38: Total Costos Directo | G38: =INT(G36+G30+G24+G18) -> 0
B39: Factor Incremento | F39: 1 | G39: =G38*F39 -> 0
B40: Administracion | F40: 0.1561 | G40: =F40*G39 -> 0
B41: Imprevistos | F41: 0 | G41: =F41*G39 -> 0
B42: Utilidad | F42: 0.05 | G42: =F42*G39 -> 0
B43: IVA Sobre la Utilidad | F43: 0.19 | G43: =F43*G42 -> 0
B45: TOTAL | G45: =G43+G42+G41+G40+G39 -> 0

Sheet M-3.02
B4: MEMORIA DE CANTIDAD
B6: Nombre del Proyecto | C6: MANTENIMIENTO Y RESTAURACIÓN FACHADAS Y REFORMA BLOQUE 13, 14 Y ZONAS VERDES ALEDAÑAS CAMPUS VALLE DEL LILI | E6: Fecha | F6: SEPT 2026 | G6: Versión | H6: PRELIMINAR
B7: Objeto Proyecto | C7: CONTRATO A TODO COSTO PARA LA REPARACIÓN, MANTENIMIENTO Y RESTAURACIÓN DE LAS FACHADAS Y REFORMA DEL BLOQUE 13 (COLISEO), BLOQUE 14 (CENTRO CULTURAL) Y ADECUACIÓN ZONAS VERDE CONJUNTA, DE LA UNIVERSIDAD LIBRE - SECCIONAL CALI | E7: Capítulo | F7: ='3.02'!E8 -> 3. REPELLOS E IMPERMEABILIZACIONES
B8: Contratista | C8: POR DEFINIR
B9: Código | C9: ="M-" & '3.02'!C9 -> M-3.02
B10: Actividad | C10: ='3.02'!C10 -> SUMINISTRO E INSTALACIÓN DE REPELLO. INCLUYE MORTERO 1:3 IMPERMEABLIZADO CON TOXEMENT 1A O SIMILAR
B11: Unidad Medida | C11: ='3.02'!C11 -> M2
B13: DESCRIPCIÓN | C13: DIMENSIONES
C14: LONGITUD m | D14: ANCHO m | E14: ALTURA m | F14: =C11 -> M2 | G14: N° DE UNIDADES | H14: SUBTOTAL
B15: TORRE 13
F16: 1650 | G16: 1 | H16: =F16*G16 -> 1650
F17: =ROUND(IF(C17=0,1,C17)*IF(D17=0,1,D17)*IF(E17=0,1,E17),2) -> 1 | H17: =F17*G17 -> 0
B18: TORRE 14
C19: 15 | E19: 4.4 | F19: =ROUND(IF(C19=0,1,C19)*IF(D19=0,1,D19)*IF(E19=0,1,E19),2) -> 66 | G19: 4 | H19: =F19*G19 -> 264
B31: SUBTOTAL | H31: =ROUND(SUM(H15:H30),2) -> 1914
B32: TOTAL | H32: =H31 -> 1914
B35: REGISTRO FOTOGRÁFICO DE OBRA

Sheet 3.03
B4: ANALISIS DE PRECIOS UNITARIOS
B6: Nombre del Proyecto | C6: MANTENIMIENTO Y RESTAURACIÓN FACHADAS Y REFORMA BLOQUE 13, 14 Y ZONAS VERDES ALEDAÑAS CAMPUS VALLE DEL LILI | D6: Fecha | E6: SEPT 2026 | F6: Versión | G6: PRELIMINAR
B7: Objeto Proyecto | C7: CONTRATO A TODO COSTO PARA LA REPARACIÓN, MANTENIMIENTO Y RESTAURACIÓN DE LAS FACHADAS Y REFORMA DEL BLOQUE 13 (COLISEO), BLOQUE 14 (CENTRO CULTURAL) Y ADECUACIÓN ZONAS VERDE CONJUNTA, DE LA UNIVERSIDAD LIBRE - SECCIONAL CALI | D7: No. de Contrato | E7: 001
B8: Contratista | C8: POR DEFINIR | D8: Capítulo | E8: 3. REPELLOS E IMPERMEABILIZACIONES
B9: Código | C9: 3.03
B10: Actividad | C10: SUMINISTRO E INSTALACIÓN DE REPELLO PARA CARTERAS. INCLUYE MORTERO 1:3 IMPERMEABLIZADO CON TOXEMENT 1A O SIMILAR
B11: Unidad Medida | C11: ML
J12: 0.6
B13: Materiales
B14: Código | C14: Descripción | D14: U.M. | E14: Vr. Unitario | F14: Cantidad | G14: Vr. Parcial
C15: MORTERO 1:3 | D15: M3 | F15: =1.05*0.02*J12 -> 0.0126 | G15: =F15*E15 -> 0
C16: TOXEMENT 1A | D16: KG | F16: =1/330*J12 -> 0.0018181818 | G16: =F16*E16 -> 0
G17: =F17*E17 -> 0
B18: Total Materiales | G18: =SUM(G15:G17) -> 0
B20: Equipos
B21: Código | C21: Descripción | D21: U.M. | E21: Vr. Unitario | F21: Cantidad | G21: Vr. Parcial
G23: =F23*E23 -> 0
B24: Total Equipos | G24: =SUM(G22:G23) -> 0
B26: Mano de Obra
B27: Código | C27: Descripción | D27: U.M. | E27: Vr. Unitario | F27: Cantidad | G27: Vr. Parcial
B28: C1301001 | C28: CUADRILLA DE CONSTRUCCIÓN TIPO 1 (1 OFICIAL + 1 AYUDANTE) | D28: HC | F28: =0.6*J12 -> 0.36 | G28: =F28*E28 -> 0
G29: =F29*E29 -> 0
B30: Total Mano de Obra | G30: =SUM(G28:G29) -> 0
B32: Transporte
B33: Código | C33: Descripción | D33: U.M. | E33: Vr. Unitario | F33: Cantidad | G33: Vr. Parcial
B34: ABC001 | C34: HERRAMIENTA Y EQUIPO MENOR | D34: % | F34: 0.03 | G34: =F34*E34 -> 0
G35: =F35*E35 -> 0
B36: Total Transporte | G36: =SUM(G34:G35) -> 0
B38: Total Costos Directo | G38: =INT(G36+G30+G24+G18) -> 0
B39: Factor Incremento | F39: 1 | G39: =G38*F39 -> 0
B40: Administracion | F40: 0.1561 | G40: =F40*G39 -> 0
B41: Imprevistos | F41: 0 | G41: =F41*G39 -> 0
B42: Utilidad | F42: 0.05 | G42: =F42*G39 -> 0
B43: IVA Sobre la Utilidad | F43: 0.19 | G43: =F43*G42 -> 0
B45: TOTAL | G45: =G43+G42+G41+G40+G39 -> 0

Sheet M-3.03
B4: MEMORIA DE CANTIDAD
B6: Nombre del Proyecto | C6: MANTENIMIENTO Y RESTAURACIÓN FACHADAS Y REFORMA BLOQUE 13, 14 Y ZONAS VERDES ALEDAÑAS CAMPUS VALLE DEL LILI | E6: Fecha | F6: SEPT 2026 | G6: Versión | H6: PRELIMINAR
B7: Objeto Proyecto | C7: CONTRATO A TODO COSTO PARA LA REPARACIÓN, MANTENIMIENTO Y RESTAURACIÓN DE LAS FACHADAS Y REFORMA DEL BLOQUE 13 (COLISEO), BLOQUE 14 (CENTRO CULTURAL) Y ADECUACIÓN ZONAS VERDE CONJUNTA, DE LA UNIVERSIDAD LIBRE - SECCIONAL CALI | E7: Capítulo | F7: ='3.03'!E8 -> 3. REPELLOS E IMPERMEABILIZACIONES
B8: Contratista | C8: POR DEFINIR
B9: Código | C9: ="M-" & '3.03'!C9 -> M-3.03
B10: Actividad | C10: ='3.03'!C10 -> SUMINISTRO E INSTALACIÓN DE REPELLO PARA CARTERAS. INCLUYE MORTERO 1:3 IMPERMEABLIZADO CON TOXEMENT 1A O SIMILAR
B11: Unidad Medida | C11: ='3.03'!C11 -> ML
B13: DESCRIPCIÓN | C13: DIMENSIONES
C14: LONGITUD m | D14: ANCHO m | E14: ALTURA m | F14: =C11 -> ML | G14: N° DE UNIDADES | H14: SUBTOTAL
B15: TORRE 13
F16: 60 | G16: 1 | H16: =F16*G16 -> 60
H17: =F17*G17 -> 0
B18: TORRE 14
C19: 15 | E19: 4.4 | F19: 32 | G19: 1 | H19: =F19*G19 -> 32
B26: SUBTOTAL | H26: =ROUND(SUM(H16:H25),2) -> 92
B27: TOTAL | H27: =H26 -> 92
B30: REGISTRO FOTOGRÁFICO DE OBRA

Sheet 4.01
B4: ANALISIS DE PRECIOS UNITARIOS
B6: Nombre del Proyecto | C6: MANTENIMIENTO Y RESTAURACIÓN FACHADAS Y REFORMA BLOQUE 13, 14 Y ZONAS VERDES ALEDAÑAS CAMPUS VALLE DEL LILI | D6: Fecha | E6: SEPT 2026 | F6: Versión | G6: PRELIMINAR
B7: Objeto Proyecto | C7: CONTRATO A TODO COSTO PARA LA REPARACIÓN, MANTENIMIENTO Y RESTAURACIÓN DE LAS FACHADAS Y REFORMA DEL BLOQUE 13 (COLISEO), BLOQUE 14 (CENTRO CULTURAL) Y ADECUACIÓN ZONAS VERDE CONJUNTA, DE LA UNIVERSIDAD LIBRE - SECCIONAL CALI | D7: No. de Contrato | E7: 001
B8: Contratista | C8: POR DEFINIR | D8: Capítulo | E8: 4. ACABADOS DE FACHADA
B9: Código | C9: 4.01
B10: Actividad | C10: SUMINISTRO Y APLICACION GRANIPLAST ALTA CALIDAD COLOR BLANCO Y GRIS
B11: Unidad Medida | C11: M2
B13: Materiales
B14: Código | C14: Descripción | D14: U.M. | E14: Vr. Unitario | F14: Cantidad | G14: Vr. Parcial
B15: A0601007 | C15: GRANIPLAST | D15: KG | F15: 4 | G15: =F15*E15 -> 0
G16: =F16*E16 -> 0
B17: Total Materiales | G17: =SUM(G15:G16) -> 0
B19: Equipos
B20: Código | C20: Descripción | D20: U.M. | E20: Vr. Unitario | F20: Cantidad | G20: Vr. Parcial
B21: ABC001 | C21: HERRAMIENTA Y EQUIPO MENOR | D21: % | F21: 0.03 | G21: =F21*E21 -> 0
G22: =F22*E22 -> 0
B23: Total Equipos | G23: =SUM(G21:G22) -> 0
B25: Mano de Obra
B26: Código | C26: Descripción | D26: U.M. | E26: Vr. Unitario | F26: Cantidad | G26: Vr. Parcial
B27: C1301027 | C27: CUADRILLA PINTURA TIPO 1 (1 OFICIAL PINTOR + 1 AYUDANTES PINTOR) | D27: HC | F27: 0.6 | G27: =F27*E27 -> 0
G28: =F28*E28 -> 0
B29: Total Mano de Obra | G29: =SUM(G27:G28) -> 0
B31: Transporte
B32: Código | C32: Descripción | D32: U.M. | E32: Vr. Unitario | F32: Cantidad | G32: Vr. Parcial
G34: =F34*E34 -> 0
B35: Total Transporte | G35: =SUM(G33:G34) -> 0
B37: Total Costos Directo | G37: =ROUND(G35+G29+G23+G17,0) -> 0
B38: Factor Incremento | F38: 1 | G38: =G37*F38 -> 0
B39: Administracion | F39: 0.1561 | G39: =F39*G38 -> 0
B40: Imprevistos | F40: 0 | G40: =F40*G38 -> 0
B41: Utilidad | F41: 0.05 | G41: =F41*G38 -> 0
B42: IVA Sobre la Utilidad | F42: 0.19 | G42: =F42*G41 -> 0
B44: TOTAL | G44: =G42+G41+G40+G39+G38 -> 0

Sheet M-4.01
B4: MEMORIA DE CANTIDAD
B6: Nombre del Proyecto | C6: MANTENIMIENTO Y RESTAURACIÓN FACHADAS Y REFORMA BLOQUE 13, 14 Y ZONAS VERDES ALEDAÑAS CAMPUS VALLE DEL LILI | E6: Fecha | F6: SEPT 2026 | G6: Versión | H6: PRELIMINAR
B7: Objeto Proyecto | C7: CONTRATO A TODO COSTO PARA LA REPARACIÓN, MANTENIMIENTO Y RESTAURACIÓN DE LAS FACHADAS Y REFORMA DEL BLOQUE 13 (COLISEO), BLOQUE 14 (CENTRO CULTURAL) Y ADECUACIÓN ZONAS VERDE CONJUNTA, DE LA UNIVERSIDAD LIBRE - SECCIONAL CALI | E7: Capítulo | F7: ='4.01'!E8 -> 4. ACABADOS DE FACHADA
B8: Contratista | C8: POR DEFINIR
B9: Código | C9: ="M-" & '4.01'!C9 -> M-4.01
B10: Actividad | C10: ='4.01'!C10 -> SUMINISTRO Y APLICACION GRANIPLAST ALTA CALIDAD COLOR BLANCO Y GRIS
B11: Unidad Medida | C11: ='4.01'!C11 -> M2
B13: DESCRIPCIÓN | C13: DIMENSIONES
C14: LONGITUD m | D14: ANCHO m | E14: ALTURA m | F14: =C11 -> M2 | G14: N° DE UNIDADES | H14: SUBTOTAL
B15: TORRE 13 | F15: 1707 | G15: 1 | H15: =F15*G15 -> 1707
B17: TORRE 14 | C17: 15 | E17: 3.4 | F17: =ROUND(IF(C17=0,1,C17)*IF(D17=0,1,D17)*IF(E17=0,1,E17),2) -> 51 | G17: 4 | H17: =F17*G17 -> 204
C18: 8.1 | E18: 1.2 | F18: =ROUND(IF(C18=0,1,C18)*IF(D18=0,1,D18)*IF(E18=0,1,E18),2) -> 9.72 | G18: 4 | H18: =F18*G18 -> 38.88
L19: =60*8.65 -> 519
B21: SUBTOTAL | H21: =SUM(H15:H20)+0.12 -> 1950
B22: TOTAL | H22: =H21 -> 1950
B25: REGISTRO FOTOGRÁFICO DE OBRA

Sheet 4.02
B4: ANALISIS DE PRECIOS UNITARIOS
B6: Nombre del Proyecto | C6: MANTENIMIENTO Y RESTAURACIÓN FACHADAS Y REFORMA BLOQUE 13, 14 Y ZONAS VERDES ALEDAÑAS CAMPUS VALLE DEL LILI | D6: Fecha | E6: SEPT 2026 | F6: Versión | G6: PRELIMINAR
B7: Objeto Proyecto | C7: CONTRATO A TODO COSTO PARA LA REPARACIÓN, MANTENIMIENTO Y RESTAURACIÓN DE LAS FACHADAS Y REFORMA DEL BLOQUE 13 (COLISEO), BLOQUE 14 (CENTRO CULTURAL) Y ADECUACIÓN ZONAS VERDE CONJUNTA, DE LA UNIVERSIDAD LIBRE - SECCIONAL CALI | D7: No. de Contrato | E7: 001
B8: Contratista | C8: POR DEFINIR | D8: Capítulo | E8: 4. ACABADOS DE FACHADA
B9: Código | C9: 4.02
B10: Actividad | C10: SUMINISTRO Y APLICACION GRANIPLAST ALTA CALIDAD PARA CARTERAS COLOR BLANCO Y GRIS
B11: Unidad Medida | C11: ML
B13: Materiales | J13: 0.6
B14: Código | C14: Descripción | D14: U.M. | E14: Vr. Unitario | F14: Cantidad | G14: Vr. Parcial
B15: A0601007 | C15: GRANIPLAST | D15: KG | F15: =4*J13 -> 2.4 | G15: =F15*E15 -> 0
G16: =F16*E16 -> 0
B17: Total Materiales | G17: =SUM(G15:G16) -> 0
B19: Equipos
B20: Código | C20: Descripción | D20: U.M. | E20: Vr. Unitario | F20: Cantidad | G20: Vr. Parcial
B21: ABC001 | C21: HERRAMIENTA Y EQUIPO MENOR | D21: % | E21: =$G$29 -> 0 | F21: 0.03 | G21: =F21*E21 -> 0
G22: =F22*E22 -> 0
B23: Total Equipos | G23: =SUM(G21:G22) -> 0
B25: Mano de Obra
B26: Código | C26: Descripción | D26: U.M. | E26: Vr. Unitario | F26: Cantidad | G26: Vr. Parcial
B27: C1301027 | C27: CUADRILLA PINTURA TIPO 1 (1 OFICIAL PINTOR + 1 AYUDANTES PINTOR) | D27: HC | F27: =0.6*J13 -> 0.36 | G27: =F27*E27 -> 0
G28: =F28*E28 -> 0
B29: Total Mano de Obra | G29: =SUM(G27:G28) -> 0
B31: Transporte
B32: Código | C32: Descripción | D32: U.M. | E32: Vr. Unitario | F32: Cantidad | G32: Vr. Parcial
G34: =F34*E34 -> 0
B35: Total Transporte | G35: =SUM(G33:G34) -> 0
B37: Total Costos Directo | G37: =ROUND(G35+G29+G23+G17,0) -> 0
B38: Factor Incremento | F38: 1 | G38: =G37*F38 -> 0
B39: Administracion | F39: 0.1561 | G39: =F39*G38 -> 0
B40: Imprevistos | F40: 0 | G40: =F40*G38 -> 0
B41: Utilidad | F41: 0.05 | G41: =F41*G38 -> 0
B42: IVA Sobre la Utilidad | F42: 0.19 | G42: =F42*G41 -> 0
B44: TOTAL | G44: =G42+G41+G40+G39+G38 -> 0

Sheet M-4.02
B4: MEMORIA DE CANTIDAD
B6: Nombre del Proyecto | C6: MANTENIMIENTO Y RESTAURACIÓN FACHADAS Y REFORMA BLOQUE 13, 14 Y ZONAS VERDES ALEDAÑAS CAMPUS VALLE DEL LILI | E6: Fecha | F6: SEPT 2026 | G6: Versión | H6: PRELIMINAR
B7: Objeto Proyecto | C7: CONTRATO A TODO COSTO PARA LA REPARACIÓN, MANTENIMIENTO Y RESTAURACIÓN DE LAS FACHADAS Y REFORMA DEL BLOQUE 13 (COLISEO), BLOQUE 14 (CENTRO CULTURAL) Y ADECUACIÓN ZONAS VERDE CONJUNTA, DE LA UNIVERSIDAD LIBRE - SECCIONAL CALI | E7: Capítulo | F7: ='4.02'!E8 -> 4. ACABADOS DE FACHADA
B8: Contratista | C8: POR DEFINIR
B9: Código | C9: ="M-" & '4.02'!C9 -> M-4.02
B10: Actividad | C10: ='4.02'!C10 -> SUMINISTRO Y APLICACION GRANIPLAST ALTA CALIDAD PARA CARTERAS COLOR BLANCO Y GRIS
B11: Unidad Medida | C11: ='4.02'!C11 -> ML
B13: DESCRIPCIÓN | C13: DIMENSIONES
C14: LONGITUD m | D14: ANCHO m | E14: ALTURA m | F14: =C11 -> ML | G14: N° DE UNIDADES | H14: SUBTOTAL
B15: TORRE 13
B16: COLUMNAS | C16: 4 | E16: 4 | F16: =ROUND(IF(C16=0,1,C16)*IF(D16=0,1,D16)*IF(E16=0,1,E16),2) -> 16 | G16: 6 | H16: 32
B17: TORRE 13
B18: COLUMNAS | C18: 4 | E18: 4 | F18: =ROUND(IF(C18=0,1,C18)*IF(D18=0,1,D18)*IF(E18=0,1,E18),2) -> 16 | G18: 6 | H18: 32
F20: =ROUND(IF(C20=0,1,C20)*IF(D20=0,1,D20)*IF(E20=0,1,E20),2) -> 1 | H20: =F20*G20 -> 0
F23: =ROUND(IF(C23=0,1,C23)*IF(D23=0,1,D23)*IF(E23=0,1,E23),2) -> 1 | H23: =F23*G23 -> 0
F24: =ROUND(IF(C24=0,1,C24)*IF(D24=0,1,D24)*IF(E24=0,1,E24),2) -> 1 | H24: =F24*G24 -> 0
B26: SUBTOTAL | H26: =SUM(H15:H25) -> 64
B27: TOTAL | H27: =H26 -> 64
B30: REGISTRO FOTOGRÁFICO DE OBRA

Sheet 4.03
B4: ANALISIS DE PRECIOS UNITARIOS
B6: Nombre del Proyecto | C6: MANTENIMIENTO Y RESTAURACIÓN FACHADAS Y REFORMA BLOQUE 13, 14 Y ZONAS VERDES ALEDAÑAS CAMPUS VALLE DEL LILI | D6: Fecha | E6: SEPT 2026 | F6: Versión | G6: PRELIMINAR
B7: Objeto Proyecto | C7: CONTRATO A TODO COSTO PARA LA REPARACIÓN, MANTENIMIENTO Y RESTAURACIÓN DE LAS FACHADAS Y REFORMA DEL BLOQUE 13 (COLISEO), BLOQUE 14 (CENTRO CULTURAL) Y ADECUACIÓN ZONAS VERDE CONJUNTA, DE LA UNIVERSIDAD LIBRE - SECCIONAL CALI | D7: No. de Contrato | E7: 001
B8: Contratista | C8: POR DEFINIR | D8: Capítulo | E8: 4. ACABADOS DE FACHADA
B9: Código | C9: 4.03
B10: Actividad | C10: DILATACIONES EN FACHADA PARA LOSAS DE ENTREPISO, VIGAS Y COLUMNAS
B11: Unidad Medida | C11: ML
B13: Materiales
B14: Código | C14: Descripción | D14: U.M. | E14: Vr. Unitario | F14: Cantidad | G14: Vr. Parcial
G16: =F16*E16 -> 0
B17: Total Materiales | G17: =SUM(G15:G16) -> 0
B19: Equipos
B20: Código | C20: Descripción | D20: U.M. | E20: Vr. Unitario | F20: Cantidad | G20: Vr. Parcial
B21: ABC001 | C21: HERRAMIENTA Y EQUIPO MENOR | D21: % | F21: 0.03 | G21: =F21*E21 -> 0
C22: PULIDORA CON DISCO DE CORTE | D22: DIA | F22: 0.03 | G22: =F22*E22 -> 0
G23: =F23*E23 -> 0
B24: Total Equipos | G24: =SUM(G21:G23) -> 0
B26: Mano de Obra
B27: Código | C27: Descripción | D27: U.M. | E27: Vr. Unitario | F27: Cantidad | G27: Vr. Parcial
B28: C1301027 | C28: CUADRILLA PINTURA TIPO 1 (1 OFICIAL PINTOR + 1 AYUDANTES PINTOR) | D28: HC | F28: 0.3 | G28: =F28*E28 -> 0
G29: =F29*E29 -> 0
B30: Total Mano de Obra | G30: =SUM(G28:G29) -> 0
B32: Transporte
B33: Código | C33: Descripción | D33: U.M. | E33: Vr. Unitario | F33: Cantidad | G33: Vr. Parcial
G35: =F35*E35 -> 0
B36: Total Transporte | G36: =SUM(G34:G35) -> 0
B38: Total Costos Directo | G38: =ROUND(G36+G30+G24+G17,0) -> 0
B39: Factor Incremento | F39: 1 | G39: =G38*F39 -> 0
B40: Administracion | F40: 0.1561 | G40: =F40*G39 -> 0
B41: Imprevistos | F41: 0 | G41: =F41*G39 -> 0
B42: Utilidad | F42: 0.05 | G42: =F42*G39 -> 0
B43: IVA Sobre la Utilidad | F43: 0.19 | G43: =F43*G42 -> 0
B45: TOTAL | G45: =G43+G42+G41+G40+G39 -> 0

Sheet M-4.03
B4: MEMORIA DE CANTIDAD
B6: Nombre del Proyecto | C6: MANTENIMIENTO Y RESTAURACIÓN FACHADAS Y REFORMA BLOQUE 13, 14 Y ZONAS VERDES ALEDAÑAS CAMPUS VALLE DEL LILI | E6: Fecha | F6: SEPT 2026 | G6: Versión | H6: PRELIMINAR
B7: Objeto Proyecto | C7: CONTRATO A TODO COSTO PARA LA REPARACIÓN, MANTENIMIENTO Y RESTAURACIÓN DE LAS FACHADAS Y REFORMA DEL BLOQUE 13 (COLISEO), BLOQUE 14 (CENTRO CULTURAL) Y ADECUACIÓN ZONAS VERDE CONJUNTA, DE LA UNIVERSIDAD LIBRE - SECCIONAL CALI | E7: Capítulo | F7: ='4.03'!E8 -> 4. ACABADOS DE FACHADA
B8: Contratista | C8: POR DEFINIR
B9: Código | C9: ="M-" & '4.03'!C9 -> M-4.03
B10: Actividad | C10: ='4.03'!C10 -> DILATACIONES EN FACHADA PARA LOSAS DE ENTREPISO, VIGAS Y COLUMNAS
B11: Unidad Medida | C11: ='4.03'!C11 -> ML
B13: DESCRIPCIÓN | C13: DIMENSIONES
C14: LONGITUD m | D14: ANCHO m | E14: ALTURA m | F14: =C11 -> ML | G14: N° DE UNIDADES | H14: SUBTOTAL
B15: TORRE 13
B16: COLUMNAS | C16: 8.58 | F16: =ROUND(IF(C16=0,1,C16)*IF(D16=0,1,D16)*IF(E16=0,1,E16),2) -> 8.58 | G16: 14 | H16: =F16*G16-0.12 -> 120
B17: VIGAS / LOSA | C17: 60 | F17: =ROUND(IF(C17=0,1,C17)*IF(D17=0,1,D17)*IF(E17=0,1,E17),2) -> 60 | G17: 4 | H17: =F17*G17 -> 240
B18: TORRE 14
B19: VIGAS / LOSA | C19: 15 | F19: =ROUND(IF(C19=0,1,C19)*IF(D19=0,1,D19)*IF(E19=0,1,E19),2) -> 15 | G19: 4 | H19: =F19*G19 -> 60
B21: SUBTOTAL | H21: =SUM(H15:H20) -> 420
B22: TOTAL | H22: =H21 -> 420
B25: REGISTRO FOTOGRÁFICO DE OBRA

Sheet 4.04
B4: ANALISIS DE PRECIOS UNITARIOS
B6: Nombre del Proyecto | C6: MANTENIMIENTO Y RESTAURACIÓN FACHADAS Y REFORMA BLOQUE 13, 14 Y ZONAS VERDES ALEDAÑAS CAMPUS VALLE DEL LILI | D6: Fecha | E6: SEPT 2026 | F6: Versión | G6: PRELIMINAR
B7: Objeto Proyecto | C7: CONTRATO A TODO COSTO PARA LA REPARACIÓN, MANTENIMIENTO Y RESTAURACIÓN DE LAS FACHADAS Y REFORMA DEL BLOQUE 13 (COLISEO), BLOQUE 14 (CENTRO CULTURAL) Y ADECUACIÓN ZONAS VERDE CONJUNTA, DE LA UNIVERSIDAD LIBRE - SECCIONAL CALI | D7: No. de Contrato | E7: 001
B8: Contratista | C8: POR DEFINIR | D8: Capítulo | E8: 4. ACABADOS DE FACHADA
B9: Código | C9: 4.04
B10: Actividad | C10: RECONSTRUCCIÓN DE ZÓCALO O MEDICA CAÑA EN FACHADAS CON MORTERO Y SIKALATEX O SMILIAR
B11: Unidad Medida | C11: ML
B13: Materiales
B14: Código | C14: Descripción | D14: U.M. | E14: Vr. Unitario | F14: Cantidad | G14: Vr. Parcial
C15: SIKALATEX | D15: KG | F15: 0.01 | G15: =F15*E15 -> 0
C16: MORTERO 1:3 | D16: M3 | F16: 0.03 | G16: =F16*E16 -> 0
G17: =F17*E17 -> 0
B18: Total Materiales | G18: =SUM(G15:G17) -> 0
B20: Equipos
B21: Código | C21: Descripción | D21: U.M. | E21: Vr. Unitario | F21: Cantidad | G21: Vr. Parcial
B22: ABC001 | C22: HERRAMIENTA Y EQUIPO MENOR | D22: % | E22: =$G30 -> 0 | F22: 0.03 | G22: =F22*E22 -> 0
G23: =F23*E23 -> 0
B24: Total Equipos | G24: =SUM(G22:G23) -> 0
B26: Mano de Obra
B27: Código | C27: Descripción | D27: U.M. | E27: Vr. Unitario | F27: Cantidad | G27: Vr. Parcial
B28: C1301027 | C28: CUADRILLA PINTURA TIPO 1 (1 OFICIAL PINTOR + 1 AYUDANTES PINTOR) | D28: HC | F28: 0.5 | G28: =F28*E28 -> 0
G29: =F29*E29 -> 0
B30: Total Mano de Obra | G30: =SUM(G28:G29) -> 0
B32: Transporte
B33: Código | C33: Descripción | D33: U.M. | E33: Vr. Unitario | F33: Cantidad | G33: Vr. Parcial
G35: =F35*E35 -> 0
B36: Total Transporte | G36: =SUM(G34:G35) -> 0
B38: Total Costos Directo | G38: =ROUND(G36+G30+G24+G18,0) -> 0
B39: Factor Incremento | F39: 1 | G39: =G38*F39 -> 0
B40: Administracion | F40: 0.1561 | G40: =F40*G39 -> 0
B41: Imprevistos | F41: 0 | G41: =F41*G39 -> 0
B42: Utilidad | F42: 0.05 | G42: =F42*G39 -> 0
B43: IVA Sobre la Utilidad | F43: 0.19 | G43: =F43*G42 -> 0
B45: TOTAL | G45: =G43+G42+G41+G40+G39 -> 0

Sheet M-4.04
B4: MEMORIA DE CANTIDAD
B6: Nombre del Proyecto | C6: MANTENIMIENTO Y RESTAURACIÓN FACHADAS Y REFORMA BLOQUE 13, 14 Y ZONAS VERDES ALEDAÑAS CAMPUS VALLE DEL LILI | E6: Fecha | F6: SEPT 2026 | G6: Versión | H6: PRELIMINAR
B7: Objeto Proyecto | C7: CONTRATO A TODO COSTO PARA LA REPARACIÓN, MANTENIMIENTO Y RESTAURACIÓN DE LAS FACHADAS Y REFORMA DEL BLOQUE 13 (COLISEO), BLOQUE 14 (CENTRO CULTURAL) Y ADECUACIÓN ZONAS VERDE CONJUNTA, DE LA UNIVERSIDAD LIBRE - SECCIONAL CALI | E7: Capítulo | F7: ='4.04'!E8 -> 4. ACABADOS DE FACHADA
B8: Contratista | C8: POR DEFINIR
B9: Código | C9: ="M-" & '4.04'!C9 -> M-4.04
B10: Actividad | C10: ='4.04'!C10 -> RECONSTRUCCIÓN DE ZÓCALO O MEDICA CAÑA EN FACHADAS CON MORTERO Y SIKALATEX O SMILIAR
B11: Unidad Medida | C11: ='4.04'!C11 -> ML
B13: DESCRIPCIÓN | C13: DIMENSIONES
C14: LONGITUD m | D14: ANCHO m | E14: ALTURA m | F14: =C11 -> ML | G14: N° DE UNIDADES | H14: SUBTOTAL
B15: TORRE 13
B16: FACHADA OCC | C16: 26.5 | F16: =ROUND(IF(C16=0,1,C16)*IF(D16=0,1,D16)*IF(E16=0,1,E16),2) -> 26.5 | G16: 1 | H16: =F16*G16 -> 26.5
B17: FACHADA ORIENTAL | C17: 26.5 | F17: =ROUND(IF(C17=0,1,C17)*IF(D17=0,1,D17)*IF(E17=0,1,E17),2) -> 26.5 | G17: 1 | H17: =F17*G17 -> 26.5
B18: FACHADA NORTE | C18: 60 | F18: =ROUND(IF(C18=0,1,C18)*IF(D18=0,1,D18)*IF(E18=0,1,E18),2) -> 60 | G18: 1 | H18: =F18*G18 -> 60
B19: LOSA | C19: 80 | F19: =ROUND(IF(C19=0,1,C19)*IF(D19=0,1,D19)*IF(E19=0,1,E19),2) -> 80 | G19: 1 | H19: =F19*G19 -> 80
B20: TORRE 13 | C20: 15 | F20: =ROUND(IF(C20=0,1,C20)*IF(D20=0,1,D20)*IF(E20=0,1,E20),2) -> 15 | G20: 8 | H20: =F20*G20 -> 120
C21: 8.7 | F21: =ROUND(IF(C21=0,1,C21)*IF(D21=0,1,D21)*IF(E21=0,1,E21),2) -> 8.7 | G21: 4 | H21: =F21*G21 -> 34.8
B22: ERROR | H22: 842.2
B26: SUBTOTAL | H26: =SUM(H15:H25) -> 1190
B27: TOTAL | H27: =H26 -> 1190
B30: REGISTRO FOTOGRÁFICO DE OBRA

Sheet 4.05
B4: ANALISIS DE PRECIOS UNITARIOS
B6: Nombre del Proyecto | C6: MANTENIMIENTO Y RESTAURACIÓN FACHADAS Y REFORMA BLOQUE 13, 14 Y ZONAS VERDES ALEDAÑAS CAMPUS VALLE DEL LILI | D6: Fecha | E6: SEPT 2026 | F6: Versión | G6: PRELIMINAR
B7: Objeto Proyecto | C7: CONTRATO A TODO COSTO PARA LA REPARACIÓN, MANTENIMIENTO Y RESTAURACIÓN DE LAS FACHADAS Y REFORMA DEL BLOQUE 13 (COLISEO), BLOQUE 14 (CENTRO CULTURAL) Y ADECUACIÓN ZONAS VERDE CONJUNTA, DE LA UNIVERSIDAD LIBRE - SECCIONAL CALI | D7: No. de Contrato | E7: 001
B8: Contratista | C8: POR DEFINIR | D8: Capítulo | E8: 4. ACABADOS DE FACHADA
B9: Código | C9: 4.05
B10: Actividad | C10: SUMINISTRO E INSTALACIÓN DE BLOQUES CALADOS EN FACHADA BLOQUE 13 PARA VENTILACIÓN
B11: Unidad Medida | C11: M2
B13: Materiales
B14: Código | C14: Descripción | D14: U.M. | E14: Vr. Unitario | F14: Cantidad | G14: Vr. Parcial
C15: CALADO CEMENTO 20X20X12 | D15: UND | F15: 25 | G15: =F15*E15 -> 0
C16: MORTERO DE PEGA PARA BLOQUE | D16: M3 | F16: 0.021 | G16: =F16*E16 -> 0
G17: =F17*E17 -> 0
G18: =F18*E18 -> 0
B19: Total Materiales | G19: =SUM(G15:G18) -> 0
B21: Equipos
B22: Código | C22: Descripción | D22: U.M. | E22: Vr. Unitario | F22: Cantidad | G22: Vr. Parcial
B23: ABC001 | C23: HERRAMIENTA Y EQUIPO MENOR | D23: % | E23: =$G$31 -> 0 | F23: 0.03 | G23: =F23*E23 -> 0
G24: =F24*E24 -> 0
B25: Total Equipos | G25: =SUM(G23:G24) -> 0
B27: Mano de Obra
B28: Código | C28: Descripción | D28: U.M. | E28: Vr. Unitario | F28: Cantidad | G28: Vr. Parcial
C29: CUADRILLA DE CONSTRUCCIÓN TIPO 1 (1 OFICIAL + 1 AYUDANTE) | D29: HC | F29: 0.95 | G29: =F29*E29 -> 0
G30: =F30*E30 -> 0
B31: Total Mano de Obra | G31: =SUM(G29:G30) -> 0
B33: Transporte
B34: Código | C34: Descripción | D34: U.M. | E34: Vr. Unitario | F34: Cantidad | G34: Vr. Parcial
G36: =F36*E36 -> 0
B37: Total Transporte | G37: =SUM(G35:G36) -> 0
B39: Total Costos Directo | G39: =ROUND(G37+G31+G25+G19,0) -> 0
B40: Factor Incremento | F40: 1 | G40: =G39*F40 -> 0
B41: Administracion | F41: 0.1561 | G41: =F41*G40 -> 0
B42: Imprevistos | F42: 0 | G42: =F42*G40 -> 0
B43: Utilidad | F43: 0.05 | G43: =F43*G40 -> 0
B44: IVA Sobre la Utilidad | F44: 0.19 | G44: =F44*G43 -> 0
B46: TOTAL | G46: =G44+G43+G42+G41+G40 -> 0

Sheet M-4.05
B4: MEMORIA DE CANTIDAD
B6: Nombre del Proyecto | C6: MANTENIMIENTO Y RESTAURACIÓN FACHADAS Y REFORMA BLOQUE 13, 14 Y ZONAS VERDES ALEDAÑAS CAMPUS VALLE DEL LILI | E6: Fecha | F6: SEPT 2026 | G6: Versión | H6: PRELIMINAR
B7: Objeto Proyecto | C7: CONTRATO A TODO COSTO PARA LA REPARACIÓN, MANTENIMIENTO Y RESTAURACIÓN DE LAS FACHADAS Y REFORMA DEL BLOQUE 13 (COLISEO), BLOQUE 14 (CENTRO CULTURAL) Y ADECUACIÓN ZONAS VERDE CONJUNTA, DE LA UNIVERSIDAD LIBRE - SECCIONAL CALI | E7: Capítulo | F7: ='4.05'!E8 -> 4. ACABADOS DE FACHADA
B8: Contratista | C8: POR DEFINIR
B9: Código | C9: ="M-" & '4.05'!C9 -> M-4.05
B10: Actividad | C10: ='4.05'!C10 -> SUMINISTRO E INSTALACIÓN DE BLOQUES CALADOS EN FACHADA BLOQUE 13 PARA VENTILACIÓN
B11: Unidad Medida | C11: ='4.05'!C11 -> M2
B13: DESCRIPCIÓN | C13: DIMENSIONES
C14: LONGITUD m | D14: ANCHO m | E14: ALTURA m | F14: =C11 -> M2 | G14: N° DE UNIDADES | H14: SUBTOTAL
B15: TORRE 13
B16: PISO 1 COLISEO | C16: 6 | E16: 3.74 | F16: =ROUND(IF(C16=0,1,C16)*IF(D16=0,1,D16)*IF(E16=0,1,E16),2) -> 22.44 | G16: 4 | H16: =F16*G16 -> 89.76
B17: EN LA ALTURA | C17: 6 | E17: 3.76 | F17: =ROUND(IF(C17=0,1,C17)*IF(D17=0,1,D17)*IF(E17=0,1,E17),2) -> 22.56 | G17: 4 | H17: =F17*G17 -> 90.24
B24: SUBTOTAL | H24: =SUM(H15:H23) -> 180
B25: TOTAL | H25: =H24 -> 180
B28: REGISTRO FOTOGRÁFICO DE OBRA

Sheet 4.06
B4: ANALISIS DE PRECIOS UNITARIOS
B6: Nombre del Proyecto | C6: MANTENIMIENTO Y RESTAURACIÓN FACHADAS Y REFORMA BLOQUE 13, 14 Y ZONAS VERDES ALEDAÑAS CAMPUS VALLE DEL LILI | D6: Fecha | E6: SEPT 2026 | F6: Versión | G6: PRELIMINAR
B7: Objeto Proyecto | C7: CONTRATO A TODO COSTO PARA LA REPARACIÓN, MANTENIMIENTO Y RESTAURACIÓN DE LAS FACHADAS Y REFORMA DEL BLOQUE 13 (COLISEO), BLOQUE 14 (CENTRO CULTURAL) Y ADECUACIÓN ZONAS VERDE CONJUNTA, DE LA UNIVERSIDAD LIBRE - SECCIONAL CALI | D7: No. de Contrato | E7: 001
B8: Contratista | C8: POR DEFINIR | D8: Capítulo | E8: 4. ACABADOS DE FACHADA
B9: Código | C9: 4.06
B10: Actividad | C10: SUMINISTRO Y PINTURA TIPO CORAZA BLANCA PARA CALADOS EN FACHADA. INCLUYE LIMPIEZA DE LOS ELEMENTOS Y DOS MANOS DE PINUTRA.
B11: Unidad Medida | C11: M2
B13: Materiales
B14: Código | C14: Descripción | D14: U.M. | E14: Vr. Unitario | F14: Cantidad | G14: Vr. Parcial
C15: PINTURA PARA EXTERIOR BLANCA KORAZA | D15: GL | F15: 0.035 | G15: =F15*E15 -> 0
G16: =F16*E16 -> 0
B17: Total Materiales | G17: =SUM(G15:G16) -> 0
B19: Equipos
B20: Código | C20: Descripción | D20: U.M. | E20: Vr. Unitario | F20: Cantidad | G20: Vr. Parcial
B21: ABC001 | C21: HERRAMIENTA Y EQUIPO MENOR | D21: % | E21: =$G$30 -> 0 | F21: 0.03 | G21: =F21*E21 -> 0
C22: HIDROLAVADORA CHORRO PRESION-AUTONOMA | D22: DIA | F22: 0.004 | G22: =F22*E22 -> 0
G23: =F23*E23 -> 0
B24: Total Equipos | G24: =SUM(G21:G23) -> 0
B26: Mano de Obra
B27: Código | C27: Descripción | D27: U.M. | E27: Vr. Unitario | F27: Cantidad | G27: Vr. Parcial
B28: C1301027 | C28: CUADRILLA PINTURA TIPO 1 (1 OFICIAL PINTOR + 1 AYUDANTES PINTOR) | D28: HC | F28: 0.46 | G28: =F28*E28 -> 0
G29: =F29*E29 -> 0
B30: Total Mano de Obra | G30: =SUM(G28:G29) -> 0
B32: Transporte
B33: Código | C33: Descripción | D33: U.M. | E33: Vr. Unitario | F33: Cantidad | G33: Vr. Parcial
G35: =F35*E35 -> 0
B36: Total Transporte | G36: =SUM(G34:G35) -> 0
B38: Total Costos Directo | G38: =ROUND(G36+G30+G24+G17,0) -> 0
B39: Factor Incremento | F39: 1 | G39: =G38*F39 -> 0
B40: Administracion | F40: 0.1561 | G40: =F40*G39 -> 0
B41: Imprevistos | F41: 0 | G41: =F41*G39 -> 0
B42: Utilidad | F42: 0.05 | G42: =F42*G39 -> 0
B43: IVA Sobre la Utilidad | F43: 0.19 | G43: =F43*G42 -> 0
B45: TOTAL | G45: =G43+G42+G41+G40+G39 -> 0

Sheet M-4.06
B4: MEMORIA DE CANTIDAD
B6: Nombre del Proyecto | C6: MANTENIMIENTO Y RESTAURACIÓN FACHADAS Y REFORMA BLOQUE 13, 14 Y ZONAS VERDES ALEDAÑAS CAMPUS VALLE DEL LILI | E6: Fecha | F6: SEPT 2026 | G6: Versión | H6: PRELIMINAR
B7: Objeto Proyecto | C7: CONTRATO A TODO COSTO PARA LA REPARACIÓN, MANTENIMIENTO Y RESTAURACIÓN DE LAS FACHADAS Y REFORMA DEL BLOQUE 13 (COLISEO), BLOQUE 14 (CENTRO CULTURAL) Y ADECUACIÓN ZONAS VERDE CONJUNTA, DE LA UNIVERSIDAD LIBRE - SECCIONAL CALI | E7: Capítulo | F7: ='4.06'!E8 -> 4. ACABADOS DE FACHADA
B8: Contratista | C8: POR DEFINIR
B9: Código | C9: ="M-" & '4.06'!C9 -> M-4.06
B10: Actividad | C10: ='4.06'!C10 -> SUMINISTRO Y PINTURA TIPO CORAZA BLANCA PARA CALADOS EN FACHADA. INCLUYE LIMPIEZA DE LOS ELEMENTOS Y DOS MANOS DE PINUTRA.
B11: Unidad Medida | C11: ='4.06'!C11 -> M2
B13: DESCRIPCIÓN | C13: DIMENSIONES
C14: LONGITUD m | D14: ANCHO m | E14: ALTURA m | F14: =C11 -> M2 | G14: N° DE UNIDADES | H14: SUBTOTAL
B15: TORRE 13
B16: FACHADA NORTE | C16: 45 | E16: 3.4 | F16: =ROUND(IF(C16=0,1,C16)*IF(D16=0,1,D16)*IF(E16=0,1,E16),2) -> 153 | G16: 1 | H16: =F16*G16 -> 153
B23: SUBTOTAL | H23: =SUM(H15:H22) -> 153
B24: TOTAL | H24: =H23 -> 153
B27: REGISTRO FOTOGRÁFICO DE OBRA

Sheet 4.07
B4: ANALISIS DE PRECIOS UNITARIOS
B6: Nombre del Proyecto | C6: MANTENIMIENTO Y RESTAURACIÓN FACHADAS Y REFORMA BLOQUE 13, 14 Y ZONAS VERDES ALEDAÑAS CAMPUS VALLE DEL LILI | D6: Fecha | E6: SEPT 2026 | F6: Versión | G6: PRELIMINAR
B7: Objeto Proyecto | C7: CONTRATO A TODO COSTO PARA LA REPARACIÓN, MANTENIMIENTO Y RESTAURACIÓN DE LAS FACHADAS Y REFORMA DEL BLOQUE 13 (COLISEO), BLOQUE 14 (CENTRO CULTURAL) Y ADECUACIÓN ZONAS VERDE CONJUNTA, DE LA UNIVERSIDAD LIBRE - SECCIONAL CALI | D7: No. de Contrato | E7: 001
B8: Contratista | C8: POR DEFINIR | D8: Capítulo | E8: 4. ACABADOS DE FACHADA
B9: Código | C9: 4.07
B10: Actividad | C10: SUMINISTRO E INSTALACIÓN DE BLOQUES EN FACHADA BLOQUE 14 PARA CERRAR PUERTAS DE ACCESO.
B11: Unidad Medida | C11: M2
B13: Materiales
B14: Código | C14: Descripción | D14: U.M. | E14: Vr. Unitario | F14: Cantidad | G14: Vr. Parcial
C15: BLOQUE CONCRETO 10X19X39 | D15: UND | F15: 10 | G15: =F15*E15 -> 0
C16: MORTERO DE PEGA PARA BLOQUE | D16: M3 | F16: 0.012 | G16: =F16*E16 -> 0
G17: =F17*E17 -> 0
G18: =F18*E18 -> 0
B19: Total Materiales | G19: =SUM(G15:G18) -> 0
B21: Equipos
B22: Código | C22: Descripción | D22: U.M. | E22: Vr. Unitario | F22: Cantidad | G22: Vr. Parcial
B23: ABC001 | C23: HERRAMIENTA Y EQUIPO MENOR | D23: % | E23: =$G$31 -> 0 | F23: 0.03 | G23: =F23*E23 -> 0
G24: =F24*E24 -> 0
B25: Total Equipos | G25: =SUM(G23:G24) -> 0
B27: Mano de Obra
B28: Código | C28: Descripción | D28: U.M. | E28: Vr. Unitario | F28: Cantidad | G28: Vr. Parcial
C29: CUADRILLA DE CONSTRUCCIÓN TIPO 1 (1 OFICIAL + 1 AYUDANTE) | D29: HC | F29: 0.8 | G29: =F29*E29 -> 0
G30: =F30*E30 -> 0
B31: Total Mano de Obra | G31: =SUM(G29:G30) -> 0
B33: Transporte
B34: Código | C34: Descripción | D34: U.M. | E34: Vr. Unitario | F34: Cantidad | G34: Vr. Parcial
G36: =F36*E36 -> 0
B37: Total Transporte | G37: =SUM(G35:G36) -> 0
B39: Total Costos Directo | G39: =ROUND(G37+G31+G25+G19,0) -> 0
B40: Factor Incremento | F40: 1 | G40: =G39*F40 -> 0
B41: Administracion | F41: 0.1561 | G41: =F41*G40 -> 0
B42: Imprevistos | F42: 0 | G42: =F42*G40 -> 0
B43: Utilidad | F43: 0.05 | G43: =F43*G40 -> 0
B44: IVA Sobre la Utilidad | F44: 0.19 | G44: =F44*G43 -> 0
B46: TOTAL | G46: =G44+G43+G42+G41+G40 -> 0

Sheet M-4.07
B4: MEMORIA DE CANTIDAD
B6: Nombre del Proyecto | C6: MANTENIMIENTO Y RESTAURACIÓN FACHADAS Y REFORMA BLOQUE 13, 14 Y ZONAS VERDES ALEDAÑAS CAMPUS VALLE DEL LILI | E6: Fecha | F6: SEPT 2026 | G6: Versión | H6: PRELIMINAR
B7: Objeto Proyecto | C7: CONTRATO A TODO COSTO PARA LA REPARACIÓN, MANTENIMIENTO Y RESTAURACIÓN DE LAS FACHADAS Y REFORMA DEL BLOQUE 13 (COLISEO), BLOQUE 14 (CENTRO CULTURAL) Y ADECUACIÓN ZONAS VERDE CONJUNTA, DE LA UNIVERSIDAD LIBRE - SECCIONAL CALI | E7: Capítulo | F7: ='4.07'!E8 -> 4. ACABADOS DE FACHADA
B8: Contratista | C8: POR DEFINIR
B9: Código | C9: ="M-" & '4.07'!C9 -> M-4.07
B10: Actividad | C10: ='4.07'!C10 -> SUMINISTRO E INSTALACIÓN DE BLOQUES EN FACHADA BLOQUE 14 PARA CERRAR PUERTAS DE ACCESO.
B11: Unidad Medida | C11: ='4.07'!C11 -> M2
B13: DESCRIPCIÓN | C13: DIMENSIONES
C14: LONGITUD m | D14: ANCHO m | E14: ALTURA m | F14: =C11 -> M2 | G14: N° DE UNIDADES | H14: SUBTOTAL
B15: PUERTAS TRACERAS | C15: 1 | E15: 1.3 | F15: =ROUND(IF(C15=0,1,C15)*IF(D15=0,1,D15)*IF(E15=0,1,E15),2) -> 1.3 | G15: 2 | H15: =F15*G15 -> 2.6
B22: SUBTOTAL | H22: =SUM(H15:H21) -> 2.6
B23: TOTAL | H23: =H22 -> 2.6
B26: REGISTRO FOTOGRÁFICO DE OBRA

Sheet 4.08
B4: ANALISIS DE PRECIOS UNITARIOS
B6: Nombre del Proyecto | C6: MANTENIMIENTO Y RESTAURACIÓN FACHADAS Y REFORMA BLOQUE 13, 14 Y ZONAS VERDES ALEDAÑAS CAMPUS VALLE DEL LILI | D6: Fecha | E6: SEPT 2026 | F6: Versión | G6: PRELIMINAR
B7: Objeto Proyecto | C7: CONTRATO A TODO COSTO PARA LA REPARACIÓN, MANTENIMIENTO Y RESTAURACIÓN DE LAS FACHADAS Y REFORMA DEL BLOQUE 13 (COLISEO), BLOQUE 14 (CENTRO CULTURAL) Y ADECUACIÓN ZONAS VERDE CONJUNTA, DE LA UNIVERSIDAD LIBRE - SECCIONAL CALI | D7: No. de Contrato | E7: 001
B8: Contratista | C8: POR DEFINIR | D8: Capítulo | E8: 4. ACABADOS DE FACHADA
B9: Código | C9: 4.08
B10: Actividad | C10: CANALIZACIÓN DE CABLEADO SISTEMA DE VIDEO VIGILANCIA. SUMINISTRO EN INSTALACIÓN DE DUCTERIA CONDUIT 1/2", RANURA MURO O VIGA, REPARACIÓN.
B11: Unidad Medida | C11: ML
B13: Materiales
B14: Código | C14: Descripción | D14: U.M. | E14: Vr. Unitario | F14: Cantidad | G14: Vr. Parcial
C15: TUBO CONDUIT DE 1/2" PVC | D15: ML | F15: 1.05 | G15: =F15*E15 -> 0
C16: MORTERO DE PEGA PARA BLOQUE | D16: M3 | F16: 0.003 | G16: =F16*E16 -> 0
G17: =F17*E17 -> 0
B18: Total Materiales | G18: =SUM(G15:G17) -> 0
B20: Equipos
B21: Código | C21: Descripción | D21: U.M. | E21: Vr. Unitario | F21: Cantidad | G21: Vr. Parcial
B22: ABC001 | C22: HERRAMIENTA Y EQUIPO MENOR | D22: % | E22: =$G$30 -> 0 | F22: 0.03 | G22: =F22*E22 -> 0
G23: =F23*E23 -> 0
B24: Total Equipos | G24: =SUM(G22:G23) -> 0
B26: Mano de Obra
B27: Código | C27: Descripción | D27: U.M. | E27: Vr. Unitario | F27: Cantidad | G27: Vr. Parcial
C28: CUADRILLA DE CONSTRUCCIÓN TIPO 1 (1 OFICIAL + 1 AYUDANTE) | D28: HC | F28: 0.8 | G28: =F28*E28 -> 0
G29: =F29*E29 -> 0
B30: Total Mano de Obra | G30: =SUM(G28:G29) -> 0
B32: Transporte
B33: Código | C33: Descripción | D33: U.M. | E33: Vr. Unitario | F33: Cantidad | G33: Vr. Parcial
G35: =F35*E35 -> 0
B36: Total Transporte | G36: =SUM(G34:G35) -> 0
B38: Total Costos Directo | G38: =ROUND(G36+G30+G24+G18,0) -> 0
B39: Factor Incremento | F39: 1 | G39: =G38*F39 -> 0
B40: Administracion | F40: 0.1561 | G40: =F40*G39 -> 0
B41: Imprevistos | F41: 0 | G41: =F41*G39 -> 0
B42: Utilidad | F42: 0.05 | G42: =F42*G39 -> 0
B43: IVA Sobre la Utilidad | F43: 0.19 | G43: =F43*G42 -> 0
B45: TOTAL | G45: =G43+G42+G41+G40+G39 -> 0

Sheet M-4.08
B4: MEMORIA DE CANTIDAD
B6: Nombre del Proyecto | C6: MANTENIMIENTO Y RESTAURACIÓN FACHADAS Y REFORMA BLOQUE 13, 14 Y ZONAS VERDES ALEDAÑAS CAMPUS VALLE DEL LILI | E6: Fecha | F6: SEPT 2026 | G6: Versión | H6: PRELIMINAR
B7: Objeto Proyecto | C7: CONTRATO A TODO COSTO PARA LA REPARACIÓN, MANTENIMIENTO Y RESTAURACIÓN DE LAS FACHADAS Y REFORMA DEL BLOQUE 13 (COLISEO), BLOQUE 14 (CENTRO CULTURAL) Y ADECUACIÓN ZONAS VERDE CONJUNTA, DE LA UNIVERSIDAD LIBRE - SECCIONAL CALI | E7: Capítulo | F7: ='4.08'!E8 -> 4. ACABADOS DE FACHADA
B8: Contratista | C8: POR DEFINIR
B9: Código | C9: ="M-" & '4.08'!C9 -> M-4.08
B10: Actividad | C10: ='4.08'!C10 -> CANALIZACIÓN DE CABLEADO SISTEMA DE VIDEO VIGILANCIA. SUMINISTRO EN INSTALACIÓN DE DUCTERIA CONDUIT 1/2", RANURA MURO O VIGA, REPARACIÓN.
B11: Unidad Medida | C11: ='4.08'!C11 -> ML
B13: DESCRIPCIÓN | C13: DIMENSIONES
C14: LONGITUD m | D14: ANCHO m | E14: ALTURA m | F14: =C11 -> ML | G14: N° DE UNIDADES | H14: SUBTOTAL
B15: TUBERIA EXISTENTE | C15: 36 | F15: =ROUND(IF(C15=0,1,C15)*IF(D15=0,1,D15)*IF(E15=0,1,E15),2) -> 36 | G15: 1 | H15: =F15*G15 -> 36
B21: SUBTOTAL | H21: =SUM(H15:H20) -> 36
B22: TOTAL | H22: =H21 -> 36
B25: REGISTRO FOTOGRÁFICO DE OBRA

Sheet 5.01
B4: ANALISIS DE PRECIOS UNITARIOS
B6: Nombre del Proyecto | C6: MANTENIMIENTO Y RESTAURACIÓN FACHADAS Y REFORMA BLOQUE 13, 14 Y ZONAS VERDES ALEDAÑAS CAMPUS VALLE DEL LILI | D6: Fecha | E6: SEPT 2026 | F6: Versión | G6: PRELIMINAR
B7: Objeto Proyecto | C7: CONTRATO A TODO COSTO PARA LA REPARACIÓN, MANTENIMIENTO Y RESTAURACIÓN DE LAS FACHADAS Y REFORMA DEL BLOQUE 13 (COLISEO), BLOQUE 14 (CENTRO CULTURAL) Y ADECUACIÓN ZONAS VERDE CONJUNTA, DE LA UNIVERSIDAD LIBRE - SECCIONAL CALI | D7: No. de Contrato | E7: 001
B8: Contratista | C8: POR DEFINIR | D8: Capítulo | E8: 5. CUBIERTA
B9: Código | C9: 5.01
B10: Actividad | C10: SUMINISTRO E INSTLACIÓN DE ALFAJÍAS EN ALUMINIO DE 26cm DE ANCHO COLOR NATURAL CALIBRE 16, CON GOTERO Y PUNTOS DE ANCLAJE.
B11: Unidad Medida | C11: ML
B13: Materiales
B14: Código | C14: Descripción | D14: U.M. | E14: Vr. Unitario | F14: Cantidad | G14: Vr. Parcial
C15: ALFAJÍA FABRICADA EN LAMINA DE ACERO INOX CAL 16 DE 22cm ANCHO CON PESTAÑAS DE 4 CM. | D15: ML | F15: 0.45 | G15: =F15*E15 -> 0
C16: ='3.02'!$C$15 -> MORTERO 1:3 | D16: ='3.02'!$D$15 -> M3 | F16: 0.01 | G16: =F16*E16 -> 0
C17: CHAZO PLASTICO 1/4" | D17: UND | F17: 4 | G17: =F17*E17 -> 0
C18: TORNILLO LAM. AVELL. 8 X 2" | D18: UND | F18: 4 | G18: =F18*E18 -> 0
G19: =F19*E19 -> 0
B20: Total Materiales | G20: =SUM(G15:G19) -> 0
B22: Equipos
B23: Código | C23: Descripción | D23: U.M. | E23: Vr. Unitario | F23: Cantidad | G23: Vr. Parcial
B24: ABC001 | C24: HERRAMIENTA Y EQUIPO MENOR | D24: % | E24: =$G$32 -> 0 | F24: 0.03 | G24: =F24*E24 -> 0
G25: =F25*E25 -> 0
B26: Total Equipos | G26: =SUM(G24:G25) -> 0
B28: Mano de Obra
B29: Código | C29: Descripción | D29: U.M. | E29: Vr. Unitario | F29: Cantidad | G29: Vr. Parcial
B30: C1301001 | C30: CUADRILLA DE CONSTRUCCIÓN TIPO 1 (1 OFICIAL + 1 AYUDANTE) | D30: HC | F30: 0.9 | G30: =F30*E30 -> 0
G31: =F31*E31 -> 0
B32: Total Mano de Obra | G32: =SUM(G30:G31) -> 0
B34: Transporte
B35: Código | C35: Descripción | D35: U.M. | E35: Vr. Unitario | F35: Cantidad | G35: Vr. Parcial
G37: =F37*E37 -> 0
B38: Total Transporte | G38: =SUM(G36:G37) -> 0
B40: Total Costos Directo | G40: =ROUND(G38+G32+G26+G20,0) -> 0
B41: Factor Incremento | F41: 1 | G41: =G40*F41 -> 0
B42: Administracion | F42: 0.1561 | G42: =F42*G41 -> 0
B43: Imprevistos | F43: 0 | G43: =F43*G41 -> 0
B44: Utilidad | F44: 0.05 | G44: =F44*G41 -> 0
B45: IVA Sobre la Utilidad | F45: 0.19 | G45: =F45*G44 -> 0
B47: TOTAL | G47: =G45+G44+G43+G42+G41 -> 0

Sheet M-5.01
B4: MEMORIA DE CANTIDAD
B6: Nombre del Proyecto | C6: MANTENIMIENTO Y RESTAURACIÓN FACHADAS Y REFORMA BLOQUE 13, 14 Y ZONAS VERDES ALEDAÑAS CAMPUS VALLE DEL LILI | E6: Fecha | F6: SEPT 2026 | G6: Versión | H6: PRELIMINAR
B7: Objeto Proyecto | C7: CONTRATO A TODO COSTO PARA LA REPARACIÓN, MANTENIMIENTO Y RESTAURACIÓN DE LAS FACHADAS Y REFORMA DEL BLOQUE 13 (COLISEO), BLOQUE 14 (CENTRO CULTURAL) Y ADECUACIÓN ZONAS VERDE CONJUNTA, DE LA UNIVERSIDAD LIBRE - SECCIONAL CALI | E7: Capítulo | F7: ='5.01'!E8 -> 5. CUBIERTA
B8: Contratista | C8: POR DEFINIR
B9: Código | C9: ="M-" & '5.01'!C9 -> M-5.01
B10: Actividad | C10: ='5.01'!C10 -> SUMINISTRO E INSTLACIÓN DE ALFAJÍAS EN ALUMINIO DE 26cm DE ANCHO COLOR NATURAL CALIBRE 16, CON GOTERO Y PUNTOS DE ANCLAJE.
B11: Unidad Medida | C11: ='5.01'!C11 -> ML
B13: DESCRIPCIÓN | C13: DIMENSIONES
C14: LONGITUD m | D14: ANCHO m | E14: ALTURA m | F14: =C11 -> ML | G14: N° DE UNIDADES | H14: SUBTOTAL
B15: TORRE 13
B16: FACHADA OCC | C16: 26.5 | F16: =ROUND(IF(C16=0,1,C16)*IF(D16=0,1,D16)*IF(E16=0,1,E16),2) -> 26.5 | G16: 1 | H16: =F16*G16 -> 26.5
B17: FACHADA ORIENTAL | C17: 26.5 | F17: =ROUND(IF(C17=0,1,C17)*IF(D17=0,1,D17)*IF(E17=0,1,E17),2) -> 26.5 | G17: 1 | H17: =F17*G17 -> 26.5
B18: FACHADA NORTE | C18: 60 | F18: =ROUND(IF(C18=0,1,C18)*IF(D18=0,1,D18)*IF(E18=0,1,E18),2) -> 60 | G18: 1 | H18: =F18*G18 -> 60
B19: BUITRONES | C19: 53 | F19: =ROUND(IF(C19=0,1,C19)*IF(D19=0,1,D19)*IF(E19=0,1,E19),2) -> 53 | G19: 1 | H19: =F19*G19 -> 53
B20: TORRE 14
B21: FACHADAS | C21: 15 | F21: =ROUND(IF(C21=0,1,C21)*IF(D21=0,1,D21)*IF(E21=0,1,E21),2) -> 15 | G21: 4 | H21: =F21*G21 -> 60
C22: 8.5 | F22: =ROUND(IF(C22=0,1,C22)*IF(D22=0,1,D22)*IF(E22=0,1,E22),2) -> 8.5 | G22: 4 | H22: =F22*G22 -> 34
B26: SUBTOTAL | H26: =SUM(H15:H25) -> 260
B27: TOTAL | H27: =H26 -> 260
B30: REGISTRO FOTOGRÁFICO DE OBRA

Sheet 5.02
B4: ANALISIS DE PRECIOS UNITARIOS
B6: Nombre del Proyecto | C6: MANTENIMIENTO Y RESTAURACIÓN FACHADAS Y REFORMA BLOQUE 13, 14 Y ZONAS VERDES ALEDAÑAS CAMPUS VALLE DEL LILI | D6: Fecha | E6: SEPT 2026 | F6: Versión | G6: PRELIMINAR
B7: Objeto Proyecto | C7: CONTRATO A TODO COSTO PARA LA REPARACIÓN, MANTENIMIENTO Y RESTAURACIÓN DE LAS FACHADAS Y REFORMA DEL BLOQUE 13 (COLISEO), BLOQUE 14 (CENTRO CULTURAL) Y ADECUACIÓN ZONAS VERDE CONJUNTA, DE LA UNIVERSIDAD LIBRE - SECCIONAL CALI | D7: No. de Contrato | E7: 001
B8: Contratista | C8: POR DEFINIR | D8: Capítulo | E8: 5. CUBIERTA
B9: Código | C9: 5.02
B10: Actividad | C10: SUMINISTRO E INSTALACIÓN DE PINTURA CON ALUMINIO BITUMINOSO A DOS MANOS PARA IMPERMEABILIZACIÓN DE TERRAZA. INCLUYE LIMPIEZA DE LA SUPERFICIE
B11: Unidad Medida | C11: M2
B13: Materiales
B14: Código | C14: Descripción | D14: U.M. | E14: Vr. Unitario | F14: Cantidad | G14: Vr. Parcial
C15: PINTURA BITUMINOSA DE ALUMINIO | D15: GAL | F15: 0.07 | G15: =F15*E15 -> 0
C16: RODILLO FELPA | D16: UND | F16: 0.05 | G16: =F16*E16 -> 0
G17: =F17*E17 -> 0
B18: Total Materiales | G18: =SUM(G15:G17) -> 0
B20: Equipos
B21: Código | C21: Descripción | D21: U.M. | E21: Vr. Unitario | F21: Cantidad | G21: Vr. Parcial
B22: ABC001 | C22: HERRAMIENTA Y EQUIPO MENOR | D22: % | E22: =$G$31 -> 0 | F22: 0.03 | G22: =F22*E22 -> 0
G23: =F23*E23 -> 0
B24: Total Equipos | G24: =SUM(G22:G23) -> 0
B26: Mano de Obra
B27: Código | C27: Descripción | D27: U.M. | E27: Vr. Unitario | F27: Cantidad | G27: Vr. Parcial
B28: C1301027 | C28: CUADRILLA PINTURA TIPO 1 (1 OFICIAL PINTOR + 1 AYUDANTES PINTOR) | D28: HC | F28: 0.31 | G28: =F28*E28 -> 0
C29: ='2.01'!$C$28 -> AYUDANTE OBRA | D29: ='2.01'!$D$28 -> HR | E29: ='2.01'!$E$28 -> 0 | F29: 0.2 | G29: =F29*E29 -> 0
G30: =F30*E30 -> 0
B31: Total Mano de Obra | G31: =SUM(G28:G30) -> 0
B33: Transporte
B34: Código | C34: Descripción | D34: U.M. | E34: Vr. Unitario | F34: Cantidad | G34: Vr. Parcial
G36: =F36*E36 -> 0
B37: Total Transporte | G37: =SUM(G35:G36) -> 0
B39: Total Costos Directo | G39: =ROUND(G37+G31+G24+G18,0) -> 0
B40: Factor Incremento | F40: 1 | G40: =G39*F40 -> 0
B41: Administracion | F41: 0.1561 | G41: =F41*G40 -> 0
B42: Imprevistos | F42: 0 | G42: =F42*G40 -> 0
B43: Utilidad | F43: 0.05 | G43: =F43*G40 -> 0
B44: IVA Sobre la Utilidad | F44: 0.19 | G44: =F44*G43 -> 0
B46: TOTAL | G46: =G44+G43+G42+G41+G40 -> 0

Sheet M-5.02
B4: MEMORIA DE CANTIDAD
B6: Nombre del Proyecto | C6: MANTENIMIENTO Y RESTAURACIÓN FACHADAS Y REFORMA BLOQUE 13, 14 Y ZONAS VERDES ALEDAÑAS CAMPUS VALLE DEL LILI | E6: Fecha | F6: SEPT 2026 | G6: Versión | H6: PRELIMINAR
B7: Objeto Proyecto | C7: CONTRATO A TODO COSTO PARA LA REPARACIÓN, MANTENIMIENTO Y RESTAURACIÓN DE LAS FACHADAS Y REFORMA DEL BLOQUE 13 (COLISEO), BLOQUE 14 (CENTRO CULTURAL) Y ADECUACIÓN ZONAS VERDE CONJUNTA, DE LA UNIVERSIDAD LIBRE - SECCIONAL CALI | E7: Capítulo | F7: ='5.02'!E8 -> 5. CUBIERTA
B8: Contratista | C8: POR DEFINIR
B9: Código | C9: ="M-" & '5.02'!C9 -> M-5.02
B10: Actividad | C10: ='5.02'!C10 -> SUMINISTRO E INSTALACIÓN DE PINTURA CON ALUMINIO BITUMINOSO A DOS MANOS PARA IMPERMEABILIZACIÓN DE TERRAZA. INCLUYE LIMPIEZA DE LA SUPERFICIE
B11: Unidad Medida | C11: ='5.02'!C11 -> M2
B13: DESCRIPCIÓN | C13: DIMENSIONES
C14: LONGITUD m | D14: ANCHO m | E14: ALTURA m | F14: =C11 -> M2 | G14: N° DE UNIDADES | H14: SUBTOTAL
B15: TORRE 13
B16: LOSA | F16: =254+220 -> 474 | G16: 1 | H16: =F16*G16 -> 474
B17: VIGA CANAL | F17: 78 | G17: 1 | H17: =F17*G17 -> 78
B18: TORRE 13 | F18: 510 | G18: 1 | H18: =F18*G18 -> 510
B21: SUBTOTAL | H21: =SUM(H15:H20) -> 1062
B22: TOTAL | H22: =H21 -> 1062
B25: REGISTRO FOTOGRÁFICO DE OBRA

Sheet 5.03
B4: ANALISIS DE PRECIOS UNITARIOS
B6: Nombre del Proyecto | C6: MANTENIMIENTO Y RESTAURACIÓN FACHADAS Y REFORMA BLOQUE 13, 14 Y ZONAS VERDES ALEDAÑAS CAMPUS VALLE DEL LILI | D6: Fecha | E6: SEPT 2026 | F6: Versión | G6: PRELIMINAR
B7: Objeto Proyecto | C7: CONTRATO A TODO COSTO PARA LA REPARACIÓN, MANTENIMIENTO Y RESTAURACIÓN DE LAS FACHADAS Y REFORMA DEL BLOQUE 13 (COLISEO), BLOQUE 14 (CENTRO CULTURAL) Y ADECUACIÓN ZONAS VERDE CONJUNTA, DE LA UNIVERSIDAD LIBRE - SECCIONAL CALI | D7: No. de Contrato | E7: 001
B8: Contratista | C8: POR DEFINIR | D8: Capítulo | E8: 5. CUBIERTA
B9: Código | C9: 5.03
B10: Actividad | C10: DESMONTAJE Y REINSTALACIÓN DEL SISTEMA DE PROTECCIÓN CONTRA RAYOS (PARARRAYOS), INCLUYENDO CABLES, VARILLAS, SOPORTES Y ACCESORIOS EXISTENTES, ASÍ COMO EL SUMINISTRO E INSTALACIÓN DE NUEVOS SOPORTES PLÁSTICOS PARA SU FIJACIÓN EN TERRAZA.
B11: Unidad Medida | C11: GB
B13: Materiales
B14: Código | C14: Descripción | D14: U.M. | E14: Vr. Unitario | F14: Cantidad | G14: Vr. Parcial
C15: SOPORTES PLASTICOS | D15: GB | F15: 1 | G15: =F15*E15 -> 0
G16: =F16*E16 -> 0
G17: =F17*E17 -> 0
B18: Total Materiales | G18: =SUM(G15:G17) -> 0
B20: Equipos
B21: Código | C21: Descripción | D21: U.M. | E21: Vr. Unitario | F21: Cantidad | G21: Vr. Parcial
B22: ABC001 | C22: HERRAMIENTA Y EQUIPO MENOR | D22: % | E22: =$G$30 -> 0 | F22: 0.03 | G22: =F22*E22 -> 0
G23: =F23*E23 -> 0
B24: Total Equipos | G24: =SUM(G22:G23) -> 0
B26: Mano de Obra
B27: Código | C27: Descripción | D27: U.M. | E27: Vr. Unitario | F27: Cantidad | G27: Vr. Parcial
B28: C1301004 | C28: CUADRILLA DE CONSTRUCCIÓN TIPO 4 (1 OFICIAL + 4 AYUDANTES) | D28: HC | F28: 40 | G28: =F28*E28 -> 0
G29: =F29*E29 -> 0
B30: Total Mano de Obra | G30: =SUM(G28:G29) -> 0
B32: Transporte
B33: Código | C33: Descripción | D33: U.M. | E33: Vr. Unitario | F33: Cantidad | G33: Vr. Parcial
G35: =F35*E35 -> 0
B36: Total Transporte | G36: =SUM(G34:G35) -> 0
B38: Total Costos Directo | G38: =ROUND(G36+G30+G24+G18,0) -> 0
B39: Factor Incremento | F39: 1 | G39: =G38*F39 -> 0
B40: Administracion | F40: 0.1561 | G40: =F40*G39 -> 0
B41: Imprevistos | F41: 0 | G41: =F41*G39 -> 0
B42: Utilidad | F42: 0.05 | G42: =F42*G39 -> 0
B43: IVA Sobre la Utilidad | F43: 0.19 | G43: =F43*G42 -> 0
B45: TOTAL | G45: =G43+G42+G41+G40+G39 -> 0

Sheet M-5.03
B4: MEMORIA DE CANTIDAD
B6: Nombre del Proyecto | C6: MANTENIMIENTO Y RESTAURACIÓN FACHADAS Y REFORMA BLOQUE 13, 14 Y ZONAS VERDES ALEDAÑAS CAMPUS VALLE DEL LILI | E6: Fecha | F6: SEPT 2026 | G6: Versión | H6: PRELIMINAR
B7: Objeto Proyecto | C7: CONTRATO A TODO COSTO PARA LA REPARACIÓN, MANTENIMIENTO Y RESTAURACIÓN DE LAS FACHADAS Y REFORMA DEL BLOQUE 13 (COLISEO), BLOQUE 14 (CENTRO CULTURAL) Y ADECUACIÓN ZONAS VERDE CONJUNTA, DE LA UNIVERSIDAD LIBRE - SECCIONAL CALI | E7: Capítulo | F7: ='5.03'!E8 -> 5. CUBIERTA
B8: Contratista | C8: POR DEFINIR
B9: Código | C9: ="M-" & '5.03'!C9 -> M-5.03
B10: Actividad | C10: ='5.03'!C10 -> DESMONTAJE Y REINSTALACIÓN DEL SISTEMA DE PROTECCIÓN CONTRA RAYOS (PARARRAYOS), INCLUYENDO CABLES, VARILLAS, SOPORTES Y ACCESORIOS EXISTENTES, ASÍ COMO EL SUMINISTRO E INSTALACIÓN DE NUEVOS SOPORTES PLÁSTICOS PARA SU FIJACIÓN EN TERRAZA.
B11: Unidad Medida | C11: ='5.03'!C11 -> GB
B13: DESCRIPCIÓN | C13: DIMENSIONES
C14: LONGITUD m | D14: ANCHO m | E14: ALTURA m | F14: =C11 -> GB | G14: N° DE UNIDADES | H14: SUBTOTAL
B15: GLOBAL | F15: 2 | G15: 1 | H15: =F15*G15 -> 2
B20: SUBTOTAL | H20: =SUM(H15:H19) -> 2
B21: TOTAL | H21: =H20 -> 2
B24: REGISTRO FOTOGRÁFICO DE OBRA

Sheet 5.04
B4: ANALISIS DE PRECIOS UNITARIOS
B6: Nombre del Proyecto | C6: MANTENIMIENTO Y RESTAURACIÓN FACHADAS Y REFORMA BLOQUE 13, 14 Y ZONAS VERDES ALEDAÑAS CAMPUS VALLE DEL LILI | D6: Fecha | E6: SEPT 2026 | F6: Versión | G6: PRELIMINAR
B7: Objeto Proyecto | C7: CONTRATO A TODO COSTO PARA LA REPARACIÓN, MANTENIMIENTO Y RESTAURACIÓN DE LAS FACHADAS Y REFORMA DEL BLOQUE 13 (COLISEO), BLOQUE 14 (CENTRO CULTURAL) Y ADECUACIÓN ZONAS VERDE CONJUNTA, DE LA UNIVERSIDAD LIBRE - SECCIONAL CALI | D7: No. de Contrato | E7: 001
B8: Contratista | C8: POR DEFINIR | D8: Capítulo | E8: 5. CUBIERTA
B9: Código | C9: 5.04
B10: Actividad | C10: MANTENIMIENTO CORRECTIVO DE CUBIERTA metálicas del tipoTechmet, INCLUYE REPARACIÓN Y SELLADO DE PUNTOS DE FILTRACIÓN
B11: Unidad Medida | C11: M2
B13: Materiales
B14: Código | C14: Descripción | D14: U.M. | E14: Vr. Unitario | F14: Cantidad | G14: Vr. Parcial
C15: SELLADOR DE POLIURETANO (SIKAFLEX 11 FC O SIMILAR) | D15: UND | F15: 0.015 | G15: =F15*E15 -> 0
C16: CINTA IMPERMEABLE AUTOADHESIVA ALUMINIZADA (10 CM) | D16: UND | F16: 0.02 | G16: =F16*E16 -> 0
C17: TORNILLO AUTOPERFORANTE CON ARANDELA DE NEOPRENO | D17: UND | F17: 0.05 | G17: =F17*E17 -> 0
G18: =F18*E18 -> 0
B19: Total Materiales | G19: =SUM(G15:G18) -> 0
B21: Equipos
B22: Código | C22: Descripción | D22: U.M. | E22: Vr. Unitario | F22: Cantidad | G22: Vr. Parcial
B23: ABC001 | C23: HERRAMIENTA Y EQUIPO MENOR | D23: % | E23: =$G$32 -> 0 | F23: 0.03 | G23: =F23*E23 -> 0
C24: HIDROLAVADORA CHORRO PRESION-AUTONOMA | D24: DIA | F24: 0.002 | G24: =F24*E24 -> 0
G25: =F25*E25 -> 0
B26: Total Equipos | G26: =SUM(G23:G25) -> 0
B28: Mano de Obra
B29: Código | C29: Descripción | D29: U.M. | E29: Vr. Unitario | F29: Cantidad | G29: Vr. Parcial
C30: CUADRILLA DE CONSTRUCCIÓN TIPO 1 (1 OFICIAL + 1 AYUDANTE) | D30: HC | F30: 0.15 | G30: =F30*E30 -> 0
G31: =F31*E31 -> 0
B32: Total Mano de Obra | G32: =SUM(G30:G31) -> 0
B34: Transporte
B35: Código | C35: Descripción | D35: U.M. | E35: Vr. Unitario | F35: Cantidad | G35: Vr. Parcial
G37: =F37*E37 -> 0
B38: Total Transporte | G38: =SUM(G36:G37) -> 0
B40: Total Costos Directo | G40: =ROUND(G38+G32+G26+G19,0) -> 0
B41: Factor Incremento | F41: 1 | G41: =G40*F41 -> 0
B42: Administracion | F42: 0.1561 | G42: =F42*G41 -> 0
B43: Imprevistos | F43: 0 | G43: =F43*G41 -> 0
B44: Utilidad | F44: 0.05 | G44: =F44*G41 -> 0
B45: IVA Sobre la Utilidad | F45: 0.19 | G45: =F45*G44 -> 0
B47: TOTAL | G47: =G45+G44+G43+G42+G41 -> 0

Sheet M-5.04
B4: MEMORIA DE CANTIDAD
B6: Nombre del Proyecto | C6: MANTENIMIENTO Y RESTAURACIÓN FACHADAS Y REFORMA BLOQUE 13, 14 Y ZONAS VERDES ALEDAÑAS CAMPUS VALLE DEL LILI | E6: Fecha | F6: SEPT 2026 | G6: Versión | H6: PRELIMINAR
B7: Objeto Proyecto | C7: CONTRATO A TODO COSTO PARA LA REPARACIÓN, MANTENIMIENTO Y RESTAURACIÓN DE LAS FACHADAS Y REFORMA DEL BLOQUE 13 (COLISEO), BLOQUE 14 (CENTRO CULTURAL) Y ADECUACIÓN ZONAS VERDE CONJUNTA, DE LA UNIVERSIDAD LIBRE - SECCIONAL CALI | E7: Capítulo | F7: ='5.04'!E8 -> 5. CUBIERTA
B8: Contratista | C8: POR DEFINIR
B9: Código | C9: ="M-" & '5.04'!C9 -> M-5.04
B10: Actividad | C10: ='5.04'!C10 -> MANTENIMIENTO CORRECTIVO DE CUBIERTA metálicas del tipoTechmet, INCLUYE REPARACIÓN Y SELLADO DE PUNTOS DE FILTRACIÓN
B11: Unidad Medida | C11: ='5.04'!C11 -> M2
B13: DESCRIPCIÓN | C13: DIMENSIONES
C14: LONGITUD m | D14: ANCHO m | E14: ALTURA m | F14: =C11 -> M2 | G14: N° DE UNIDADES | H14: SUBTOTAL
B15: CUBIERTA COLISEO | C15: =30.42 -> 30.42 | D15: =34.6 -> 34.6 | F15: =ROUND(IF(C15=0,1,C15)*IF(D15=0,1,D15)*IF(E15=0,1,E15),2) -> 1052.53 | G15: 1 | H15: =F15*G15 -> 1052.53
B20: SUBTOTAL | H20: =SUM(H15:H19) -> 1052.53
B21: TOTAL | H21: =H20 -> 1052.53
B24: REGISTRO FOTOGRÁFICO DE OBRA

Sheet 5.05
B4: ANALISIS DE PRECIOS UNITARIOS
B6: Nombre del Proyecto | C6: MANTENIMIENTO Y RESTAURACIÓN FACHADAS Y REFORMA BLOQUE 13, 14 Y ZONAS VERDES ALEDAÑAS CAMPUS VALLE DEL LILI | D6: Fecha | E6: SEPT 2026 | F6: Versión | G6: PRELIMINAR
B7: Objeto Proyecto | C7: CONTRATO A TODO COSTO PARA LA REPARACIÓN, MANTENIMIENTO Y RESTAURACIÓN DE LAS FACHADAS Y REFORMA DEL BLOQUE 13 (COLISEO), BLOQUE 14 (CENTRO CULTURAL) Y ADECUACIÓN ZONAS VERDE CONJUNTA, DE LA UNIVERSIDAD LIBRE - SECCIONAL CALI | D7: No. de Contrato | E7: 001
B8: Contratista | C8: POR DEFINIR | D8: Capítulo | E8: 5. CUBIERTA
B9: Código | C9: 5.05
B10: Actividad | C10: SUMINISTRO E INSTALACIÓN DE TUBERIA PARA BAJANTES EN BLOQUE 14
B11: Unidad Medida | C11: UND
B13: Materiales
B14: Código | C14: Descripción | D14: U.M. | E14: Vr. Unitario | F14: Cantidad | G14: Vr. Parcial
C15: SOLDADURA PVC 1/4 GLN | D15: UND | F15: 0.006 | G15: =F15*E15 -> 0
C16: TUBO SANITARIO PVC 4" | D16: M | F16: 1.02 | G16: =F16*E16 -> 0
C17: LIMPIADOR PVC 1/4 GLN (760 GRMS) | D17: UND | F17: 0.006 | G17: =F17*E17 -> 0
C18: UNIÓN SANITARIA 4" | D18: UND | F18: 0.8 | G18: =F18*E18 -> 0
G19: =F19*E19 -> 0
B20: Total Materiales | G20: =SUM(G15:G19) -> 0
B22: Equipos
B23: Código | C23: Descripción | D23: U.M. | E23: Vr. Unitario | F23: Cantidad | G23: Vr. Parcial
B24: ABC001 | C24: HERRAMIENTA Y EQUIPO MENOR | D24: % | E24: =$G$32 -> 0 | F24: 0.03 | G24: =F24*E24 -> 0
G25: =F25*E25 -> 0
B26: Total Equipos | G26: =SUM(G24:G25) -> 0
B28: Mano de Obra
B29: Código | C29: Descripción | D29: U.M. | E29: Vr. Unitario | F29: Cantidad | G29: Vr. Parcial
C30: M.O. HIDROSANIT. 2 AYUDANTES + 1 OFICIAL | D30: HR | F30: 0.2 | G30: =F30*E30 -> 0
G31: =F31*E31 -> 0
B32: Total Mano de Obra | G32: =SUM(G30:G31) -> 0
B34: Transporte
B35: Código | C35: Descripción | D35: U.M. | E35: Vr. Unitario | F35: Cantidad | G35: Vr. Parcial
G37: =F37*E37 -> 0
B38: Total Transporte | G38: =SUM(G36:G37) -> 0
B40: Total Costos Directo | G40: =ROUND(G38+G32+G26+G20,0) -> 0
B41: Factor Incremento | F41: 1 | G41: =G40*F41 -> 0
B42: Administracion | F42: 0.1561 | G42: =F42*G41 -> 0
B43: Imprevistos | F43: 0 | G43: =F43*G41 -> 0
B44: Utilidad | F44: 0.05 | G44: =F44*G41 -> 0
B45: IVA Sobre la Utilidad | F45: 0.19 | G45: =F45*G44 -> 0
B47: TOTAL | G47: =G45+G44+G43+G42+G41 -> 0

Sheet M-5.05
B4: MEMORIA DE CANTIDAD
B6: Nombre del Proyecto | C6: MANTENIMIENTO Y RESTAURACIÓN FACHADAS Y REFORMA BLOQUE 13, 14 Y ZONAS VERDES ALEDAÑAS CAMPUS VALLE DEL LILI | E6: Fecha | F6: SEPT 2026 | G6: Versión | H6: PRELIMINAR
B7: Objeto Proyecto | C7: CONTRATO A TODO COSTO PARA LA REPARACIÓN, MANTENIMIENTO Y RESTAURACIÓN DE LAS FACHADAS Y REFORMA DEL BLOQUE 13 (COLISEO), BLOQUE 14 (CENTRO CULTURAL) Y ADECUACIÓN ZONAS VERDE CONJUNTA, DE LA UNIVERSIDAD LIBRE - SECCIONAL CALI | E7: Capítulo | F7: ='5.05'!E8 -> 5. CUBIERTA
B8: Contratista | C8: POR DEFINIR
B9: Código | C9: ="M-" & '5.05'!C9 -> M-5.05
B10: Actividad | C10: ='5.05'!C10 -> SUMINISTRO E INSTALACIÓN DE TUBERIA PARA BAJANTES EN BLOQUE 14
B11: Unidad Medida | C11: ='5.05'!C11 -> UND
B13: DESCRIPCIÓN | C13: DIMENSIONES
C14: LONGITUD m | D14: ANCHO m | E14: ALTURA m | F14: =C11 -> UND | G14: N° DE UNIDADES | H14: SUBTOTAL
B15: DESCARGAS TORRE 14 | F15: 4 | G15: 1 | H15: =F15*G15 -> 4
B20: SUBTOTAL | H20: =SUM(H15:H19) -> 4
B21: TOTAL | H21: =H20 -> 4
B24: REGISTRO FOTOGRÁFICO DE OBRA

Sheet 5.06
B4: ANALISIS DE PRECIOS UNITARIOS
B6: Nombre del Proyecto | C6: MANTENIMIENTO Y RESTAURACIÓN FACHADAS Y REFORMA BLOQUE 13, 14 Y ZONAS VERDES ALEDAÑAS CAMPUS VALLE DEL LILI | D6: Fecha | E6: SEPT 2026 | F6: Versión | G6: PRELIMINAR
B7: Objeto Proyecto | C7: CONTRATO A TODO COSTO PARA LA REPARACIÓN, MANTENIMIENTO Y RESTAURACIÓN DE LAS FACHADAS Y REFORMA DEL BLOQUE 13 (COLISEO), BLOQUE 14 (CENTRO CULTURAL) Y ADECUACIÓN ZONAS VERDE CONJUNTA, DE LA UNIVERSIDAD LIBRE - SECCIONAL CALI | D7: No. de Contrato | E7: 001
B8: Contratista | C8: POR DEFINIR | D8: Capítulo | E8: 5. CUBIERTA
B9: Código | C9: 5.06
B10: Actividad | C10: MANTENIMIENTO DE ELEMENTOS METALICOS Y LIMPIEZA DE LA CUBIERTA PARASOL CONJUNTO A PISCINA
B11: Unidad Medida | C11: GB
B13: Materiales
B14: Código | C14: Descripción | D14: U.M. | E14: Vr. Unitario | F14: Cantidad | G14: Vr. Parcial
C15: PINTURA EN ACEITE | D15: GL | F15: 1 | G15: =F15*E15 -> 0
C16: SOLVENTE | D16: GL | F16: 0.01 | G16: =F16*E16 -> 0
G17: =F17*E17 -> 0
B18: Total Materiales | G18: =SUM(G15:G17) -> 0
B20: Equipos
B21: Código | C21: Descripción | D21: U.M. | E21: Vr. Unitario | F21: Cantidad | G21: Vr. Parcial
B22: ABC001 | C22: HERRAMIENTA Y EQUIPO MENOR | D22: % | E22: =$G$31 -> 0 | F22: 0.03 | G22: =F22*E22 -> 0
C23: COMPRESOR Y PISTOLA | D23: DIA | F23: 1 | G23: =F23*E23 -> 0
G24: =F24*E24 -> 0
B25: Total Equipos | G25: =SUM(G22:G24) -> 0
B27: Mano de Obra
B28: Código | C28: Descripción | D28: U.M. | E28: Vr. Unitario | F28: Cantidad | G28: Vr. Parcial
C29: ='4.01'!$C$27 -> CUADRILLA PINTURA TIPO 1 (1 OFICIAL PINTOR + 1 AYUDANTES PINTOR) | D29: ='4.01'!$D$27 -> HC | F29: 8 | G29: =F29*E29 -> 0
G30: =F30*E30 -> 0
B31: Total Mano de Obra | G31: =SUM(G29:G30) -> 0
B33: Transporte
B34: Código | C34: Descripción | D34: U.M. | E34: Vr. Unitario | F34: Cantidad | G34: Vr. Parcial
G36: =F36*E36 -> 0
B37: Total Transporte | G37: =SUM(G35:G36) -> 0
B39: Total Costos Directo | G39: =ROUND(G37+G31+G25+G18,0) -> 0
B40: Factor Incremento | F40: 1 | G40: =G39*F40 -> 0
B41: Administracion | F41: 0.1561 | G41: =F41*G40 -> 0
B42: Imprevistos | F42: 0 | G42: =F42*G40 -> 0
B43: Utilidad | F43: 0.05 | G43: =F43*G40 -> 0
B44: IVA Sobre la Utilidad | F44: 0.19 | G44: =F44*G43 -> 0
B46: TOTAL | G46: =G44+G43+G42+G41+G40 -> 0

Sheet M-5.06
B4: MEMORIA DE CANTIDAD
B6: Nombre del Proyecto | C6: MANTENIMIENTO Y RESTAURACIÓN FACHADAS Y REFORMA BLOQUE 13, 14 Y ZONAS VERDES ALEDAÑAS CAMPUS VALLE DEL LILI | E6: Fecha | F6: SEPT 2026 | G6: Versión | H6: PRELIMINAR
B7: Objeto Proyecto | C7: CONTRATO A TODO COSTO PARA LA REPARACIÓN, MANTENIMIENTO Y RESTAURACIÓN DE LAS FACHADAS Y REFORMA DEL BLOQUE 13 (COLISEO), BLOQUE 14 (CENTRO CULTURAL) Y ADECUACIÓN ZONAS VERDE CONJUNTA, DE LA UNIVERSIDAD LIBRE - SECCIONAL CALI | E7: Capítulo | F7: ='5.06'!E8 -> 5. CUBIERTA
B8: Contratista | C8: POR DEFINIR
B9: Código | C9: ="M-" & '5.06'!C9 -> M-5.06
B10: Actividad | C10: ='5.06'!C10 -> MANTENIMIENTO DE ELEMENTOS METALICOS Y LIMPIEZA DE LA CUBIERTA PARASOL CONJUNTO A PISCINA
B11: Unidad Medida | C11: ='5.06'!C11 -> GB
B13: DESCRIPCIÓN | C13: DIMENSIONES
C14: LONGITUD m | D14: ANCHO m | E14: ALTURA m | F14: =C11 -> GB | G14: N° DE UNIDADES | H14: SUBTOTAL
B15: CUBIERTA | F15: =ROUND(IF(C15=0,1,C15)*IF(D15=0,1,D15)*IF(E15=0,1,E15),2) -> 1 | G15: 1 | H15: =F15*G15 -> 1
B18: SUBTOTAL | H18: =SUM(H15:H17) -> 1
B19: TOTAL | H19: =H18 -> 1
B22: REGISTRO FOTOGRÁFICO DE OBRA

Sheet 6.01
B4: ANALISIS DE PRECIOS UNITARIOS
B6: Nombre del Proyecto | C6: MANTENIMIENTO Y RESTAURACIÓN FACHADAS Y REFORMA BLOQUE 13, 14 Y ZONAS VERDES ALEDAÑAS CAMPUS VALLE DEL LILI | D6: Fecha | E6: SEPT 2026 | F6: Versión | G6: PRELIMINAR
B7: Objeto Proyecto | C7: CONTRATO A TODO COSTO PARA LA REPARACIÓN, MANTENIMIENTO Y RESTAURACIÓN DE LAS FACHADAS Y REFORMA DEL BLOQUE 13 (COLISEO), BLOQUE 14 (CENTRO CULTURAL) Y ADECUACIÓN ZONAS VERDE CONJUNTA, DE LA UNIVERSIDAD LIBRE - SECCIONAL CALI | D7: No. de Contrato | E7: 001
B8: Contratista | C8: POR DEFINIR | D8: Capítulo | E8: 6. CIMENTACIÓN, ESTRUCTURA MÉTALICA Y ENTREPISO
B9: Código | C9: 6.01
B10: Actividad | C10: EXCAVACIÓN MANUAL PARA ZAPATAS NUEVAS SOBRE ZAPATAS EXISTENTES, INCLUYE RETIRO DE MATERIAL
B11: Unidad Medida | C11: M3
B13: Materiales
B14: Código | C14: Descripción | D14: U.M. | E14: Vr. Unitario | F14: Cantidad | G14: Vr. Parcial
G15: =F15*E15 -> 0
G16: =F16*E16 -> 0
B17: Total Materiales | G17: =SUM(G15:G16) -> 0
B19: Equipos
B20: Código | C20: Descripción | D20: U.M. | E20: Vr. Unitario | F20: Cantidad | G20: Vr. Parcial
B21: ABC001 | C21: HERRAMIENTA Y EQUIPO MENOR | D21: % | E21: =$G$29 -> 0 | F21: 0.03 | G21: =F21*E21 -> 0
G22: =F22*E22 -> 0
B23: Total Equipos | G23: =SUM(G21:G22) -> 0
B25: Mano de Obra
B26: Código | C26: Descripción | D26: U.M. | E26: Vr. Unitario | F26: Cantidad | G26: Vr. Parcial
C27: AYUDANTE OBRA | D27: HR | F27: 2.5 | G27: =F27*E27 -> 0
G28: =F28*E28 -> 0
B29: Total Mano de Obra | G29: =SUM(G27:G28) -> 0
B31: Transporte
B32: Código | C32: Descripción | D32: U.M. | E32: Vr. Unitario | F32: Cantidad | G32: Vr. Parcial
G34: =F34*E34 -> 0
B35: Total Transporte | G35: =SUM(G33:G34) -> 0
B37: Total Costos Directo | G37: =ROUND(G35+G29+G23+G17,0) -> 0
B38: Factor Incremento | F38: 1 | G38: =G37*F38 -> 0
B39: Administracion | F39: 0.1561 | G39: =F39*G38 -> 0
B40: Imprevistos | F40: 0 | G40: =F40*G38 -> 0
B41: Utilidad | F41: 0.05 | G41: =F41*G38 -> 0
B42: IVA Sobre la Utilidad | F42: 0.19 | G42: =F42*G41 -> 0
B44: TOTAL | G44: =G42+G41+G40+G39+G38 -> 0

Sheet M-6.01
B4: MEMORIA DE CANTIDAD
B6: Nombre del Proyecto | C6: MANTENIMIENTO Y RESTAURACIÓN FACHADAS Y REFORMA BLOQUE 13, 14 Y ZONAS VERDES ALEDAÑAS CAMPUS VALLE DEL LILI | E6: Fecha | F6: SEPT 2026 | G6: Versión | H6: PRELIMINAR
B7: Objeto Proyecto | C7: CONTRATO A TODO COSTO PARA LA REPARACIÓN, MANTENIMIENTO Y RESTAURACIÓN DE LAS FACHADAS Y REFORMA DEL BLOQUE 13 (COLISEO), BLOQUE 14 (CENTRO CULTURAL) Y ADECUACIÓN ZONAS VERDE CONJUNTA, DE LA UNIVERSIDAD LIBRE - SECCIONAL CALI | E7: Capítulo | F7: ='6.01'!E8 -> 6. CIMENTACIÓN, ESTRUCTURA MÉTALICA Y ENTREPISO
B8: Contratista | C8: POR DEFINIR
B9: Código | C9: ="M-" & '6.01'!C9 -> M-6.01
B10: Actividad | C10: ='6.01'!C10 -> EXCAVACIÓN MANUAL PARA ZAPATAS NUEVAS SOBRE ZAPATAS EXISTENTES, INCLUYE RETIRO DE MATERIAL
B11: Unidad Medida | C11: ='6.01'!C11 -> M3
B13: DESCRIPCIÓN | C13: DIMENSIONES
C14: LONGITUD m | D14: ANCHO m | E14: ALTURA m | F14: =C11 -> M3 | G14: N° DE UNIDADES | H14: SUBTOTAL
B15: ZAPATAS | F15: 27 | G15: 1 | H15: =F15*G15 -> 27
B19: SUBTOTAL | H19: =SUM(H15:H18) -> 27
B20: TOTAL | H20: =H19 -> 27
B23: REGISTRO FOTOGRÁFICO DE OBRA

Sheet 6.02
B4: ANALISIS DE PRECIOS UNITARIOS
B6: Nombre del Proyecto | C6: MANTENIMIENTO Y RESTAURACIÓN FACHADAS Y REFORMA BLOQUE 13, 14 Y ZONAS VERDES ALEDAÑAS CAMPUS VALLE DEL LILI | D6: Fecha | E6: SEPT 2026 | F6: Versión | G6: PRELIMINAR
B7: Objeto Proyecto | C7: CONTRATO A TODO COSTO PARA LA REPARACIÓN, MANTENIMIENTO Y RESTAURACIÓN DE LAS FACHADAS Y REFORMA DEL BLOQUE 13 (COLISEO), BLOQUE 14 (CENTRO CULTURAL) Y ADECUACIÓN ZONAS VERDE CONJUNTA, DE LA UNIVERSIDAD LIBRE - SECCIONAL CALI | D7: No. de Contrato | E7: 001
B8: Contratista | C8: POR DEFINIR | D8: Capítulo | E8: 6. CIMENTACIÓN, ESTRUCTURA MÉTALICA Y ENTREPISO
B9: Código | C9: 6.02
B10: Actividad | C10: ABUJARDADO ZAPATAS EXISTENTES PARA ADHESION CONCRETOS
B11: Unidad Medida | C11: M2
B13: Materiales
B14: Código | C14: Descripción | D14: U.M. | E14: Vr. Unitario | F14: Cantidad | G14: Vr. Parcial
G15: =F15*E15 -> 0
G16: =F16*E16 -> 0
B17: Total Materiales | G17: =SUM(G15:G16) -> 0
B19: Equipos
B20: Código | C20: Descripción | D20: U.M. | E20: Vr. Unitario | F20: Cantidad | G20: Vr. Parcial
B21: ABC001 | C21: HERRAMIENTA Y EQUIPO MENOR | D21: % | E21: =$G$29 -> 0 | F21: 0.03 | G21: =F21*E21 -> 0
G22: =F22*E22 -> 0
B23: Total Equipos | G23: =SUM(G21:G22) -> 0
B25: Mano de Obra
B26: Código | C26: Descripción | D26: U.M. | E26: Vr. Unitario | F26: Cantidad | G26: Vr. Parcial
C27: AYUDANTE OBRA | D27: HR | F27: 1.7 | G27: =F27*E27 -> 0
G28: =F28*E28 -> 0
B29: Total Mano de Obra | G29: =SUM(G27:G28) -> 0
B31: Transporte
B32: Código | C32: Descripción | D32: U.M. | E32: Vr. Unitario | F32: Cantidad | G32: Vr. Parcial
G34: =F34*E34 -> 0
B35: Total Transporte | G35: =SUM(G33:G34) -> 0
B37: Total Costos Directo | G37: =ROUND(G35+G29+G23+G17,0) -> 0
B38: Factor Incremento | F38: 1 | G38: =G37*F38 -> 0
B39: Administracion | F39: 0.1561 | G39: =F39*G38 -> 0
B40: Imprevistos | F40: 0 | G40: =F40*G38 -> 0
B41: Utilidad | F41: 0.05 | G41: =F41*G38 -> 0
B42: IVA Sobre la Utilidad | F42: 0.19 | G42: =F42*G41 -> 0
B44: TOTAL | G44: =G42+G41+G40+G39+G38 -> 0

Sheet M-6.02
B4: MEMORIA DE CANTIDAD
B6: Nombre del Proyecto | C6: MANTENIMIENTO Y RESTAURACIÓN FACHADAS Y REFORMA BLOQUE 13, 14 Y ZONAS VERDES ALEDAÑAS CAMPUS VALLE DEL LILI | E6: Fecha | F6: SEPT 2026 | G6: Versión | H6: PRELIMINAR
B7: Objeto Proyecto | C7: CONTRATO A TODO COSTO PARA LA REPARACIÓN, MANTENIMIENTO Y RESTAURACIÓN DE LAS FACHADAS Y REFORMA DEL BLOQUE 13 (COLISEO), BLOQUE 14 (CENTRO CULTURAL) Y ADECUACIÓN ZONAS VERDE CONJUNTA, DE LA UNIVERSIDAD LIBRE - SECCIONAL CALI | E7: Capítulo | F7: ='6.02'!E8 -> 6. CIMENTACIÓN, ESTRUCTURA MÉTALICA Y ENTREPISO
B8: Contratista | C8: POR DEFINIR
B9: Código | C9: ="M-" & '6.02'!C9 -> M-6.02
B10: Actividad | C10: ='6.02'!C10 -> ABUJARDADO ZAPATAS EXISTENTES PARA ADHESION CONCRETOS
B11: Unidad Medida | C11: ='6.02'!C11 -> M2
B13: DESCRIPCIÓN | C13: DIMENSIONES
C14: LONGITUD m | D14: ANCHO m | E14: ALTURA m | F14: =C11 -> M2 | G14: N° DE UNIDADES | H14: SUBTOTAL
B15: ZAPATAS | F15: 14 | G15: 1 | H15: =F15*G15 -> 14
B19: SUBTOTAL | H19: =SUM(H15:H18) -> 14
B20: TOTAL | H20: =H19 -> 14
B23: REGISTRO FOTOGRÁFICO DE OBRA

Sheet 6.03
B4: ANALISIS DE PRECIOS UNITARIOS
B6: Nombre del Proyecto | C6: MANTENIMIENTO Y RESTAURACIÓN FACHADAS Y REFORMA BLOQUE 13, 14 Y ZONAS VERDES ALEDAÑAS CAMPUS VALLE DEL LILI | D6: Fecha | E6: SEPT 2026 | F6: Versión | G6: PRELIMINAR
B7: Objeto Proyecto | C7: CONTRATO A TODO COSTO PARA LA REPARACIÓN, MANTENIMIENTO Y RESTAURACIÓN DE LAS FACHADAS Y REFORMA DEL BLOQUE 13 (COLISEO), BLOQUE 14 (CENTRO CULTURAL) Y ADECUACIÓN ZONAS VERDE CONJUNTA, DE LA UNIVERSIDAD LIBRE - SECCIONAL CALI | D7: No. de Contrato | E7: 001
B8: Contratista | C8: POR DEFINIR | D8: Capítulo | E8: 6. CIMENTACIÓN, ESTRUCTURA MÉTALICA Y ENTREPISO
B9: Código | C9: 6.03
B10: Actividad | C10: ANCLAJE EPOXICO CONECTORES ZAPATA VIEJA - ZAPATA NUEVA
B11: Unidad Medida | C11: UND
B13: Materiales
B14: Código | C14: Descripción | D14: U.M. | E14: Vr. Unitario | F14: Cantidad | G14: Vr. Parcial
C15: ADHES. ANCL. ESTR. 600ML TIPO ANCHORFIX 3001 | D15: UND | F15: 0.08 | G15: =F15*E15 -> 0
C16: ACERO DE REFUERZO PDR-60, FY: 4200 KG/CM2 | D16: KG | F16: 1.5 | G16: =F16*E16 -> 0
G17: =F17*E17 -> 0
B18: Total Materiales | G18: =SUM(G15:G17) -> 0
B20: Equipos
B21: Código | C21: Descripción | D21: U.M. | E21: Vr. Unitario | F21: Cantidad | G21: Vr. Parcial
B22: ABC001 | C22: HERRAMIENTA Y EQUIPO MENOR | D22: % | E22: =$G$30 -> 0 | F22: 0.03 | G22: =F22*E22 -> 0
G23: =F23*E23 -> 0
B24: Total Equipos | G24: =SUM(G22:G23) -> 0
B26: Mano de Obra
B27: Código | C27: Descripción | D27: U.M. | E27: Vr. Unitario | F27: Cantidad | G27: Vr. Parcial
C28: CUADRILLA DE CONSTRUCCIÓN TIPO 1 (1 OFICIAL + 1 AYUDANTE) | D28: HC | F28: 0.5 | G28: =F28*E28 -> 0
G29: =F29*E29 -> 0
B30: Total Mano de Obra | G30: =SUM(G28:G29) -> 0
B32: Transporte
B33: Código | C33: Descripción | D33: U.M. | E33: Vr. Unitario | F33: Cantidad | G33: Vr. Parcial
G35: =F35*E35 -> 0
B36: Total Transporte | G36: =SUM(G34:G35) -> 0
B38: Total Costos Directo | G38: =ROUND(G36+G30+G24+G18,0) -> 0
B39: Factor Incremento | F39: 1 | G39: =G38*F39 -> 0
B40: Administracion | F40: 0.1561 | G40: =F40*G39 -> 0
B41: Imprevistos | F41: 0 | G41: =F41*G39 -> 0
B42: Utilidad | F42: 0.05 | G42: =F42*G39 -> 0
B43: IVA Sobre la Utilidad | F43: 0.19 | G43: =F43*G42 -> 0
B45: TOTAL | G45: =G43+G42+G41+G40+G39 -> 0

Sheet M-6.03
B4: MEMORIA DE CANTIDAD
B6: Nombre del Proyecto | C6: MANTENIMIENTO Y RESTAURACIÓN FACHADAS Y REFORMA BLOQUE 13, 14 Y ZONAS VERDES ALEDAÑAS CAMPUS VALLE DEL LILI | E6: Fecha | F6: SEPT 2026 | G6: Versión | H6: PRELIMINAR
B7: Objeto Proyecto | C7: CONTRATO A TODO COSTO PARA LA REPARACIÓN, MANTENIMIENTO Y RESTAURACIÓN DE LAS FACHADAS Y REFORMA DEL BLOQUE 13 (COLISEO), BLOQUE 14 (CENTRO CULTURAL) Y ADECUACIÓN ZONAS VERDE CONJUNTA, DE LA UNIVERSIDAD LIBRE - SECCIONAL CALI | E7: Capítulo | F7: ='6.03'!E8 -> 6. CIMENTACIÓN, ESTRUCTURA MÉTALICA Y ENTREPISO
B8: Contratista | C8: POR DEFINIR
B9: Código | C9: ="M-" & '6.03'!C9 -> M-6.03
B10: Actividad | C10: ='6.03'!C10 -> ANCLAJE EPOXICO CONECTORES ZAPATA VIEJA - ZAPATA NUEVA
B11: Unidad Medida | C11: ='6.03'!C11 -> UND
B13: DESCRIPCIÓN | C13: DIMENSIONES
C14: LONGITUD m | D14: ANCHO m | E14: ALTURA m | F14: =C11 -> UND | G14: N° DE UNIDADES | H14: SUBTOTAL
B15: ANCLAJE | F15: 220 | G15: 1 | H15: =F15*G15 -> 220
B21: SUBTOTAL | H21: =SUM(H15:H20) -> 220
B22: TOTAL | H22: =H21 -> 220
B25: REGISTRO FOTOGRÁFICO DE OBRA

Sheet 6.04
B4: ANALISIS DE PRECIOS UNITARIOS
B6: Nombre del Proyecto | C6: MANTENIMIENTO Y RESTAURACIÓN FACHADAS Y REFORMA BLOQUE 13, 14 Y ZONAS VERDES ALEDAÑAS CAMPUS VALLE DEL LILI | D6: Fecha | E6: SEPT 2026 | F6: Versión | G6: PRELIMINAR
B7: Objeto Proyecto | C7: CONTRATO A TODO COSTO PARA LA REPARACIÓN, MANTENIMIENTO Y RESTAURACIÓN DE LAS FACHADAS Y REFORMA DEL BLOQUE 13 (COLISEO), BLOQUE 14 (CENTRO CULTURAL) Y ADECUACIÓN ZONAS VERDE CONJUNTA, DE LA UNIVERSIDAD LIBRE - SECCIONAL CALI | D7: No. de Contrato | E7: 001
B8: Contratista | C8: POR DEFINIR | D8: Capítulo | E8: 6. CIMENTACIÓN, ESTRUCTURA MÉTALICA Y ENTREPISO
B9: Código | C9: 6.04
B10: Actividad | C10: SUMINISTRO E INSTALACIÓN DE ACERO DE REFUERZO PARA REFORZAMIENTO DE ZAPATAS EXISTENTES Y PEDESTALES
B11: Unidad Medida | C11: KG
B13: Materiales
B14: Código | C14: Descripción | D14: U.M. | E14: Vr. Unitario | F14: Cantidad | G14: Vr. Parcial
C15: ALAMBRE NEGRO PARA AMARRE CALIBRE 18 | D15: KG | F15: =F16*0.3 -> 0.309 | G15: =F15*E15 -> 0
C16: ACERO DE REFUERZO PDR-60, FY: 4200 KG/CM2 | D16: KG | F16: 1.03 | G16: =F16*E16 -> 0
G17: =F17*E17 -> 0
B18: Total Materiales | G18: =SUM(G15:G17) -> 0
B20: Equipos
B21: Código | C21: Descripción | D21: U.M. | E21: Vr. Unitario | F21: Cantidad | G21: Vr. Parcial
B22: ABC001 | C22: HERRAMIENTA Y EQUIPO MENOR | D22: % | E22: =$G$30 -> 0 | F22: 0.03 | G22: =F22*E22 -> 0
G23: =F23*E23 -> 0
B24: Total Equipos | G24: =SUM(G22:G23) -> 0
B26: Mano de Obra
B27: Código | C27: Descripción | D27: U.M. | E27: Vr. Unitario | F27: Cantidad | G27: Vr. Parcial
C28: CUADRILLA DE CONSTRUCCIÓN TIPO 1 (1 OFICIAL + 1 AYUDANTE) | D28: HC | F28: 0.05 | G28: =F28*E28 -> 0
G29: =F29*E29 -> 0
B30: Total Mano de Obra | G30: =SUM(G28:G29) -> 0
B32: Transporte
B33: Código | C33: Descripción | D33: U.M. | E33: Vr. Unitario | F33: Cantidad | G33: Vr. Parcial
G35: =F35*E35 -> 0
B36: Total Transporte | G36: =SUM(G34:G35) -> 0
B38: Total Costos Directo | G38: =ROUND(G36+G30+G24+G18,0) -> 0
B39: Factor Incremento | F39: 1 | G39: =G38*F39 -> 0
B40: Administracion | F40: 0.1561 | G40: =F40*G39 -> 0
B41: Imprevistos | F41: 0 | G41: =F41*G39 -> 0
B42: Utilidad | F42: 0.05 | G42: =F42*G39 -> 0
B43: IVA Sobre la Utilidad | F43: 0.19 | G43: =F43*G42 -> 0
B45: TOTAL | G45: =G43+G42+G41+G40+G39 -> 0

Sheet M-6.04
B4: MEMORIA DE CANTIDAD
B6: Nombre del Proyecto | C6: MANTENIMIENTO Y RESTAURACIÓN FACHADAS Y REFORMA BLOQUE 13, 14 Y ZONAS VERDES ALEDAÑAS CAMPUS VALLE DEL LILI | E6: Fecha | F6: SEPT 2026 | G6: Versión | H6: PRELIMINAR
B7: Objeto Proyecto | C7: CONTRATO A TODO COSTO PARA LA REPARACIÓN, MANTENIMIENTO Y RESTAURACIÓN DE LAS FACHADAS Y REFORMA DEL BLOQUE 13 (COLISEO), BLOQUE 14 (CENTRO CULTURAL) Y ADECUACIÓN ZONAS VERDE CONJUNTA, DE LA UNIVERSIDAD LIBRE - SECCIONAL CALI | E7: Capítulo | F7: ='6.04'!E8 -> 6. CIMENTACIÓN, ESTRUCTURA MÉTALICA Y ENTREPISO
B8: Contratista | C8: POR DEFINIR
B9: Código | C9: ="M-" & '6.04'!C9 -> M-6.04
B10: Actividad | C10: ='6.04'!C10 -> SUMINISTRO E INSTALACIÓN DE ACERO DE REFUERZO PARA REFORZAMIENTO DE ZAPATAS EXISTENTES Y PEDESTALES
B11: Unidad Medida | C11: ='6.04'!C11 -> KG
B13: DESCRIPCIÓN | C13: DIMENSIONES
C14: LONGITUD m | D14: ANCHO m | E14: ALTURA m | F14: =C11 -> KG | G14: N° DE UNIDADES | H14: SUBTOTAL
B15: ZAPATAS | F15: 200 | G15: 1 | H15: =F15*G15 -> 200
B16: PEDESTALES | F16: 550 | G16: 1 | H16: =F16*G16 -> 550
B21: SUBTOTAL | H21: =SUM(H15:H20) -> 750
B22: TOTAL | H22: =H21 -> 750
B25: REGISTRO FOTOGRÁFICO DE OBRA

Sheet 6.06
B4: ANALISIS DE PRECIOS UNITARIOS
B6: Nombre del Proyecto | C6: MANTENIMIENTO Y RESTAURACIÓN FACHADAS Y REFORMA BLOQUE 13, 14 Y ZONAS VERDES ALEDAÑAS CAMPUS VALLE DEL LILI | D6: Fecha | E6: SEPT 2026 | F6: Versión | G6: PRELIMINAR
B7: Objeto Proyecto | C7: CONTRATO A TODO COSTO PARA LA REPARACIÓN, MANTENIMIENTO Y RESTAURACIÓN DE LAS FACHADAS Y REFORMA DEL BLOQUE 13 (COLISEO), BLOQUE 14 (CENTRO CULTURAL) Y ADECUACIÓN ZONAS VERDE CONJUNTA, DE LA UNIVERSIDAD LIBRE - SECCIONAL CALI | D7: No. de Contrato | E7: 001
B8: Contratista | C8: POR DEFINIR | D8: Capítulo | E8: 6. CIMENTACIÓN, ESTRUCTURA MÉTALICA Y ENTREPISO
B9: Código | C9: 6.06
B10: Actividad | C10: SUMINISTRO Y VACIADO DE CONCRETO DE 21 MPA PARA REFORZAMIENTO DE ZAPATAS EXISTENTES (SOBREZAPATAS) Y PEDESTALES
B11: Unidad Medida | C11: M3
B13: Materiales
B14: Código | C14: Descripción | D14: U.M. | E14: Vr. Unitario | F14: Cantidad | G14: Vr. Parcial
C15: CONCRETO 21 MPA | D15: KG | F15: 1.03 | G15: =F15*E15 -> 0
C16: SEPAROL N (DESFORMALETEANTE PARA FÁCIL DESENCOFRE DE CONCRETO) | D16: KG | F16: 0.004 | G16: =F16*E16 -> 0
G17: =F17*E17 -> 0
B18: Total Materiales | G18: =SUM(G15:G17) -> 0
B20: Equipos
B21: Código | C21: Descripción | D21: U.M. | E21: Vr. Unitario | F21: Cantidad | G21: Vr. Parcial
B22: ABC001 | C22: HERRAMIENTA Y EQUIPO MENOR | D22: % | E22: =$G$32 -> 0 | F22: 0.03 | G22: =F22*E22 -> 0
C23: FORMALETA | D23: UND | F23: 0.04 | G23: =F23*E23 -> 0
C24: VIBRADOR ELECTRICO | D24: DIA | F24: 0.12 | G24: =F24*E24 -> 0
G25: =F25*E25 -> 0
B26: Total Equipos | G26: =SUM(G22:G25) -> 0
B28: Mano de Obra
B29: Código | C29: Descripción | D29: U.M. | E29: Vr. Unitario | F29: Cantidad | G29: Vr. Parcial
C30: CUADRILLA DE CONSTRUCCIÓN TIPO 1 (1 OFICIAL + 1 AYUDANTE) | D30: HC | F30: 12.5 | G30: =F30*E30 -> 0
G31: =F31*E31 -> 0
B32: Total Mano de Obra | G32: =SUM(G30:G31) -> 0
B34: Transporte
B35: Código | C35: Descripción | D35: U.M. | E35: Vr. Unitario | F35: Cantidad | G35: Vr. Parcial
G37: =F37*E37 -> 0
B38: Total Transporte | G38: =SUM(G36:G37) -> 0
B40: Total Costos Directo | G40: =ROUND(G38+G32+G26+G18,0) -> 0
B41: Factor Incremento | F41: 1 | G41: =G40*F41 -> 0
B42: Administracion | F42: 0.1561 | G42: =F42*G41 -> 0
B43: Imprevistos | F43: 0 | G43: =F43*G41 -> 0
B44: Utilidad | F44: 0.05 | G44: =F44*G41 -> 0
B45: IVA Sobre la Utilidad | F45: 0.19 | G45: =F45*G44 -> 0
B47: TOTAL | G47: =G45+G44+G43+G42+G41 -> 0

Sheet M-6.06
B4: MEMORIA DE CANTIDAD
B6: Nombre del Proyecto | C6: MANTENIMIENTO Y RESTAURACIÓN FACHADAS Y REFORMA BLOQUE 13, 14 Y ZONAS VERDES ALEDAÑAS CAMPUS VALLE DEL LILI | E6: Fecha | F6: SEPT 2026 | G6: Versión | H6: PRELIMINAR
B7: Objeto Proyecto | C7: CONTRATO A TODO COSTO PARA LA REPARACIÓN, MANTENIMIENTO Y RESTAURACIÓN DE LAS FACHADAS Y REFORMA DEL BLOQUE 13 (COLISEO), BLOQUE 14 (CENTRO CULTURAL) Y ADECUACIÓN ZONAS VERDE CONJUNTA, DE LA UNIVERSIDAD LIBRE - SECCIONAL CALI | E7: Capítulo | F7: ='6.06'!E8 -> 6. CIMENTACIÓN, ESTRUCTURA MÉTALICA Y ENTREPISO
B8: Contratista | C8: POR DEFINIR
B9: Código | C9: ="M-" & '6.06'!C9 -> M-6.06
B10: Actividad | C10: ='6.06'!C10 -> SUMINISTRO Y VACIADO DE CONCRETO DE 21 MPA PARA REFORZAMIENTO DE ZAPATAS EXISTENTES (SOBREZAPATAS) Y PEDESTALES
B11: Unidad Medida | C11: ='6.06'!C11 -> M3
B13: DESCRIPCIÓN | C13: DIMENSIONES
C14: LONGITUD m | D14: ANCHO m | E14: ALTURA m | F14: =C11 -> M3 | G14: N° DE UNIDADES | H14: SUBTOTAL
B15: ZAPATAS | F15: 4.1 | G15: 1 | H15: =F15*G15 -> 4.1
B16: PEDESTALES | F16: 3.1 | G16: 1 | H16: =F16*G16 -> 3.1
B20: SUBTOTAL | H20: =SUM(H15:H19) -> 7.2
B21: TOTAL | H21: =H20 -> 7.2
B24: REGISTRO FOTOGRÁFICO DE OBRA

Sheet 6.10
B4: ANALISIS DE PRECIOS UNITARIOS
B6: Nombre del Proyecto | C6: MANTENIMIENTO Y RESTAURACIÓN FACHADAS Y REFORMA BLOQUE 13, 14 Y ZONAS VERDES ALEDAÑAS CAMPUS VALLE DEL LILI | D6: Fecha | E6: SEPT 2026 | F6: Versión | G6: PRELIMINAR
B7: Objeto Proyecto | C7: CONTRATO A TODO COSTO PARA LA REPARACIÓN, MANTENIMIENTO Y RESTAURACIÓN DE LAS FACHADAS Y REFORMA DEL BLOQUE 13 (COLISEO), BLOQUE 14 (CENTRO CULTURAL) Y ADECUACIÓN ZONAS VERDE CONJUNTA, DE LA UNIVERSIDAD LIBRE - SECCIONAL CALI | D7: No. de Contrato | E7: 001
B8: Contratista | C8: POR DEFINIR | D8: Capítulo | E8: 6. CIMENTACIÓN, ESTRUCTURA MÉTALICA Y ENTREPISO
B9: Código | C9: 6.10
B10: Actividad | C10: RELLENO Y COMPACTACIÓN DE MATERIAL SELECCIONADO EN EXCAVACIONES INTERVENIDAS
B11: Unidad Medida | C11: M3
B13: Materiales
B14: Código | C14: Descripción | D14: U.M. | E14: Vr. Unitario | F14: Cantidad | G14: Vr. Parcial
G15: =F15*E15 -> 0
G16: =F16*E16 -> 0
G17: =F17*E17 -> 0
B18: Total Materiales | G18: =SUM(G15:G17) -> 0
B20: Equipos
B21: Código | C21: Descripción | D21: U.M. | E21: Vr. Unitario | F21: Cantidad | G21: Vr. Parcial
B22: ABC001 | C22: HERRAMIENTA Y EQUIPO MENOR | D22: % | E22: =$G$32 -> 0 | F22: 0.03 | G22: =F22*E22 -> 0
G23: =F23*E23 -> 0
G24: =F24*E24 -> 0
G25: =F25*E25 -> 0
B26: Total Equipos | G26: =SUM(G22:G25) -> 0
B28: Mano de Obra
B29: Código | C29: Descripción | D29: U.M. | E29: Vr. Unitario | F29: Cantidad | G29: Vr. Parcial
C30: ='1.04'!$C$27 -> AYUDANTE OBRA | D30: ='1.04'!$D$27 -> HR | F30: 2 | G30: =F30*E30 -> 0
G31: =F31*E31 -> 0
B32: Total Mano de Obra | G32: =SUM(G30:G31) -> 0
B34: Transporte
B35: Código | C35: Descripción | D35: U.M. | E35: Vr. Unitario | F35: Cantidad | G35: Vr. Parcial
G37: =F37*E37 -> 0
B38: Total Transporte | G38: =SUM(G36:G37) -> 0
B40: Total Costos Directo | G40: =ROUND(G38+G32+G26+G18,0) -> 0
B41: Factor Incremento | F41: 1 | G41: =G40*F41 -> 0
B42: Administracion | F42: 0.1561 | G42: =F42*G41 -> 0
B43: Imprevistos | F43: 0 | G43: =F43*G41 -> 0
B44: Utilidad | F44: 0.05 | G44: =F44*G41 -> 0
B45: IVA Sobre la Utilidad | F45: 0.19 | G45: =F45*G44 -> 0
B47: TOTAL | G47: =G45+G44+G43+G42+G41 -> 0

Sheet M-6.10
B4: MEMORIA DE CANTIDAD
B6: Nombre del Proyecto | C6: MANTENIMIENTO Y RESTAURACIÓN FACHADAS Y REFORMA BLOQUE 13, 14 Y ZONAS VERDES ALEDAÑAS CAMPUS VALLE DEL LILI | E6: Fecha | F6: SEPT 2026 | G6: Versión | H6: PRELIMINAR
B7: Objeto Proyecto | C7: CONTRATO A TODO COSTO PARA LA REPARACIÓN, MANTENIMIENTO Y RESTAURACIÓN DE LAS FACHADAS Y REFORMA DEL BLOQUE 13 (COLISEO), BLOQUE 14 (CENTRO CULTURAL) Y ADECUACIÓN ZONAS VERDE CONJUNTA, DE LA UNIVERSIDAD LIBRE - SECCIONAL CALI | E7: Capítulo | F7: ='6.10'!E8 -> 6. CIMENTACIÓN, ESTRUCTURA MÉTALICA Y ENTREPISO
B8: Contratista | C8: POR DEFINIR
B9: Código | C9: ="M-" & '6.10'!C9 -> M-6.10
B10: Actividad | C10: ='6.10'!C10 -> RELLENO Y COMPACTACIÓN DE MATERIAL SELECCIONADO EN EXCAVACIONES INTERVENIDAS
B11: Unidad Medida | C11: ='6.10'!C11 -> M3
B13: DESCRIPCIÓN | C13: DIMENSIONES
C14: LONGITUD m | D14: ANCHO m | E14: ALTURA m | F14: =C11 -> M3 | G14: N° DE UNIDADES | H14: SUBTOTAL
F15: 20 | G15: 1 | H15: =F15*G15 -> 20
B19: SUBTOTAL | H19: =SUM(H15:H18) -> 20
B20: TOTAL | H20: =H19 -> 20
B23: REGISTRO FOTOGRÁFICO DE OBRA

Sheet 6.11
B4: ANALISIS DE PRECIOS UNITARIOS
B6: Nombre del Proyecto | C6: MANTENIMIENTO Y RESTAURACIÓN FACHADAS Y REFORMA BLOQUE 13, 14 Y ZONAS VERDES ALEDAÑAS CAMPUS VALLE DEL LILI | D6: Fecha | E6: SEPT 2026 | F6: Versión | G6: PRELIMINAR
B7: Objeto Proyecto | C7: CONTRATO A TODO COSTO PARA LA REPARACIÓN, MANTENIMIENTO Y RESTAURACIÓN DE LAS FACHADAS Y REFORMA DEL BLOQUE 13 (COLISEO), BLOQUE 14 (CENTRO CULTURAL) Y ADECUACIÓN ZONAS VERDE CONJUNTA, DE LA UNIVERSIDAD LIBRE - SECCIONAL CALI | D7: No. de Contrato | E7: 001
B8: Contratista | C8: POR DEFINIR | D8: Capítulo | E8: 6. CIMENTACIÓN, ESTRUCTURA MÉTALICA Y ENTREPISO
B9: Código | C9: 6.11
B10: Actividad | C10: SUMINISTRO, FABRICACIÓN E INSTALACIÓN DE COLUMNAS EN PERFIL METÁLICO ESTRUCTURAL (IPE, HEB O SIMILAR SEGÚN DISEÑO), INCLUYE CORTE, SOLDADURA, PINTURA ANTICORROSIVA Y TRANSPORTE A OBRA
B11: Unidad Medida | C11: KG
B13: Materiales
B14: Código | C14: Descripción | D14: U.M. | E14: Vr. Unitario | F14: Cantidad | G14: Vr. Parcial
C15: SOLDADURA ELÉCTRICA | D15: KG | F15: 0.02 | G15: =F15*E15 -> 0
C16: DISOLVENTE | D16: GAL | F16: 0.001 | G16: =F16*E16 -> 0
C17: PINTURA ANTICORROSIVA ALQUÍDICA | D17: GAL | F17: 0.006 | G17: =F17*E17 -> 0
C18: PINTURA ESMALTE PINTULUX | D18: GAL | F18: 0.009 | G18: =F18*E18 -> 0
C19: Perfil HEA100 acero A36/A572 Gr50 | D19: KG | F19: 1.03 | G19: =F19*E19 -> 0
G20: =F20*E20 -> 0
B21: Total Materiales | G21: =SUM(G15:G20) -> 0
B23: Equipos
B24: Código | C24: Descripción | D24: U.M. | E24: Vr. Unitario | F24: Cantidad | G24: Vr. Parcial
B25: ABC001 | C25: HERRAMIENTA Y EQUIPO MENOR | D25: % | E25: =$G$38 -> 0 | F25: 0.03 | G25: =F25*E25 -> 0
C26: EQUIPO DE SOLDADURA | D26: DIA | F26: 0.004 | G26: =F26*E26 -> 0
C27: PULIDORA ELÉCTRICA, CARETA CON VISOR, EXTENSIÓN ELÉCTRICA | D27: Un | F27: 0.0002 | G27: =F27*E27 -> 0
C28: MALACATE TIRFOR 1,600 KG CON CABLE DE ACERO | D28: Un | F28: 0.0002 | G28: =F28*E28 -> 0
G29: =F29*E29 -> 0
G30: =F30*E30 -> 0
B31: Total Equipos | G31: =SUM(G25:G30) -> 0
B33: Mano de Obra
B34: Código | C34: Descripción | D34: U.M. | E34: Vr. Unitario | F34: Cantidad | G34: Vr. Parcial
C35: CUADRILLA SOLDADURA | D35: HR | F35: 0.2 | G35: =F35*E35 -> 0
C36: CUADRILLA PINTURA | D36: HR | F36: 0.01 | G36: =F36*E36 -> 0
G37: =F37*E37 -> 0
B38: Total Mano de Obra | G38: =SUM(G35:G37) -> 0
B40: Transporte
B41: Código | C41: Descripción | D41: U.M. | E41: Vr. Unitario | F41: Cantidad | G41: Vr. Parcial
G43: =F43*E43 -> 0
B44: Total Transporte | G44: =SUM(G42:G43) -> 0
B46: Total Costos Directo | G46: =ROUND(G44+G38+G31+G21,0) -> 0
B47: Factor Incremento | F47: 1 | G47: =G46*F47 -> 0
B48: Administracion | F48: 0.1561 | G48: =F48*G47 -> 0
B49: Imprevistos | F49: 0 | G49: =F49*G47 -> 0
B50: Utilidad | F50: 0.05 | G50: =F50*G47 -> 0
B51: IVA Sobre la Utilidad | F51: 0.19 | G51: =F51*G50 -> 0
B53: TOTAL | G53: =G51+G50+G49+G48+G47 -> 0

Sheet M-6.11
B4: MEMORIA DE CANTIDAD
B6: Nombre del Proyecto | C6: MANTENIMIENTO Y RESTAURACIÓN FACHADAS Y REFORMA BLOQUE 13, 14 Y ZONAS VERDES ALEDAÑAS CAMPUS VALLE DEL LILI | E6: Fecha | F6: SEPT 2026 | G6: Versión | H6: PRELIMINAR
B7: Objeto Proyecto | C7: CONTRATO A TODO COSTO PARA LA REPARACIÓN, MANTENIMIENTO Y RESTAURACIÓN DE LAS FACHADAS Y REFORMA DEL BLOQUE 13 (COLISEO), BLOQUE 14 (CENTRO CULTURAL) Y ADECUACIÓN ZONAS VERDE CONJUNTA, DE LA UNIVERSIDAD LIBRE - SECCIONAL CALI | E7: Capítulo | F7: ='6.11'!E8 -> 6. CIMENTACIÓN, ESTRUCTURA MÉTALICA Y ENTREPISO
B8: Contratista | C8: POR DEFINIR
B9: Código | C9: ="M-" & '6.11'!C9 -> M-6.11
B10: Actividad | C10: ='6.11'!C10 -> SUMINISTRO, FABRICACIÓN E INSTALACIÓN DE COLUMNAS EN PERFIL METÁLICO ESTRUCTURAL (IPE, HEB O SIMILAR SEGÚN DISEÑO), INCLUYE CORTE, SOLDADURA, PINTURA ANTICORROSIVA Y TRANSPORTE A OBRA
B11: Unidad Medida | C11: ='6.11'!C11 -> KG
B13: DESCRIPCIÓN | C13: DIMENSIONES
C14: LONGITUD m | D14: ANCHO m | E14: ALTURA m | F14: =C11 -> KG | G14: N° DE UNIDADES | H14: SUBTOTAL
B15: PESO VIGAS | F15: 3500 | G15: 1 | H15: =F15*G15 -> 3500
B19: SUBTOTAL | H19: =SUM(H15:H18) -> 3500
B20: TOTAL | H20: =H19 -> 3500
B23: REGISTRO FOTOGRÁFICO DE OBRA

Sheet 6.12
B4: ANALISIS DE PRECIOS UNITARIOS
B6: Nombre del Proyecto | C6: MANTENIMIENTO Y RESTAURACIÓN FACHADAS Y REFORMA BLOQUE 13, 14 Y ZONAS VERDES ALEDAÑAS CAMPUS VALLE DEL LILI | D6: Fecha | E6: SEPT 2026 | F6: Versión | G6: PRELIMINAR
B7: Objeto Proyecto | C7: CONTRATO A TODO COSTO PARA LA REPARACIÓN, MANTENIMIENTO Y RESTAURACIÓN DE LAS FACHADAS Y REFORMA DEL BLOQUE 13 (COLISEO), BLOQUE 14 (CENTRO CULTURAL) Y ADECUACIÓN ZONAS VERDE CONJUNTA, DE LA UNIVERSIDAD LIBRE - SECCIONAL CALI | D7: No. de Contrato | E7: 001
B8: Contratista | C8: POR DEFINIR | D8: Capítulo | E8: 6. CIMENTACIÓN, ESTRUCTURA MÉTALICA Y ENTREPISO
B9: Código | C9: 6.12
B10: Actividad | C10: SUMINISTRO, FABRICACIÓN E INSTALACIÓN DE VIGAS, CORREAS METÁLICAS, INCLUYE CORTE, SOLDADURA, CONEXIONES, PLATINAS DE UNIÓN, RIGIDIZADORES Y ELEMENTOS DE EMPALME ENTRE PERFILES METÁLICOS. PINTURA ANTICORROSIVA Y TRANSPORTE A OBRA
B11: Unidad Medida | C11: KG
B13: Materiales
B14: Código | C14: Descripción | D14: U.M. | E14: Vr. Unitario | F14: Cantidad | G14: Vr. Parcial
C15: SOLDADURA ELÉCTRICA | D15: KG | F15: 0.02 | G15: =F15*E15 -> 0
C16: DISOLVENTE | D16: GAL | F16: 0.001 | G16: =F16*E16 -> 0
C17: PINTURA ANTICORROSIVA ALQUÍDICA | D17: GAL | F17: 0.006 | G17: =F17*E17 -> 0
C18: PINTURA ESMALTE PINTULUX | D18: GAL | F18: 0.009 | G18: =F18*E18 -> 0
C19: Perfil HEA100 acero A36/A572 Gr50 | D19: KG | F19: 1.03 | G19: =F19*E19 -> 0
G20: =F20*E20 -> 0
B21: Total Materiales | G21: =SUM(G15:G20) -> 0
B23: Equipos
B24: Código | C24: Descripción | D24: U.M. | E24: Vr. Unitario | F24: Cantidad | G24: Vr. Parcial
B25: ABC001 | C25: HERRAMIENTA Y EQUIPO MENOR | D25: % | E25: =$G$38 -> 0 | F25: 0.03 | G25: =F25*E25 -> 0
C26: EQUIPO DE SOLDADURA | D26: DIA | F26: 0.004 | G26: =F26*E26 -> 0
C27: PULIDORA ELÉCTRICA, CARETA CON VISOR, EXTENSIÓN ELÉCTRICA | D27: Un | F27: 0.0002 | G27: =F27*E27 -> 0
C28: MALACATE TIRFOR 1,600 KG CON CABLE DE ACERO | D28: Un | F28: 0.0002 | G28: =F28*E28 -> 0
C29: ANDAMIOS PARA SOPORTE | D29: DIA | F29: 0.06 | G29: =F29*E29 -> 0
G30: =F30*E30 -> 0
B31: Total Equipos | G31: =SUM(G25:G30) -> 0
B33: Mano de Obra
B34: Código | C34: Descripción | D34: U.M. | E34: Vr. Unitario | F34: Cantidad | G34: Vr. Parcial
C35: CUADRILLA SOLDADURA | D35: HR | F35: 0.2 | G35: =F35*E35 -> 0
C36: CUADRILLA PINTURA | D36: HR | F36: 0.01 | G36: =F36*E36 -> 0
G37: =F37*E37 -> 0
B38: Total Mano de Obra | G38: =SUM(G35:G37) -> 0
B40: Transporte
B41: Código | C41: Descripción | D41: U.M. | E41: Vr. Unitario | F41: Cantidad | G41: Vr. Parcial
G43: =F43*E43 -> 0
B44: Total Transporte | G44: =SUM(G42:G43) -> 0
B46: Total Costos Directo | G46: =ROUND(G44+G38+G31+G21,0) -> 0
B47: Factor Incremento | F47: 1 | G47: =G46*F47 -> 0
B48: Administracion | F48: 0.1561 | G48: =F48*G47 -> 0
B49: Imprevistos | F49: 0 | G49: =F49*G47 -> 0
B50: Utilidad | F50: 0.05 | G50: =F50*G47 -> 0
B51: IVA Sobre la Utilidad | F51: 0.19 | G51: =F51*G50 -> 0
B53: TOTAL | G53: =G51+G50+G49+G48+G47 -> 0

Sheet M-6.12
B4: MEMORIA DE CANTIDAD
B6: Nombre del Proyecto | C6: MANTENIMIENTO Y RESTAURACIÓN FACHADAS Y REFORMA BLOQUE 13, 14 Y ZONAS VERDES ALEDAÑAS CAMPUS VALLE DEL LILI | E6: Fecha | F6: SEPT 2026 | G6: Versión | H6: PRELIMINAR
B7: Objeto Proyecto | C7: CONTRATO A TODO COSTO PARA LA REPARACIÓN, MANTENIMIENTO Y RESTAURACIÓN DE LAS FACHADAS Y REFORMA DEL BLOQUE 13 (COLISEO), BLOQUE 14 (CENTRO CULTURAL) Y ADECUACIÓN ZONAS VERDE CONJUNTA, DE LA UNIVERSIDAD LIBRE - SECCIONAL CALI | E7: Capítulo | F7: ='6.12'!E8 -> 6. CIMENTACIÓN, ESTRUCTURA MÉTALICA Y ENTREPISO
B8: Contratista | C8: POR DEFINIR
B9: Código | C9: ="M-" & '6.12'!C9 -> M-6.12
B10: Actividad | C10: ='6.12'!C10 -> SUMINISTRO, FABRICACIÓN E INSTALACIÓN DE VIGAS, CORREAS METÁLICAS, INCLUYE CORTE, SOLDADURA, CONEXIONES, PLATINAS DE UNIÓN, RIGIDIZADORES Y ELEMENTOS DE EMPALME ENTRE PERFILES METÁLICOS. PINTURA ANTICORROSIVA Y TRANSPORTE A OBRA
B11: Unidad Medida | C11: ='6.12'!C11 -> KG
B13: DESCRIPCIÓN | C13: DIMENSIONES
C14: LONGITUD m | D14: ANCHO m | E14: ALTURA m | F14: =C11 -> KG | G14: N° DE UNIDADES | H14: SUBTOTAL
B15: VIGAS PRINCIPALES | F15: 5000 | G15: 1 | H15: =F15*G15 -> 5000
B16: VIGAS SECUNDARIAS Y CORREAS | F16: 1100 | G16: 1 | H16: =F16*G16 -> 1100
B17: CONEXIONES, PLATINAS DE UNIÓN, RIGIDIZADORES Y ELEMENTOS DE EMPALME ENTRE PERFILES METÁLICOS | F17: 900 | G17: 1 | H17: =F17*G17 -> 900
B20: SUBTOTAL | H20: =SUM(H15:H19) -> 7000
B21: TOTAL | H21: =H20 -> 7000
B24: REGISTRO FOTOGRÁFICO DE OBRA

Sheet 6.13
C2: PRESUPUESTO DE OBRA SERVICIOS GENERALES SECCIONAL CALI
B4: ANALISIS DE PRECIOS UNITARIOS
B6: Nombre del Proyecto | C6: MANTENIMIENTO Y RESTAURACIÓN FACHADAS Y REFORMA BLOQUE 13, 14 Y ZONAS VERDES ALEDAÑAS CAMPUS VALLE DEL LILI | D6: Fecha | E6: SEPT 2026 | F6: Versión | G6: PRELIMINAR
B7: Objeto Proyecto | C7: CONTRATO A TODO COSTO PARA LA REPARACIÓN, MANTENIMIENTO Y RESTAURACIÓN DE LAS FACHADAS Y REFORMA DEL BLOQUE 13 (COLISEO), BLOQUE 14 (CENTRO CULTURAL) Y ADECUACIÓN ZONAS VERDE CONJUNTA, DE LA UNIVERSIDAD LIBRE - SECCIONAL CALI | D7: No. de Contrato | E7: 001
B8: Contratista | C8: POR DEFINIR | D8: Capítulo | E8: 6. CIMENTACIÓN, ESTRUCTURA MÉTALICA Y ENTREPISO
B9: Código | C9: 6.13
B10: Actividad | C10: SUMINISTRO E INSTALACIÓN DE STEEL DECK (LÁMINA COLABORANTE) + MALLA ELECTROSOLDADA SEGÚN DISEÑO ESTRUCTURAL, SUMINISTRO Y VACIADO DE CONCRETO DE 21 MPA PARA LOSA NUEVA, INCLUYE VIBRADO Y CURADO
B11: Unidad Medida | C11: M2
B13: Materiales
B14: Código | C14: Descripción | D14: U.M. | E14: Vr. Unitario | F14: Cantidad | G14: Vr. Parcial
C15: DECK STEEL 3" GRADO 40 CAL. 22 | D15: M2 | F15: 1.05 | G15: =F15*E15 -> 0
C16: CONECTOR PARA DECK STEEL | D16: UND | F16: 4 | G16: =F16*E16 -> 0
C17: CONCRETO 20.7 MPA (PREMEZCLADO) | D17: M3 | F17: 0.101 | G17: =F17*E17 -> 0
C18: ANTISOL BLANCO (CURADOR PARA CONCRETO Y MORTERO BASE AGUA) | D18: KG | F18: 0.06 | G18: =F18*E18 -> 0
C19: MALLA ELECTROSOLDADA 4.0 MM 15X15 CM | D19: m2 | F19: 1.03 | G19: =F19*E19 -> 0
C20: ALAMBRE NEGRO CAL. 18 | D20: Kg | F20: 0.032 | G20: =F20*E20 -> 0
C21: DISTANCIADOR DE CONCRETO | D21: Un | F21: 6 | G21: =F21*E21 -> 0
G22: =F22*E22 -> 0
B23: Total Materiales | G23: =SUM(G15:G22) -> 0
B25: Equipos
B26: Código | C26: Descripción | D26: U.M. | E26: Vr. Unitario | F26: Cantidad | G26: Vr. Parcial
B27: ABC001 | C27: HERRAMIENTA Y EQUIPO MENOR | D27: % | E27: =$G$40 -> 0 | F27: 0.03 | G27: =F27*E27 -> 0
C28: TACO METÁLICO DE 2.00 A 3.30 M | D28: DIA | F28: 4 | G28: =F28*E28 -> 0
C29: TIJERA TACO METÁLICO | D29: DIA | F29: 1.33 | G29: =F29*E29 -> 0
C30: VIBRADOR ELÉCTRICO PARA CONCRETO | D30: DIA | F30: 0.0625 | G30: =F30*E30 -> 0
C31: SERVICIO DE BOMBA CONCRETO PREMEZCLADO | D31: M3 | F31: 0.15 | G31: =F31*E31 -> 0
G32: =F32*E32 -> 0
B33: Total Equipos | G33: =SUM(G27:G32) -> 0
B35: Mano de Obra
B36: Código | C36: Descripción | D36: U.M. | E36: Vr. Unitario | F36: Cantidad | G36: Vr. Parcial
B37: C1301004 | C37: CUADRILLA DE CONSTRUCCIÓN TIPO 4 (1 OFICIAL + 4 AYUDANTES) | D37: HC | F37: 1.5 | G37: =F37*E37 -> 0
G38: =F38*E38 -> 0
G39: =F39*E39 -> 0
B40: Total Mano de Obra | G40: =SUM(G37:G39) -> 0
B42: Transporte
B43: Código | C43: Descripción | D43: U.M. | E43: Vr. Unitario | F43: Cantidad | G43: Vr. Parcial
G45: =F45*E45 -> 0
B46: Total Transporte | G46: =SUM(G44:G45) -> 0
B48: Total Costos Directo | G48: =ROUND(G46+G40+G33+G23,0) -> 0
B49: Factor Incremento | F49: 1 | G49: =G48*F49 -> 0
B50: Administracion | F50: 0.1561 | G50: =F50*G49 -> 0
B51: Imprevistos | F51: 0 | G51: =F51*G49 -> 0
B52: Utilidad | F52: 0.05 | G52: =F52*G49 -> 0
B53: IVA Sobre la Utilidad | F53: 0.19 | G53: =F53*G52 -> 0
B55: TOTAL | G55: =G53+G52+G51+G50+G49 -> 0

Sheet M-6.13
D2: PRESUPUESTO DE OBRA SERVICIOS GENERALES SECCIONAL CALI
B4: MEMORIA DE CANTIDAD
B6: Nombre del Proyecto | C6: MANTENIMIENTO Y RESTAURACIÓN FACHADAS Y REFORMA BLOQUE 13, 14 Y ZONAS VERDES ALEDAÑAS CAMPUS VALLE DEL LILI | E6: Fecha | F6: SEPT 2026 | G6: Versión | H6: PRELIMINAR
B7: Objeto Proyecto | C7: CONTRATO A TODO COSTO PARA LA REPARACIÓN, MANTENIMIENTO Y RESTAURACIÓN DE LAS FACHADAS Y REFORMA DEL BLOQUE 13 (COLISEO), BLOQUE 14 (CENTRO CULTURAL) Y ADECUACIÓN ZONAS VERDE CONJUNTA, DE LA UNIVERSIDAD LIBRE - SECCIONAL CALI | E7: Capítulo | F7: ='6.13'!E8 -> 6. CIMENTACIÓN, ESTRUCTURA MÉTALICA Y ENTREPISO
B8: Contratista | C8: POR DEFINIR
B9: Código | C9: ="M-" & '6.13'!C9 -> M-6.13
B10: Actividad | C10: ='6.13'!C10 -> SUMINISTRO E INSTALACIÓN DE STEEL DECK (LÁMINA COLABORANTE) + MALLA ELECTROSOLDADA SEGÚN DISEÑO ESTRUCTURAL, SUMINISTRO Y VACIADO DE CONCRETO DE 21 MPA PARA LOSA NUEVA, INCLUYE VIBRADO Y CURADO
B11: Unidad Medida | C11: ='6.13'!C11 -> M2
B13: DESCRIPCIÓN | C13: DIMENSIONES
C14: LONGITUD m | D14: ANCHO m | E14: ALTURA m | F14: =C11 -> M2 | G14: N° DE UNIDADES | H14: SUBTOTAL
B15: LOSA | F15: 110 | G15: 1 | H15: =F15*G15 -> 110
B18: SUBTOTAL | H18: =SUM(H15:H17) -> 110
B19: TOTAL | H19: =H18 -> 110
B22: REGISTRO FOTOGRÁFICO DE OBRA

Sheet 7.01
C2: PRESUPUESTO DE OBRA SERVICIOS GENERALES SECCIONAL CALI
B4: ANALISIS DE PRECIOS UNITARIOS
B6: Nombre del Proyecto | C6: MANTENIMIENTO Y RESTAURACIÓN FACHADAS Y REFORMA BLOQUE 13, 14 Y ZONAS VERDES ALEDAÑAS CAMPUS VALLE DEL LILI | D6: Fecha | E6: SEPT 2026 | F6: Versión | G6: PRELIMINAR
B7: Objeto Proyecto | C7: CONTRATO A TODO COSTO PARA LA REPARACIÓN, MANTENIMIENTO Y RESTAURACIÓN DE LAS FACHADAS Y REFORMA DEL BLOQUE 13 (COLISEO), BLOQUE 14 (CENTRO CULTURAL) Y ADECUACIÓN ZONAS VERDE CONJUNTA, DE LA UNIVERSIDAD LIBRE - SECCIONAL CALI | D7: No. de Contrato | E7: 001
B8: Contratista | C8: POR DEFINIR | D8: Capítulo | E8: 7. ACABADO DE PISOS INTERNOS TORRE 13
B9: Código | C9: 7.01
B10: Actividad | C10: SUMINISTRO E INSTALACION PISO NEOPRENO 61X61 NEGRO AREA GIMNASIO
B11: Unidad Medida | C11: M2
B13: Materiales
B14: Código | C14: Descripción | D14: U.M. | E14: Vr. Unitario | F14: Cantidad | G14: Vr. Parcial
C15: =UPPER("Loseta de caucho") -> LOSETA DE CAUCHO | D15: M2 | F15: 1.05 | G15: =F15*E15 -> 0
C16: =UPPER("Adhesivo - Pegante acrílico para caucho") -> ADHESIVO - PEGANTE ACRÍLICO PARA CAUCHO | D16: KG | F16: 0.25 | G16: =F16*E16 -> 0
G17: =F17*E17 -> 0
B18: Total Materiales | G18: =SUM(G15:G17) -> 0
B20: Equipos
B21: Código | C21: Descripción | D21: U.M. | E21: Vr. Unitario | F21: Cantidad | G21: Vr. Parcial
B22: ABC001 | C22: HERRAMIENTA Y EQUIPO MENOR | D22: % | E22: =$G$30 -> 0 | F22: 0.03 | G22: =F22*E22 -> 0
G23: =F23*E23 -> 0
B24: Total Equipos | G24: =SUM(G22:G23) -> 0
B26: Mano de Obra
B27: Código | C27: Descripción | D27: U.M. | E27: Vr. Unitario | F27: Cantidad | G27: Vr. Parcial
C28: ='1.05'!$C$32 -> CUADRILLA DE CONSTRUCCIÓN TIPO 1 (1 OFICIAL + 1 AYUDANTE) | D28: ='1.05'!$D$32 -> HC | F28: 0.6 | G28: =F28*E28 -> 0
G29: =F29*E29 -> 0
B30: Total Mano de Obra | G30: =SUM(G28:G29) -> 0
B32: Transporte
B33: Código | C33: Descripción | D33: U.M. | E33: Vr. Unitario | F33: Cantidad | G33: Vr. Parcial
G35: =F35*E35 -> 0
B36: Total Transporte | G36: =SUM(G34:G35) -> 0
B38: Total Costos Directo | G38: =ROUND(G36+G30+G24+G18,0) -> 0
B39: Factor Incremento | F39: 1 | G39: =G38*F39 -> 0
B40: Administracion | F40: 0.1561 | G40: =F40*G39 -> 0
B41: Imprevistos | F41: 0 | G41: =F41*G39 -> 0
B42: Utilidad | F42: 0.05 | G42: =F42*G39 -> 0
B43: IVA Sobre la Utilidad | F43: 0.19 | G43: =F43*G42 -> 0
B45: TOTAL | G45: =G43+G42+G41+G40+G39 -> 0

Sheet M-7.01
D2: PRESUPUESTO DE OBRA SERVICIOS GENERALES SECCIONAL CALI
B4: MEMORIA DE CANTIDAD
B6: Nombre del Proyecto | C6: MANTENIMIENTO Y RESTAURACIÓN FACHADAS Y REFORMA BLOQUE 13, 14 Y ZONAS VERDES ALEDAÑAS CAMPUS VALLE DEL LILI | E6: Fecha | F6: SEPT 2026 | G6: Versión | H6: PRELIMINAR
B7: Objeto Proyecto | C7: CONTRATO A TODO COSTO PARA LA REPARACIÓN, MANTENIMIENTO Y RESTAURACIÓN DE LAS FACHADAS Y REFORMA DEL BLOQUE 13 (COLISEO), BLOQUE 14 (CENTRO CULTURAL) Y ADECUACIÓN ZONAS VERDE CONJUNTA, DE LA UNIVERSIDAD LIBRE - SECCIONAL CALI | E7: Capítulo | F7: ='7.01'!E8 -> 7. ACABADO DE PISOS INTERNOS TORRE 13
B8: Contratista | C8: POR DEFINIR
B9: Código | C9: ="M-" & '7.01'!C9 -> M-7.01
B10: Actividad | C10: ='7.01'!C10 -> SUMINISTRO E INSTALACION PISO NEOPRENO 61X61 NEGRO AREA GIMNASIO
B11: Unidad Medida | C11: ='7.01'!C11 -> M2
B13: DESCRIPCIÓN | C13: DIMENSIONES
C14: LONGITUD m | D14: ANCHO m | E14: ALTURA m | F14: =C11 -> M2 | G14: N° DE UNIDADES | H14: SUBTOTAL
B15: PSIO GYM | F15: 107 | G15: 1 | H15: =F15*G15 -> 107
B18: SUBTOTAL | H18: =SUM(H15:H17) -> 107
B19: TOTAL | H19: =H18 -> 107
B22: REGISTRO FOTOGRÁFICO DE OBRA

Sheet 7.02
C2: PRESUPUESTO DE OBRA SERVICIOS GENERALES SECCIONAL CALI
B4: ANALISIS DE PRECIOS UNITARIOS
B6: Nombre del Proyecto | C6: MANTENIMIENTO Y RESTAURACIÓN FACHADAS Y REFORMA BLOQUE 13, 14 Y ZONAS VERDES ALEDAÑAS CAMPUS VALLE DEL LILI | D6: Fecha | E6: SEPT 2026 | F6: Versión | G6: PRELIMINAR
B7: Objeto Proyecto | C7: CONTRATO A TODO COSTO PARA LA REPARACIÓN, MANTENIMIENTO Y RESTAURACIÓN DE LAS FACHADAS Y REFORMA DEL BLOQUE 13 (COLISEO), BLOQUE 14 (CENTRO CULTURAL) Y ADECUACIÓN ZONAS VERDE CONJUNTA, DE LA UNIVERSIDAD LIBRE - SECCIONAL CALI | D7: No. de Contrato | E7: 001
B8: Contratista | C8: POR DEFINIR | D8: Capítulo | E8: 7. ACABADO DE PISOS INTERNOS TORRE 13
B9: Código | C9: 7.02
B10: Actividad | C10: SUMINISTRO E INSTALACION PISO LAMINADO WATER RESIST 8 MM BREMEN CAJA 1.97 M2 HOLZTEK ZONA RECREACION ACTIVA PISO 1
B11: Unidad Medida | C11: M2
B13: Materiales
B14: Código | C14: Descripción | D14: U.M. | E14: Vr. Unitario | F14: Cantidad | G14: Vr. Parcial
C15: =UPPER("Piso Laminado Water Resist 8 mm Munste Caja 1.97 m2 Holztek") -> PISO LAMINADO WATER RESIST 8 MM MUNSTE CAJA 1.97 M2 HOLZTEK | D15: M2 | F15: 1.05 | G15: =F15*E15 -> 0
C16: =UPPER("Espuma Niveladora Polietileno 2mm") -> ESPUMA NIVELADORA POLIETILENO 2MM | D16: KG | F16: 0.25 | G16: =F16*E16 -> 0
G17: =F17*E17 -> 0
B18: Total Materiales | G18: =SUM(G15:G17) -> 0
B20: Equipos
B21: Código | C21: Descripción | D21: U.M. | E21: Vr. Unitario | F21: Cantidad | G21: Vr. Parcial
B22: ABC001 | C22: HERRAMIENTA Y EQUIPO MENOR | D22: % | E22: =$G$30 -> 0 | F22: 0.03 | G22: =F22*E22 -> 0
G23: =F23*E23 -> 0
B24: Total Equipos | G24: =SUM(G22:G23) -> 0
B26: Mano de Obra
B27: Código | C27: Descripción | D27: U.M. | E27: Vr. Unitario | F27: Cantidad | G27: Vr. Parcial
C28: ='1.05'!$C$32 -> CUADRILLA DE CONSTRUCCIÓN TIPO 1 (1 OFICIAL + 1 AYUDANTE) | D28: ='1.05'!$D$32 -> HC | E28: ='1.05'!$E$32 -> 0 | F28: 0.6 | G28: =F28*E28 -> 0
G29: =F29*E29 -> 0
B30: Total Mano de Obra | G30: =SUM(G28:G29) -> 0
B32: Transporte
B33: Código | C33: Descripción | D33: U.M. | E33: Vr. Unitario | F33: Cantidad | G33: Vr. Parcial
G35: =F35*E35 -> 0
B36: Total Transporte | G36: =SUM(G34:G35) -> 0
B38: Total Costos Directo | G38: =ROUND(G36+G30+G24+G18,0) -> 0
B39: Factor Incremento | F39: 1 | G39: =G38*F39 -> 0
B40: Administracion | F40: 0.1561 | G40: =F40*G39 -> 0
B41: Imprevistos | F41: 0 | G41: =F41*G39 -> 0
B42: Utilidad | F42: 0.05 | G42: =F42*G39 -> 0
B43: IVA Sobre la Utilidad | F43: 0.19 | G43: =F43*G42 -> 0
B45: TOTAL | G45: =G43+G42+G41+G40+G39 -> 0

Sheet M-7.02
D2: PRESUPUESTO DE OBRA SERVICIOS GENERALES SECCIONAL CALI
B4: MEMORIA DE CANTIDAD
B6: Nombre del Proyecto | C6: MANTENIMIENTO Y RESTAURACIÓN FACHADAS Y REFORMA BLOQUE 13, 14 Y ZONAS VERDES ALEDAÑAS CAMPUS VALLE DEL LILI | E6: Fecha | F6: SEPT 2026 | G6: Versión | H6: PRELIMINAR
B7: Objeto Proyecto | C7: CONTRATO A TODO COSTO PARA LA REPARACIÓN, MANTENIMIENTO Y RESTAURACIÓN DE LAS FACHADAS Y REFORMA DEL BLOQUE 13 (COLISEO), BLOQUE 14 (CENTRO CULTURAL) Y ADECUACIÓN ZONAS VERDE CONJUNTA, DE LA UNIVERSIDAD LIBRE - SECCIONAL CALI | E7: Capítulo | F7: ='7.02'!E8 -> 7. ACABADO DE PISOS INTERNOS TORRE 13
B8: Contratista | C8: POR DEFINIR
B9: Código | C9: ="M-" & '7.02'!C9 -> M-7.02
B10: Actividad | C10: ='7.02'!C10 -> SUMINISTRO E INSTALACION PISO LAMINADO WATER RESIST 8 MM BREMEN CAJA 1.97 M2 HOLZTEK ZONA RECREACION ACTIVA PISO 1
B11: Unidad Medida | C11: ='7.02'!C11 -> M2
